Workbook

Sheet resumo
B2: RECEITAS | E2: DESPESAS | H2: DIFERENÇA
B4: RECEITAS DE CUSTEIO | C4: =SUM(C6:C15) -> 3923547.2 | E4: DESPESAS DE CUSTEIO | F4: =SUM(F6:F16) -> 3786313.6 | H4: =C4-F4 -> 137233.66
B6: RECEITAS SOCIAIS | C6: =D7+D8 -> 2994116.5 | E6: ADMINISTRATIVAS | F6: =SUM(G7:G11) -> 2690696.1 | H6: =C6-F6 -> 303420.42
B7: CONTRIBUIÇÕES SOCIAIS | D7: =Budget!BF11 -> 2015935.7 | E7: PESSOAL | G7: =Budget!BF53 -> 1812646.8
B8: RECEITAS DE SERVIÇOS DIVERSOS | D8: =Budget!BF16 -> 978180.75 | E8: OPERACIONAIS | G8: =Budget!BF66+Budget!BF68+Budget!BF76+Budget!BF83 -> 616358.23
E9: MANUTENÇÃO | G9: =Budget!BF149 -> 145035
B10: =D7+SUM(Budget!BF17:BF20) -> 2897714.7 | E10: IMPOSTOS E TAXAS | G10: =Budget!BF156 -> 46275.563
E11: ASSOCIAÇÕES | G11: =Budget!BF108 -> 70380.431
B13: ESCOLA DE VELA | C13: =Budget!BF25 -> 547050 | F13: =Budget!BF114 -> 521000 | H13: =C13-F13 -> 26049.998
B14: DIRETORIA DE VELA | C14: =Budget!BF37 -> 319400 | F14: =Budget!BF133 -> 409029.9 | H14: =C14-F14 -> -89629.9
B15: DDIRETORIA SOCIAL | C15: =Budget!BF46+Budget!BF47 -> 62980.73 | F15: =Budget!BF93 -> 105587.59 | H15: =C15-F15 -> -42606.86
B16: COPA DA JUVENTUDE | E16: COPA DA JUVENTUDE | F16: =Budget!BF161 -> 60000 | H16: =C16-F16 -> -60000
B18: RECEITAS FINANCEIRAS | C18: =Budget!BF30 -> 25000 | H18: =C18-F11 -> 25000
B21: REAJUSTE NA MENSALIDADE | C21: =B10*D21 -> 144885.74 | D21: 0.05
B22: SOBRA DE CAIXA 2020 | C22: 330000
B23: RECEITAS EVENTUAIS | C23: =Budget!BF32 -> 381751 | F23: 2021 | G23: 2022 | H23: 2023
B24: RECURSOS PARA INVESTIMENTOS | C24: =C23+C21+C22 -> 856636.74 | E24: INVESTIMENTOS | F24: 852000 | G24: 389000 | H24: 210000

Sheet Budget
BA1: 1.04 | BC1: 1.05
B2: Orçado 2018 | C2: Acumulado JAN A SET/18 | D2: Projeção para o fechamento de 2018 (12meses) | E2: Projeção para 2019 reajuste proposto de 5% | F2: Budget 2019 - mensal | G2: Realizado JAN 19 | H2: % | I2: Realizado FEV19 | J2: % | K2: Realizado MAR19 | L2: % | M2: Realizado ABR19 | N2: % | O2: Realizado MAIO/19 | P2: % | Q2: Realizado JUNHO/19 | R2: % | S2: Realizado JULHO/19 | T2: % | U2: Realizado AGOSTO/19 | V2: % | W2: Realizado SETEMBRO/19 | X2: % | Y2: Total do ano - realizado até setembro 19 | Z2: % | AA2: Média mensal 2019 | AB2: Proposta Mensal 2020 | AG2: 43831 | AH2: % | AI2: 43862 | AJ2: % | AK2: 43891 | AL2: % | AM2: 43891 | AN2: % | AO2: 43922 | AP2: % | AQ2: 43952 | AR2: % | AS2: 43983 | AT2: % | AU2: 44013 | AV2: % | AW2: 44044 | AX2: % | AY2: 44075 | AZ2: % | BA2: ACUMULADO ANO 2020 | BB2: % | BC2: Média mensal 2020 | BD2: Proposta Mesal 2021 | BE2: Proposta anual 2021 | BF2: Proposta 2021 | BG2: Proposta mensal 2021 | BH2: 44197 | BI2: % | BJ2: 44228 | BK2: % | BL2: 44256 | BM2: % | BN2: 44287 | BO2: % | BP2: 44317 | BQ2: % | BR2: 44348 | BS2: % | BT2: 44378 | BU2: % | BV2: 44409 | BW2: % | BX2: 44440 | BY2: % | BZ2: 44470 | CA2: % | CB2: 44501 | CC2: % | CD2: 44531 | CE2: % | CF2: Acumulado | CG2: %
B3: 1.05
B4: 1.1635
B5: 1.04
A6: RECEITAS | B6: 3945761.7 | C6: 2856312.5 | D6: 3785280.2 | E6: 3955083.8 | F6: =E6/12 -> 329590.32 | G6: =G10+G25+G32+G30+G37 -> 353410.1 | H6: =G6/F6 -> 1.0722709 | I6: =I10+I25+I32+I30+I37 -> 375190.77 | J6: =I6/F6 -> 1.138355 | K6: =K10+K25+K32+K30+K37 -> 367103.11 | L6: =K6/F6 -> 1.1138164 | M6: =M10+M25+M32+M30+M37 -> 480878.47 | N6: =M6/F6 -> 1.4590188 | O6: =O10+O25+O32+O30+O37 -> 514094.29 | P6: =O6/$F6 -> 1.5597979 | Q6: =Q10+Q25+Q32+Q30+Q37 -> 440848.04 | R6: =Q6/$F6 -> 1.3375637 | S6: =S10+S25+S32+S30+S37 -> 329226.54 | T6: =S6/$F6 -> 0.99889629 | U6: =U10+U25+U32+U30+U37 -> 450010.97 | V6: =U6/$F6 -> 1.3653647 | W6: =W10+W25+W32+W30+W37 -> 449176.95 | X6: =W6/$F6 -> 1.3628342 | Y6: =G6+I6+K6+M6+O6+Q6+S6+U6+W6 -> 3759939.2 | Z6: =Y6/$E6 -> 0.95065982 | AA6: =(Y6/9) -> 417771.03 | AB6: =AB10+AB25+AB32+AB30+AB37 -> 413892.27 | AC6: 1.06 | AE6: =AB6-AB50 -> 98604.065 | AF6: =AE6*12 -> 1183248.8 | AG6: =AG10+AG25+AG30+AG32+AG37 -> 547002.16 | AH6: =AG6/$AB6 -> 1.3216052 | AI6: =AI10+AI25+AI30+AI32+AI37 -> 657281.86 | AJ6: =AI6/$AB6 -> 1.5880506 | AK6: =AK8+AK10+AK25+AK30+AK32+AK37 -> 0 | AL6: =AK6/$AB6 -> 0 | AM6: =AM10+AM25+AM30+AM32+AM37 -> 361303.3 | AN6: =AM6/$AB6 -> 0.87294044 | AO6: =AO10+AO25+AO30+AO32+AO37 -> 246190.49 | AP6: =AO6/$AB6 -> 0.59481781 | AQ6: =AQ10+AQ25+AQ30+AQ32+AQ37 -> 225547.54 | AR6: =AQ6/$AB6 -> 0.54494263 | AS6: =AS10+AS25+AS30+AS32+AS37 -> 248080.63 | AT6: =AS6/$AB6 -> 0.59938454 | AU6: =AU10+AU25+AU30+AU32+AU37 -> 236782.22 | AV6: =AU6/$AB6 -> 0.57208661 | AW6: =AW10+AW25+AW30+AW32+AW37 -> 320229.77 | AX6: =AW6/$AB6 -> 0.7737032 | AY6: =AY10+AY25+AY30+AY32+AY37 -> 299453.14 | AZ6: =AY6/$AB6 -> 0.72350504 | BA6: =AG6+AI6+AK6+AM6+AO6+AQ6+AS6+AU6+AW6+AY6 -> 3141871.1 | BB6: =BA6/(AB6*12) -> 0.63258633 | BC6: =BA6/9 -> 349096.79 | BD6: =BD10+BD25+BD30+BD32+BD37 -> 459323.34 | BE6: =BD6*12 -> 5511880 | BF6: =BF8+BF32 -> 4330298.2 | BG6: =BF6/12 -> 360858.18 | BH6: =BH8+BH32 -> 384203.66 | BI6: =BH6/$BG6 -> 1.0646943 | BJ6: =BJ8+BJ32 -> 351426.19 | BK6: =BJ6/$BG6 -> 0.97386234 | BL6: =BL8+BL32 -> 329544.8 | BM6: =BL6/$BG6 -> 0.91322522 | BN6: =BN8+BN32 -> 297126.79 | BO6: =BN6/$BG6 -> 0.82338936 | BP6: =BP8+BP32 -> 327244.01 | BQ6: =BP6/$BG6 -> 0.90684936 | BR6: =BR8+BR32 -> 397434.9 | BS6: =BR6/$BG6 -> 1.1013604 | BT6: =BT8+BT32 -> 352440.2 | BU6: =BT6/$BG6 -> 0.97667231 | BV6: =BV8+BV32 -> 374235.62 | BW6: =BV6/$BG6 -> 1.0370712 | BX6: =BX8+BX32 -> 433802.83 | BY6: =BX6/$BG6 -> 1.2021421 | BZ6: 415991.18 | CA6: =BZ6/$BG6 -> 1.152783 | CB6: =CB8+CB32 -> 425349.2 | CC6: =CB6/$BG6 -> 1.1787157 | CD6: =CD8+CD32 -> 470209.31 | CE6: =CD6/$BG6 -> 1.3030308 | CF6: =CF8+CF32 -> 4558442.3 | CG6: =CF6/(BG6*12) -> 1.0526855
AC7: 1.04
A8: RECEITAS DE CUSTEIO | B8: 3158062.9 | C8: 2359478.5 | D8: 3122834.7 | E8: 3276095.1 | F8: =E8/12 -> 273007.92 | G8: =G10+G25+G30+G37 -> 345401.9 | H8: =G8/F8 -> 1.2651717 | I8: =I10+I25+I30+I37 -> 353267.66 | J8: =I8/F8 -> 1.2939832 | K8: =K10+K25+K30+K37 -> 347713.21 | L8: =K8/F8 -> 1.2736378 | M8: =M10+M25+M30+M37 -> 419853.47 | N8: =M8/F8 -> 1.5378802 | O8: =O10+O25+O30+O37 -> 453139.29 | P8: =O8/$F8 -> 1.6598027 | Q8: =Q10+Q25+Q30+Q37 -> 409138.04 | R8: =Q8/$F8 -> 1.4986307 | S8: =S10+S25+S30+S37 -> 316821.54 | T8: =S8/$F8 -> 1.1604848 | U8: =U10+U25+U30+U37 -> 400125.97 | V8: =U8/$F8 -> 1.4656204 | W8: =W10+W25+W30+W37 -> 427241.95 | X8: =W8/$F8 -> 1.5649434 | Y8: =G8+I8+K8+M8+O8+Q8+S8+U8+W8 -> 3472703 | Z8: =Y8/$E8 -> 1.0600129 | AA8: =(Y8/9) -> 385855.89 | AB8: =AB10+AB25+AB30+AB37 -> 386946.28 | AC8: 1.03 | AG8: =AG10+AG25+AG30+AG37 -> 496133.92 | AH8: =AG8/$AB8 -> 1.2821778 | AI8: =AI10+AI25+AI30+AI37 -> 562926.1 | AJ8: =AI8/$AB8 -> 1.4547913 | AK8: =AK10+AK25+AK30+AK37 -> 0 | AL8: =AK8/$AB8 -> 0 | AM8: =AM10+AM25+AM30+AM37 -> 349243.7 | AN8: =AM8/$AB8 -> 0.90256377 | AO8: =AO10+AO25+AO30+AO37 -> 246190.49 | AP8: =AO8/$AB8 -> 0.63623946 | AQ8: =AQ10+AQ25+AQ30+AQ37 -> 225547.54 | AR8: =AQ8/$AB8 -> 0.58289109 | AS8: =AS10+AS25+AS30+AS37 -> 248080.63 | AT8: =AS8/$AB8 -> 0.6411242 | AU8: =AU10+AU25+AU30+AU37 -> 236782.22 | AV8: =AU8/$AB8 -> 0.61192531 | AW8: =AW10+AW25+AW30+AW37 -> 312229.77 | AX8: =AW8/$AB8 -> 0.80690728 | AY8: =AY10+AY25+AY30+AY37 -> 287105.14 | AZ8: =AY8/$AB8 -> 0.74197674 | BA8: =AG8+AI8+AK8+AM8+AO8+AQ8+AS8+AU8+AW8+AY8 -> 2964239.5 | BB8: =BA8/(AB8*12) -> 0.63838308 | BC8: =BA8/9 -> 329359.95 | BD8: =BD10+BD25+BD30+BD37 -> 425338.18 | BE8: =BD8*12 -> 5104058.1 | BF8: =BF10+BF25+BF30+BF37+BF44 -> 3948547.2 | BG8: =BF8/12 -> 329045.6 | BH8: =BH10+BH25+BH30+BH37+BH44 -> 285703.43 | BI8: =BH8/$BG8 -> 0.86827915 | BJ8: =BJ10+BJ25+BJ30+BJ37+BJ44 -> 313705.49 | BK8: =BJ8/$BG8 -> 0.95338 | BL8: =BL10+BL25+BL30+BL37+BL44 -> 310225.83 | BM8: =BL8/$BG8 -> 0.94280496 | BN8: =BN10+BN25+BN30+BN37+BN44 -> 291804.56 | BO8: =BN8/$BG8 -> 0.88682104 | BP8: =BP10+BP25+BP30+BP37+BP44 -> 315879.71 | BQ8: =BP8/$BG8 -> 0.95998765 | BR8: =BR10+BR25+BR30+BR37+BR44 -> 368160.1 | BS8: =BR8/$BG8 -> 1.1188726 | BT8: =BT10+BT25+BT30+BT37+BT44 -> 338947.25 | BU8: =BT8/$BG8 -> 1.030092 | BV8: =BV10+BV25+BV30+BV37+BV44 -> 365761.99 | BW8: =BV8/$BG8 -> 1.1115845 | BX8: =BX10+BX25+BX30+BX37+BX44 -> 363879.52 | BY8: =BX8/$BG8 -> 1.1058635 | BZ8: 374075.87 | CA8: =BZ8/$BG8 -> 1.1368511 | CB8: =CB10+CB25+CB30+CB37+CB44 -> 361177.89 | CC8: =CB8/$BG8 -> 1.097653 | CD8: =CD10+CD25+CD30+CD37+CD44 -> 396342.05 | CE8: =CD8/$BG8 -> 1.2045201 | CF8: =CF10+CF25+CF30+CF37+CF44 -> 4085097.3 | CG8: =CF8/(BG8*12) -> 1.0345824
AC9: 1.1
A10: CONTRIBUIÇÕES SOCIAIS | B10: 2601720.3 | C10: 1872675.1 | D10: 2473763.5 | E10: 2585099.9 | F10: =E10/12 -> 215424.99 | G10: =SUM(G12:G24) -> 248811.85 | H10: =G10/F10 -> 1.1549814 | I10: =SUM(I12:I24) -> 220194.14 | J10: =I10/F10 -> 1.0221383 | K10: =SUM(K12:K24) -> 218196.85 | L10: =K10/F10 -> 1.0128669 | M10: =SUM(M12:M24) -> 212784.52 | N10: =M10/F10 -> 0.98774295 | O10: =SUM(O12:O24) -> 216009.31 | P10: =O10/$F10 -> 1.0027124 | Q10: =SUM(Q12:Q24) -> 217315.49 | R10: =Q10/$F10 -> 1.0087757 | S10: =SUM(S12:S24) -> 219895.33 | T10: =S10/$F10 -> 1.0207513 | U10: =SUM(U12:U24) -> 220217.9 | V10: =U10/$F10 -> 1.0222486 | W10: =SUM(W12:W24) -> 254150.89 | X10: =W10/$F10 -> 1.1797651 | Y10: =G10+I10+K10+M10+O10+Q10+S10+U10+W10 -> 2027576.3 | Z10: =Y10/$E10 -> 0.78433189 | AA10: =(Y10/9) -> 225286.25 | AB10: =SUM(AB12:AB24) -> 236464.87 | AG10: =SUM(AG12:AG24) -> 275379.79 | AH10: =AG10/$AB10 -> 1.1645696 | AI10: =SUM(AI12:AI24) -> 241208.43 | AJ10: =AI10/$AB10 -> 1.0200603 | AK10: =SUM(AK12:AK24) -> 0 | AL10: =AK10/$AB10 -> 0 | AM10: =SUM(AM12:AM24) -> 247352.7 | AN10: =AM10/$AB10 -> 1.0460442 | AO10: =SUM(AO12:AO24) -> 234137.3 | AP10: =AO10/$AB10 -> 0.99015683 | AQ10: =SUM(AQ12:AQ24) -> 211294.18 | AR10: =AQ10/$AB10 -> 0.89355422 | AS10: =SUM(AS12:AS24) -> 230287.33 | AT10: =AS10/$AB10 -> 0.97387544 | AU10: =SUM(AU12:AU24) -> 225952.17 | AV10: =AU10/$AB10 -> 0.95554226 | AW10: =SUM(AW12:AW24) -> 225929.67 | AX10: =AW10/$AB10 -> 0.9554471 | AY10: =SUM(AY12:AY24) -> 224459.13 | AZ10: =AY10/$AB10 -> 0.94922823 | BA10: =AG10+AI10+AK10+AM10+AO10+AQ10+AS10+AU10+AW10+AY10 -> 2116000.7 | BB10: =BA10/(AB10*12) -> 0.74570652 | BC10: =BA10/9 -> 235111.19 | BD10: =SUM(BD12:BD24) -> 245123.2 | BE10: =BD10*12 -> 2941478.3 | BF10: =BF11+BF16 -> 2994116.5 | BG10: =BF10/12 -> 249509.71 | BH10: =BH11+BH16 -> 245541.78 | BI10: =BH10/$BG10 -> 0.98409712 | BJ10: =BJ11+BJ16 -> 256874.45 | BK10: =BJ10/$BG10 -> 1.0295169 | BL10: =BL11+BL16 -> 252787.04 | BM10: =BL10/$BG10 -> 1.0131351 | BN10: =BN11+BN16 -> 251816.76 | BO10: =BN10/$BG10 -> 1.0092463 | BP10: =BP11+BP16 -> 255024.12 | BQ10: =BP10/$BG10 -> 1.022101 | BR10: =BR11+BR16 -> 258725.58 | BS10: =BR10/$BG10 -> 1.0369359 | BT10: =BT11+BT16 -> 251423.54 | BU10: =BT10/$BG10 -> 1.0076704 | BV10: =BV11+BV16 -> 255738.27 | BW10: =BV10/$BG10 -> 1.0249632 | BX10: =BX11+BX16 -> 260068.93 | BY10: =BX10/$BG10 -> 1.0423199 | BZ10: 250275.31 | CA10: =BZ10/$BG10 -> 1.0030684 | CB10: =CB11+CB16 -> 253196.14 | CC10: =CB10/$BG10 -> 1.0147747 | CD10: =CD11+CD16 -> 246037.63 | CE10: =CD10/$BG10 -> 0.98608441 | CF10: =CF11+CF16 -> 3037509.6 | CG10: =CF10/(BG10*12) -> 1.0144928
A11: RECEITAS SOCIAIS | BF11: =SUM(BF12:BF14)+BF15 -> 2015935.7 | BG11: =BF11/12 -> 167994.64 | BH11: =SUM(BH12:BH14)+BH15 -> 172213.26 | BI11: =BH11/$BG11 -> 1.0251116 | BJ11: =SUM(BJ12:BJ14)+BJ15 -> 175503.88 | BK11: =BJ11/$BG11 -> 1.0446993 | BL11: =SUM(BL12:BL14)+BL15 -> 176207.62 | BM11: =BL11/$BG11 -> 1.0488883 | BN11: =SUM(BN12:BN14)+BN15 -> 175995.09 | BO11: =BN11/$BG11 -> 1.0476232 | BP11: =SUM(BP12:BP14)+BP15 -> 175310.86 | BQ11: =BP11/$BG11 -> 1.0435503 | BR11: =SUM(BR12:BR14)+BR15 -> 173744.21 | BS11: =BR11/$BG11 -> 1.0342247 | BT11: =SUM(BT12:BT14)+BT15 -> 174095.1 | BU11: =BT11/$BG11 -> 1.0363134 | BV11: =SUM(BV12:BV14)+BV15 -> 174165.56 | BW11: =BV11/$BG11 -> 1.0367328 | BX11: =SUM(BX12:BX14)+BX15 -> 172061.65 | BY11: =BX11/$BG11 -> 1.0242091 | BZ11: 173696.69 | CA11: =BZ11/$BG11 -> 1.0339418 | CB11: =SUM(CB12:CB14)+CB15 -> 171491.39 | CC11: =CB11/$BG11 -> 1.0208146 | CD11: =SUM(CD12:CD14)+CD15 -> 171421.02 | CE11: =CD11/$BG11 -> 1.0203958 | CF11: =SUM(CF12:CF14)+CF15 -> 2085906.3 | CG11: =CF11/(BG11*12) -> 1.0347087
A12: Mensalidade de Sócios | B12: 1653825.2 | C12: 1194562.8 | D12: 1592750.4 | E12: 1672387.9 | F12: =E12/12 -> 139365.66 | G12: 148320.37 | H12: =G12/F12 -> 1.0642534 | I12: 127947.9 | J12: =I12/F12 -> 0.91807338 | K12: 127658.45 | L12: =K12/F12 -> 0.91599647 | M12: 127629.51 | N12: =M12/F12 -> 0.91578882 | O12: 126858.33 | P12: =O12/$F12 -> 0.91025532 | Q12: 127142.87 | R12: =Q12/$F12 -> 0.912297 | S12: 128572.4 | T12: =S12/$F12 -> 0.9225544 | U12: 128941.26 | V12: =U12/$F12 -> 0.92520111 | W12: 129906.64 | X12: =W12/$F12 -> 0.93212807 | Y12: =G12+I12+K12+M12+O12+Q12+S12+U12+W12 -> 1172977.7 | Z12: =Y12/$E12 -> 0.701379 | AA12: =(Y12/9) -> 130330.86 | AB12: =AA12*AC7 -> 135544.09 | AD12: =AB12/AA12 -> 1.04 | AG12: 164816.84 | AH12: =AG12/$AB12 -> 1.2159648 | AI12: 140771.25 | AJ12: =AI12/$AB12 -> 1.0385643 | AL12: =AK12/$AB12 -> 0 | AM12: 143687.91 | AN12: =AM12/$AB12 -> 1.0600824 | AO12: 141002.31 | AP12: =AO12/$AB12 -> 1.0402689 | AQ12: 118564.35 | AR12: =AQ12/$AB12 -> 0.87472901 | AS12: 138648.57 | AT12: =AS12/$AB12 -> 1.0229038 | AU12: 136043.33 | AV12: =AU12/$AB12 -> 1.0036832 | AW12: 135524.13 | AX12: =AW12/$AB12 -> 0.99985272 | AY12: 134922.08 | AZ12: =AY12/$AB12 -> 0.99541099 | BA12: =AG12+AI12+AK12+AM12+AO12+AQ12+AS12+AU12+AW12+AY12 -> 1253980.8 | BB12: =BA12/(AB12*12) -> 0.77095501 | BC12: =BA12/9 -> 139331.2 | BD12: =AB12*BA1 -> 140965.86 | BE12: =BD12*12 -> 1691590.3 | BF12: =(Mensalidades!D16)*BC1 -> 1748443.8 | BG12: =BF12/12 -> 145703.65 | BH12: 178713.88 | BI12: =BH12/$BG12 -> 1.2265573 | BJ12: 182588.85 | BK12: =BJ12/$BG12 -> 1.2531522 | BL12: 182963.19 | BM12: =BL12/$BG12 -> 1.2557214 | BN12: 182737.1 | BO12: =BN12/$BG12 -> 1.2541697 | BP12: 182009.2 | BQ12: =BP12/$BG12 -> 1.2491739 | BR12: 179968.24 | BS12: =BR12/$BG12 -> 1.2351663 | BT12: 180715.83 | BU12: =BT12/$BG12 -> 1.2402972 | BV12: 179293.55 | BW12: =BV12/$BG12 -> 1.2305358 | BX12: 177047.62 | BY12: =BX12/$BG12 -> 1.2151214 | BZ12: 178794.75 | CA12: =BZ12/$BG12 -> 1.2271124 | CB12: 177197.31 | CC12: =CB12/$BG12 -> 1.2161487 | CD12: 177871.07 | CE12: =CD12/$BG12 -> 1.2207729 | CF12: =BH12+BJ12+BL12+BN12+BP12+BR12+BT12+BV12+BX12+BZ12+CB12+CD12 -> 2159900.6 | CG12: =CF12/(BG12*12) -> 1.2353274
A13: Mensalidade de Sócio Esportista | B13: 102925.06 | C13: 65193.59 | D13: 86924.787 | E13: 83000 | F13: =E13/12 -> 6916.6667 | G13: 7236 | H13: =G13/F13 -> 1.0461687 | I13: 6657.12 | J13: =I13/F13 -> 0.96247518 | K13: 6657.12 | L13: =K13/F13 -> 0.96247518 | M13: 6367.68 | N13: =M13/F13 -> 0.92062843 | O13: 6367.68 | P13: =O13/$F13 -> 0.92062843 | Q13: 6657.12 | R13: =Q13/$F13 -> 0.96247518 | S13: 6567.68 | T13: =S13/$F13 -> 0.9495441 | U13: 6657.12 | V13: =U13/$F13 -> 0.96247518 | W13: 6552.65 | X13: =W13/$F13 -> 0.94737108 | Y13: =G13+I13+K13+M13+O13+Q13+S13+U13+W13 -> 59720.17 | Z13: =Y13/$E13 -> 0.71952012 | AA13: =(Y13/9) -> 6635.5744 | AB13: =AA13*AC7 -> 6900.9974 | AD13: =AB13/AA13 -> 1.04 | AG13: 6622.44 | AH13: =AG13/$AB13 -> 0.95963519 | AI13: 4818.32 | AJ13: =AI13/$AB13 -> 0.69820632 | AL13: =AK13/$AB13 -> 0 | AM13: 4816.32 | AN13: =AM13/$AB13 -> 0.6979165 | AO13: 4515.3 | AP13: =AO13/$AB13 -> 0.65429672 | AQ13: 3838.05 | AR13: =AQ13/$AB13 -> 0.55615874 | AS13: 4515.3 | AT13: =AS13/$AB13 -> 0.65429672 | AU13: 4214.28 | AV13: =AU13/$AB13 -> 0.61067694 | AW13: 4816.32 | AX13: =AW13/$AB13 -> 0.6979165 | AY13: 4816.32 | AZ13: =AY13/$AB13 -> 0.6979165 | BA13: =AG13+AI13+AK13+AM13+AO13+AQ13+AS13+AU13+AW13+AY13 -> 42972.65 | BB13: =BA13/(AB13*12) -> 0.51891835 | BC13: =BA13/9 -> 4774.7389 | BD13: 6261.2 | BE13: =BD13*12 -> 75134.4 | BF13: =(Mensalidades!D19)*BC1 -> 60693.696 | BG13: =BF13/12 -> 5057.808 | BH13: 4491.72 | BI13: =BH13/$BG13 -> 0.88807642 | BJ13: 4117.41 | BK13: =BJ13/$BG13 -> 0.81407005 | BL13: 4491.72 | BM13: =BL13/$BG13 -> 0.88807642 | BN13: 4491.72 | BO13: =BN13/$BG13 -> 0.88807642 | BP13: 4491.72 | BQ13: =BP13/$BG13 -> 0.88807642 | BR13: 4866.03 | BS13: =BR13/$BG13 -> 0.96208278 | BT13: 4491.72 | BU13: =BT13/$BG13 -> 0.88807642 | BV13: 5988.96 | BW13: =BV13/$BG13 -> 1.1841019 | BX13: 5996.69 | BY13: =BX13/$BG13 -> 1.1856302 | BZ13: 5988.96 | CA13: =BZ13/$BG13 -> 1.1841019 | CB13: 5240.34 | CC13: =CB13/$BG13 -> 1.0360892 | CD13: 4491.72 | CE13: =CD13/$BG13 -> 0.88807642 | CF13: =BH13+BJ13+BL13+BN13+BP13+BR13+BT13+BV13+BX13+BZ13+CB13+CD13 -> 59148.71 | CG13: =CF13/(BG13*12) -> 0.97454454
A14: tx de obras | B14: 321601.22 | C14: 232702.52 | D14: 310270.03 | E14: 325783.53 | F14: =E14/12 -> 27148.627 | G14: =28987.69 -> 28987.69 | H14: =G14/F14 -> 1.0677405 | I14: 25233.6 | J14: =I14/F14 -> 0.92946136 | K14: 25180.28 | L14: =K14/F14 -> 0.92749735 | M14: 25121.62 | N14: =M14/F14 -> 0.92533665 | O14: 24979.43 | P14: =O14/$F14 -> 0.92009919 | Q14: 25149.87 | R14: =Q14/$F14 -> 0.92637722 | S14: 25174.95 | T14: =S14/$F14 -> 0.92730103 | U14: 25199.78 | V14: =U14/$F14 -> 0.92821562 | W14: 25494.9 | X14: =W14/$F14 -> 0.93908615 | Y14: =G14+I14+K14+M14+O14+Q14+S14+U14+W14 -> 230522.12 | Z14: =Y14/$E14 -> 0.70759293 | AA14: =(Y14/9) -> 25613.569 | AB14: =AA14*AC7 -> 26638.112 | AD14: =AB14/AA14 -> 1.04 | AE14: A taxa de obras foi somada ao valor das mensalidades | AG14: 31823.57 | AH14: =AG14/$AB14 -> 1.1946631 | AI14: 27057.71 | AJ14: =AI14/$AB14 -> 1.0157518 | AL14: =AK14/$AB14 -> 0 | AM14: 27608.06 | AN14: =AM14/$AB14 -> 1.0364121 | AO14: 26972.07 | AP14: =AO14/$AB14 -> 1.0125369 | AQ14: 26720.82 | AR14: =AQ14/$AB14 -> 1.0031049 | AS14: 26453.47 | AT14: =AS14/$AB14 -> 0.99306852 | AU14: 26111.05 | AV14: =AU14/$AB14 -> 0.980214 | AW14: 26108.83 | AX14: =AW14/$AB14 -> 0.98013066 | AY14: 25997.47 | AZ14: =AY14/$AB14 -> 0.97595019 | BA14: =AG14+AI14+AK14+AM14+AO14+AQ14+AS14+AU14+AW14+AY14 -> 244853.05 | BB14: =BA14/(AB14*12) -> 0.76598601 | BC14: =BA14/9 -> 27205.894 | BD14: =AB14*BA1 -> 27703.636 | BE14: =BD14*12 -> 332443.63 | BF14: =(Mensalidades!G20)*BC1 -> 335475 | BG14: =BF14/12 -> 27956.25 | BI14: 0 | BJ14: 0 | BK14: =BJ14/$BG14 -> 0 | BL14: 0 | BM14: =BL14/$BG14 -> 0 | BO14: =BN14/$BG14 -> 0 | BQ14: =BP14/$BG14 -> 0 | BS14: =BR14/$BG14 -> 0 | BT14: 0 | BU14: =BT14/$BG14 -> 0 | BV14: 0 | BW14: =BV14/$BG14 -> 0 | BX14: 0 | BY14: =BX14/$BG14 -> 0 | BZ14: 0 | CA14: =BZ14/$BG14 -> 0 | CB14: 0 | CC14: =CB14/$BG14 -> 0 | CD14: 0 | CE14: =CD14/$BG14 -> 0 | CF14: =BH14+BJ14+BL14+BN14+BP14+BR14+BT14+BV14+BX14+BZ14+CB14+CD14 -> 0 | CG14: =CF14/(BG14*12) -> 0
A15: FUNDO PRÓ-VELA | B15: -126310.2 | C15: -92650.522 | D15: -123534.03 | E15: -129710.73 | F15: =E15/12 -> -10809.228 | G15: =-(G12+G13+G17+G18+G19+G31)*0.05 -> -11302.572 | H15: =G15/F15 -> 1.045641 | I15: =-(I12+I13+I17+I18+I19+I31)*0.05 -> -10078.787 | J15: =I15/F15 -> 0.9324243 | K15: =-(K12+K13+K17+K18+K19+K31)*0.05 -> -10043.228 | L15: =K15/F15 -> 0.92913462 | M15: =-(M12+M13+M17+M18+M19+M31)*0.05 -> -9947.4045 | N15: =M15/F15 -> 0.92026969 | O15: =-(O12+O13+O17+O18+O19+O31)*0.05 -> -9828.642 | P15: =O15/$F15 -> 0.90928255 | Q15: =-(Q12+Q13+Q17+Q18+Q19+Q31)*0.05 -> -9832.988 | R15: =Q15/$F15 -> 0.90968461 | S15: =-(S12+S13+S17+S18+S19+S31)*0.05 -> -9914.197 | T15: =S15/$F15 -> 0.91719755 | U15: =-(U12+U13+U17+U18+U19+U31)*0.05 -> -10423.082 | V15: =U15/$F15 -> 0.9642763 | W15: =-(W12+W13+W17+W18+W19+W31)*0.05 -> -10614.745 | X15: =W15/$F15 -> 0.98200768 | Y15: =G15+I15+K15+M15+O15+Q15+S15+U15+W15 -> -91985.644 | Z15: =Y15/$E15 -> 0.70915986 | AA15: =(Y15/9) -> -10220.627 | AB15: =-(AB12+AB13+AB17+AB18+AB19+AB31)*0.05 -> -10645.011 | AG15: =-(AG12+AG13+AG17+AG18+AG19+AG31)*0.05 -> -12967.137 | AH15: =AG15/$AB15 -> 1.2181422 | AI15: =-(AI12+AI13+AI17+AI18+AI19+AI31)*0.05 -> -11265.647 | AJ15: =AI15/$AB15 -> 1.0583029 | AK15: =(AK12+AK13+AK17+AK18+AK19+AK31)*0.05 -> 0 | AL15: =AK15/$AB15 -> 0 | AM15: =-(AM12+AM13+AM17+AM18+AM19+AM31)*0.05 -> -11458.272 | AN15: =AM15/$AB15 -> 1.0763983 | AO15: =-(AO12+AO13+AO17+AO18+AO19+AO31)*0.05 -> -11085.367 | AP15: =AO15/$AB15 -> 1.0413673 | AQ15: =-(AQ12+AQ13+AQ17+AQ18+AQ19+AQ31)*0.05 -> -9869.7095 | AR15: =AQ15/$AB15 -> 0.9271676 | AS15: =-(AS12+AS13+AS17+AS18+AS19+AS31)*0.05 -> -10941.702 | AT15: =AS15/$AB15 -> 1.0278713 | AU15: =-(AU12+AU13+AU17+AU18+AU19+AU31)*0.05 -> -10671.446 | AV15: =AU15/$AB15 -> 1.0024833 | AW15: =-(AW12+AW13+AW17+AW18+AW19+AW31)*0.05 -> -10880.897 | AX15: =AW15/$AB15 -> 1.0221593 | AY15: =-(AY12+AY13+AY17+AY18+AY19+AY31)*0.05 -> -10589.401 | AZ15: =AY15/$AB15 -> 0.99477593 | BA15: =AG15+AI15+AK15+AM15+AO15+AQ15+AS15+AU15+AW15+AY15 -> -99729.577 | BB15: =BA15/(AB15*12) -> 0.78072234 | BC15: =BA15/9 -> -11081.064 | BD15: =-(BD12+BD13+BD17+BD18+BD19+BD31)*0.05 -> -11028.692 | BE15: =BD15*12 -> -132344.31 | BF15: =-(SUM(BF12:BF14))*0.06 -> -128676.75 | BG15: =BF15/12 -> -10723.062 | BH15: =-(SUM(BH12:BH14))*0.06 -> -10992.336 | BI15: =BH15/$BG15 -> 1.0251116 | BJ15: =-(SUM(BJ12:BJ14))*0.06 -> -11202.376 | BK15: =BJ15/$BG15 -> 1.0446993 | BL15: =-(SUM(BL12:BL14))*0.06 -> -11247.295 | BM15: =BL15/$BG15 -> 1.0488883 | BN15: =-(SUM(BN12:BN14))*0.06 -> -11233.729 | BO15: =BN15/$BG15 -> 1.0476232 | BP15: =-(SUM(BP12:BP14))*0.06 -> -11190.055 | BQ15: =BP15/$BG15 -> 1.0435503 | BR15: =-(SUM(BR12:BR14))*0.06 -> -11090.056 | BS15: =BR15/$BG15 -> 1.0342247 | BT15: =-(SUM(BT12:BT14))*0.06 -> -11112.453 | BU15: =BT15/$BG15 -> 1.0363134 | BV15: =-(SUM(BV12:BV14))*0.06 -> -11116.951 | BW15: =BV15/$BG15 -> 1.0367328 | BX15: =-(SUM(BX12:BX14))*0.06 -> -10982.659 | BY15: =BX15/$BG15 -> 1.0242091 | BZ15: -11087.023 | CA15: =BZ15/$BG15 -> 1.0339418 | CB15: =-(SUM(CB12:CB14))*0.06 -> -10946.259 | CC15: =CB15/$BG15 -> 1.0208146 | CD15: =-(SUM(CD12:CD14))*0.06 -> -10941.767 | CE15: =CD15/$BG15 -> 1.0203958 | CF15: =BH15+BJ15+BL15+BN15+BP15+BR15+BT15+BV15+BX15+BZ15+CB15+CD15 -> -133142.96 | CG15: =CF15/(BG15*12) -> 1.0347087
A16: RECEITAS DE SERVIÇOS DIVERSOS | BF16: =SUM(BF17:BF24) -> 978180.75 | BG16: =BF16/12 -> 81515.063 | BH16: =SUM(BH17:BH24) -> 73328.52 | BI16: =BH16/$BG16 -> 0.89957019 | BJ16: =SUM(BJ17:BJ24) -> 81370.57 | BK16: =BJ16/$BG16 -> 0.99822741 | BL16: =SUM(BL17:BL24) -> 76579.42 | BM16: =BL16/$BG16 -> 0.93945116 | BN16: =SUM(BN17:BN24) -> 75821.67 | BO16: =BN16/$BG16 -> 0.93015533 | BP16: =SUM(BP17:BP24) -> 79713.26 | BQ16: =BP16/$BG16 -> 0.97789608 | BR16: =SUM(BR17:BR24) -> 84981.37 | BS16: =BR16/$BG16 -> 1.0425235 | BT16: =SUM(BT17:BT24) -> 77328.44 | BU16: =BT16/$BG16 -> 0.94863989 | BV16: =SUM(BV17:BV24) -> 81572.71 | BW16: =BV16/$BG16 -> 1.0007072 | BX16: =SUM(BX17:BX24) -> 88007.28 | BY16: =BX16/$BG16 -> 1.0796444 | BZ16: 76578.62 | CA16: =BZ16/$BG16 -> 0.93944134 | CB16: =SUM(CB17:CB24) -> 81704.75 | CC16: =CB16/$BG16 -> 1.002327 | CD16: =SUM(CD17:CD24) -> 74616.61 | CE16: =CD16/$BG16 -> 0.91537205 | CF16: =SUM(CF17:CF24) -> 951603.22 | CG16: =CF16/(BG16*12) -> 0.97282963
A17: Estadia de Barcos | B17: 696989 | C17: 540340.94 | D17: 720454.59 | E17: 756477.32 | F17: =E17/12 -> 63039.776 | G17: 63717.72 | H17: =G17/F17 -> 1.0107542 | I17: 60990.64 | J17: =I17/F17 -> 0.96749455 | K17: 60608.23 | L17: =K17/F17 -> 0.96142838 | M17: 58365.99 | N17: =M17/F17 -> 0.92585973 | O17: 57179.39 | P17: =O17/$F17 -> 0.90703669 | Q17: 57514.97 | R17: =Q17/$F17 -> 0.91235999 | S17: 57949.48 | T17: =S17/$F17 -> 0.91925263 | U17: 67610.67 | V17: =U17/$F17 -> 1.0725081 | W17: 70823.41 | X17: =W17/$F17 -> 1.1234718 | Y17: =G17+I17+K17+M17+O17+Q17+S17+U17+W17 -> 554760.5 | Z17: =Y17/$E17 -> 0.73334717 | AA17: =(Y17/9) -> 61640.056 | AB17: 66600 | AD17: =AB17/AA17 -> 1.0804663 | AE17: Definido uma média após a cobrança dos retroativos | AG17: 82025.87 | AH17: =AG17/$AB17 -> 1.2316197 | AI17: 71343.94 | AJ17: =AI17/$AB17 -> 1.0712303 | AL17: =AK17/$AB17 -> 0 | AM17: 75862.52 | AN17: =AM17/$AB17 -> 1.1390769 | AO17: 70164.87 | AP17: =AO17/$AB17 -> 1.0535266 | AQ17: 70060.67 | AR17: =AQ17/$AB17 -> 1.051962 | AS17: 69685.93 | AT17: =AS17/$AB17 -> 1.0463353 | AU17: 67936.2 | AV17: =AU17/$AB17 -> 1.0200631 | AW17: 67924.81 | AX17: =AW17/$AB17 -> 1.019892 | AY17: 66069.9 | AZ17: =AY17/$AB17 -> 0.99204054 | BA17: =AG17+AI17+AK17+AM17+AO17+AQ17+AS17+AU17+AW17+AY17 -> 641074.71 | BB17: =BA17/(AB17*12) -> 0.80214553 | BC17: =BA17/9 -> 71230.523 | BD17: =AB17*BA1 -> 69264 | BE17: =BD17*12 -> 831168 | BF17: =(68000*12)*BC1 -> 856800 | BG17: =BF17/12 -> 71400 | BH17: 69595.42 | BI17: =BH17/$BG17 -> 0.97472577 | BJ17: 71846.1 | BK17: =BJ17/$BG17 -> 1.0062479 | BL17: 70107.18 | BM17: =BL17/$BG17 -> 0.98189328 | BN17: 71429.45 | BO17: =BN17/$BG17 -> 1.0004125 | BP17: 72847.64 | BQ17: =BP17/$BG17 -> 1.0202751 | BR17: 72359.98 | BS17: =BR17/$BG17 -> 1.0134451 | BT17: 72459.33 | BU17: =BT17/$BG17 -> 1.0148366 | BV17: 71474.48 | BW17: =BV17/$BG17 -> 1.0010431 | BX17: 70063.58 | BY17: =BX17/$BG17 -> 0.98128263 | BZ17: 70813.93 | CA17: =BZ17/$BG17 -> 0.99179174 | CB17: 70842.49 | CC17: =CB17/$BG17 -> 0.99219174 | CD17: 70744.11 | CE17: =CD17/$BG17 -> 0.99081387 | CF17: =BH17+BJ17+BL17+BN17+BP17+BR17+BT17+BV17+BX17+BZ17+CB17+CD17 -> 854583.69 | CG17: =CF17/(BG17*12) -> 0.99741327
A18: Taxa de Armário (Vestiários) | B18: 10318.226 | C18: 7050.02 | D18: 9400.0267 | E18: 9870.028 | F18: =E18/12 -> 822.50233 | G18: 817 | H18: =G18/F18 -> 0.99331025 | I18: 834.56 | J18: =I18/F18 -> 1.0146597 | K18: 834.56 | L18: =K18/F18 -> 1.0146597 | M18: 834.56 | N18: =M18/F18 -> 1.0146597 | O18: 834.56 | P18: =O18/$F18 -> 1.0146597 | Q18: 834.56 | R18: =Q18/$F18 -> 1.0146597 | S18: 834.56 | T18: =S18/$F18 -> 1.0146597 | U18: 782.4 | V18: =U18/$F18 -> 0.9512435 | W18: 834.56 | X18: =W18/$F18 -> 1.0146597 | Y18: =G18+I18+K18+M18+O18+Q18+S18+U18+W18 -> 7441.32 | Z18: =Y18/$E18 -> 0.75393099 | AA18: =(Y18/9) -> 826.81333 | AB18: =AA18*$AC$7 -> 859.88587 | AD18: =AB18/AA18 -> 1.04 | AG18: 1083.77 | AH18: =AG18/$AB18 -> 1.2603649 | AI18: 1111.93 | AJ18: =AI18/$AB18 -> 1.2931135 | AL18: =AK18/$AB18 -> 0 | AM18: 2169.6 | AN18: =AM18/$AB18 -> 2.5231255 | AO18: 1057.68 | AP18: =AO18/$AB18 -> 1.2300237 | AQ18: 1030.56 | AR18: =AQ18/$AB18 -> 1.1984846 | AS18: 976.32 | AT18: =AS18/$AB18 -> 1.1354065 | AU18: 976.32 | AV18: =AU18/$AB18 -> 1.1354065 | AW18: 976.32 | AX18: =AW18/$AB18 -> 1.1354065 | AY18: 976.32 | AZ18: =AY18/$AB18 -> 1.1354065 | BA18: =AG18+AI18+AK18+AM18+AO18+AQ18+AS18+AU18+AW18+AY18 -> 10358.82 | BB18: =BA18/(AB18*12) -> 1.0038949 | BC18: =BA18/9 -> 1150.98 | BD18: =AY18*BA1 -> 1015.3728 | BE18: =BD18*12 -> 12184.474 | BF18: =10358.82*BC1 -> 10876.761 | BG18: =BF18/12 -> 906.39675 | BH18: 1196.16 | BI18: =BH18/$BG18 -> 1.319687 | BJ18: 1167.68 | BK18: =BJ18/$BG18 -> 1.2882659 | BL18: 1139.2 | BM18: =BL18/$BG18 -> 1.2568448 | BN18: 1196.16 | BO18: =BN18/$BG18 -> 1.319687 | BP18: 1196.16 | BQ18: =BP18/$BG18 -> 1.319687 | BR18: 1196.16 | BS18: =BR18/$BG18 -> 1.319687 | BT18: 1167.68 | BU18: =BT18/$BG18 -> 1.2882659 | BV18: 1132.1 | BW18: =BV18/$BG18 -> 1.2490115 | BX18: 1167.68 | BY18: =BX18/$BG18 -> 1.2882659 | BZ18: 1196.16 | CA18: =BZ18/$BG18 -> 1.319687 | CB18: 1196.16 | CC18: =CB18/$BG18 -> 1.319687 | CD18: 1196.16 | CE18: =CD18/$BG18 -> 1.319687 | CF18: =BH18+BJ18+BL18+BN18+BP18+BR18+BT18+BV18+BX18+BZ18+CB18+CD18 -> 14147.46 | CG18: =CF18/(BG18*12) -> 1.3007052
A19: Taxa de Armário (Hangar) | B19: 12146.557 | C19: 8429.4 | D19: 11239.2 | E19: 11801.16 | F19: =E19/12 -> 983.43 | G19: 912.87 | H19: =G19/F19 -> 0.92825112 | I19: 912.87 | J19: =I19/F19 -> 0.92825112 | K19: 952.56 | L19: =K19/F19 -> 0.96860987 | M19: 952.56 | N19: =M19/F19 -> 0.96860987 | O19: 952.56 | P19: =O19/$F19 -> 0.96860987 | Q19: 952.56 | R19: =Q19/$F19 -> 0.96860987 | S19: 952.56 | T19: =S19/$F19 -> 0.96860987 | U19: 992.25 | V19: =U19/$F19 -> 1.0089686 | W19: 1031.94 | X19: =W19/$F19 -> 1.0493274 | Y19: =G19+I19+K19+M19+O19+Q19+S19+U19+W19 -> 8612.73 | Z19: =Y19/$E19 -> 0.72982063 | AA19: =(Y19/9) -> 956.97 | AB19: =AA19*$AC$7 -> 995.2488 | AD19: =AB19/AA19 -> 1.04 | AG19: 949.44 | AH19: =AG19/$AB19 -> 0.95397251 | AI19: 949.44 | AJ19: =AI19/$AB19 -> 0.95397251 | AL19: =AK19/$AB19 -> 0 | AM19: 1114.56 | AN19: =AM19/$AB19 -> 1.1198808 | AO19: 949.44 | AP19: =AO19/$AB19 -> 0.95397251 | AQ19: 949.44 | AR19: =AQ19/$AB19 -> 0.95397251 | AS19: 949.44 | AT19: =AS19/$AB19 -> 0.95397251 | AU19: 949.44 | AV19: =AU19/$AB19 -> 0.95397251 | AW19: 908.16 | AX19: =AW19/$AB19 -> 0.91249545 | AY19: 949.44 | AZ19: =AY19/$AB19 -> 0.95397251 | BA19: =AG19+AI19+AK19+AM19+AO19+AQ19+AS19+AU19+AW19+AY19 -> 8668.8 | BB19: =BA19/(AB19*12) -> 0.72584865 | BC19: =BA19/9 -> 963.2 | BD19: =AY19*BA1 -> 987.4176 | BE19: =BD19*12 -> 11849.011 | BF19: =8668.8*BC1 -> 9102.24 | BG19: =BF19/12 -> 758.52 | BH19: 910.14 | BI19: =BH19/$BG19 -> 1.1998893 | BJ19: 910.14 | BK19: =BJ19/$BG19 -> 1.1998893 | BL19: 953.48 | BM19: =BL19/$BG19 -> 1.2570268 | BN19: 1038.58 | BO19: =BN19/$BG19 -> 1.369219 | BP19: 1038.58 | BQ19: =BP19/$BG19 -> 1.369219 | BR19: 1123.68 | BS19: =BR19/$BG19 -> 1.4814112 | BT19: 1123.68 | BU19: =BT19/$BG19 -> 1.4814112 | BV19: 1123.68 | BW19: =BV19/$BG19 -> 1.4814112 | BX19: 1123.68 | BY19: =BX19/$BG19 -> 1.4814112 | BZ19: 1123.68 | CA19: =BZ19/$BG19 -> 1.4814112 | CB19: 1123.68 | CC19: =CB19/$BG19 -> 1.4814112 | CD19: 1080.34 | CE19: =CD19/$BG19 -> 1.4242736 | CF19: =BH19+BJ19+BL19+BN19+BP19+BR19+BT19+BV19+BX19+BZ19+CB19+CD19 -> 12673.34 | CG19: =CF19/(BG19*12) -> 1.392332
A20: Taxa de Bolão | B20: 4200.9 | C20: 2802 | D20: 3736 | E20: 3922.8 | F20: =E20/12 -> 326.9 | H20: =G20/F20 -> 0 | I20: 150 | J20: =I20/F20 -> 0.45885592 | L20: =K20/F20 -> 0 | M20: 2350 | N20: =M20/F20 -> 7.1887427 | O20: 600 | P20: =O20/$F20 -> 1.8354237 | Q20: 200 | R20: =Q20/$F20 -> 0.61180789 | S20: 200 | T20: =S20/$F20 -> 0.61180789 | U20: 300 | V20: =U20/$F20 -> 0.91771184 | W20: 200 | X20: =W20/$F20 -> 0.61180789 | Y20: =G20+I20+K20+M20+O20+Q20+S20+U20+W20 -> 4000 | Z20: =Y20/$E20 -> 1.0196798 | AA20: =(Y20/9) -> 444.44444 | AB20: =AA20*$AC$7 -> 462.22222 | AD20: =AB20/AA20 -> 1.04 | AH20: =AG20/$AB20 -> 0 | AJ20: =AI20/$AB20 -> 0 | AL20: =AK20/$AB20 -> 0 | AN20: =AM20/$AB20 -> 0 | AP20: =AO20/$AB20 -> 0 | AR20: =AQ20/$AB20 -> 0 | AT20: =AS20/$AB20 -> 0 | AV20: =AU20/$AB20 -> 0 | AX20: =AW20/$AB20 -> 0 | AZ20: =AY20/$AB20 -> 0 | BA20: =AG20+AI20+AK20+AM20+AO20+AQ20+AS20+AU20+AW20+AY20 -> 0 | BB20: =BA20/(AB20*12) -> 0 | BC20: =BA20/9 -> 0 | BD20: =AB20*BA1 -> 480.71111 | BE20: =BD20*12 -> 5768.5333 | BF20: 5000 | BG20: =BF20/12 -> 416.66667 | BI20: =BH20/$BG20 -> 0 | BK20: =BJ20/$BG20 -> 0 | BM20: =BL20/$BG20 -> 0 | BO20: =BN20/$BG20 -> 0 | BQ20: =BP20/$BG20 -> 0 | BS20: =BR20/$BG20 -> 0 | BU20: =BT20/$BG20 -> 0 | BW20: =BV20/$BG20 -> 0 | BY20: =BX20/$BG20 -> 0 | BZ20: 2000 | CA20: =BZ20/$BG20 -> 4.8 | CB20: 0 | CC20: =CB20/$BG20 -> 0 | CE20: =CD20/$BG20 -> 0 | CF20: =BH20+BJ20+BL20+BN20+BP20+BR20+BT20+BV20+BX20+BZ20+CB20+CD20 -> 2000 | CG20: =CF20/(BG20*12) -> 0.4
A21: Concessão Restaurante | B21: 103487.81 | C21: 49909.86 | D21: 66546.48 | E21: 69873.804 | F21: =E21/12 -> 5822.817 | G21: 8082.82 | H21: =G21/F21 -> 1.3881288 | I21: 6856.24 | J21: =I21/F21 -> 1.1774782 | K21: 4944.33 | L21: =K21/F21 -> 0.84913024 | N21: =M21/F21 -> 0 | O21: 6116 | P21: =O21/$F21 -> 1.0503507 | Q21: 7736.53 | R21: =Q21/$F21 -> 1.3286576 | S21: 7579.9 | T21: =S21/$F21 -> 1.3017582 | V21: =U21/$F21 -> 0 | W21: 28777.03 | X21: =W21/$F21 -> 4.9421148 | Y21: =G21+I21+K21+M21+O21+Q21+S21+U21+W21 -> 70092.85 | Z21: =Y21/$E21 -> 1.0031349 | AA21: =(Y21/9) -> 7788.0944 | AB21: 7788 | AD21: =AB21/AA21 -> 0.99998787 | AH21: =AG21/$AB21 -> 0 | AI21: 4867.49 | AJ21: =AI21/$AB21 -> 0.62499872 | AL21: =AK21/$AB21 -> 0 | AN21: =AM21/$AB21 -> 0 | AP21: =AO21/$AB21 -> 0 | AR21: =AQ21/$AB21 -> 0 | AT21: =AS21/$AB21 -> 0 | AV21: =AU21/$AB21 -> 0 | AX21: =AW21/$AB21 -> 0 | AZ21: =AY21/$AB21 -> 0 | BA21: =AG21+AI21+AK21+AM21+AO21+AQ21+AS21+AU21+AW21+AY21 -> 4867.49 | BB21: =BA21/(AB21*12) -> 0.052083226 | BC21: =BA21/9 -> 540.83222 | BD21: =AB21*BA1 -> 8099.52 | BE21: =BD21*12 -> 97194.24 | BF21: =Concessionario!D6 -> 79400 | BG21: =BF21/12 -> 6616.6667 | BI21: =BH21/$BG21 -> 0 | BJ21: 5649.15 | BK21: =BJ21/$BG21 -> 0.85377582 | BL21: 2862.86 | BM21: =BL21/$BG21 -> 0.43267406 | BO21: =BN21/$BG21 -> 0 | BP21: 2515.13 | BQ21: =BP21/$BG21 -> 0.3801204 | BR21: 8270.05 | BS21: =BR21/$BG21 -> 1.2498816 | BU21: =BT21/$BG21 -> 0 | BV21: 6848.4 | BW21: =BV21/$BG21 -> 1.0350227 | BX21: 14175.64 | BY21: =BX21/$BG21 -> 2.1424141 | CA21: =BZ21/$BG21 -> 0 | CB21: 7233.62 | CC21: =CB21/$BG21 -> 1.0932423 | CE21: =CD21/$BG21 -> 0 | CF21: =BH21+BJ21+BL21+BN21+BP21+BR21+BT21+BV21+BX21+BZ21+CB21+CD21 -> 47554.85 | CG21: =CF21/(BG21*12) -> 0.59892758
A22: Patrocinios | B22: 27094.237 | C22: 33000 | D22: 33000 | E22: 34650 | F22: =E22/12 -> 2887.5 | H22: =G22/F22 -> 0 | J22: =I22/F22 -> 0 | L22: =K22/F22 -> 0 | N22: =M22/F22 -> 0 | P22: =O22/$F22 -> 0 | R22: =Q22/$F22 -> 0 | T22: =S22/$F22 -> 0 | V22: =U22/$F22 -> 0 | X22: =W22/$F22 -> 0 | Y22: =G22+I22+K22+M22+O22+Q22+S22+U22+W22 -> 0 | Z22: =Y22/$E22 -> 0 | AA22: =(Y22/9) -> 0 | AB22: =AA22*$AC$7 -> 0 | AH22: =AG22/$AB22 -> #DIV/0! | AJ22: =AI22/$AB22 -> #DIV/0! | AL22: =AK22/$AB22 -> #DIV/0! | AM22: 2540 | AN22: =AM22/$AB22 -> #DIV/0! | AP22: =AO22/$AB22 -> #DIV/0! | AR22: =AQ22/$AB22 -> #DIV/0! | AT22: =AS22/$AB22 -> #DIV/0! | AV22: =AU22/$AB22 -> #DIV/0! | AX22: =AW22/$AB22 -> #DIV/0! | AZ22: =AY22/$AB22 -> #DIV/0! | BA22: =AG22+AI22+AK22+AM22+AO22+AQ22+AS22+AU22+AW22+AY22 -> 2540 | BB22: =BA22/(AB22*12) -> #DIV/0! | BC22: =BA22/9 -> 282.22222 | BD22: 0 | BE22: =BD22*12 -> 0 | BF22: 0 | BG22: =BF22/12 -> 0 | BI22: =BH22/$BG22 -> #DIV/0! | BK22: =BJ22/$BG22 -> #DIV/0! | BM22: =BL22/$BG22 -> #DIV/0! | BO22: =BN22/$BG22 -> #DIV/0! | BQ22: =BP22/$BG22 -> #DIV/0! | BS22: =BR22/$BG22 -> #DIV/0! | BT22: 1200 | BU22: =BT22/$BG22 -> #DIV/0! | BW22: =BV22/$BG22 -> #DIV/0! | BY22: =BX22/$BG22 -> #DIV/0! | CA22: =BZ22/$BG22 -> #DIV/0! | CC22: =CB22/$BG22 -> #DIV/0! | CE22: =CD22/$BG22 -> #DIV/0! | CF22: =BH22+BJ22+BL22+BN22+BP22+BR22+BT22+BV22+BX22+BZ22+CB22+CD22 -> 1200 | CG22: =CF22/(BG22*12) -> #DIV/0!
A23: uniformes e acessórios | B23: 6097.575 | C23: 1105 | D23: 1473.3333 | E23: 4000 | F23: =E23/12 -> 333.33333 | H23: =G23/F23 -> 0 | J23: =I23/F23 -> 0 | K23: 70 | L23: =K23/F23 -> 0.21 | N23: =M23/F23 -> 0 | O23: 1950 | P23: =O23/$F23 -> 5.85 | Q23: 960 | R23: =Q23/$F23 -> 2.88 | S23: 680 | T23: =S23/$F23 -> 2.04 | V23: =U23/$F23 -> 0 | W23: 630 | X23: =W23/$F23 -> 1.89 | Y23: =G23+I23+K23+M23+O23+Q23+S23+U23+W23 -> 4290 | Z23: =Y23/$E23 -> 1.0725 | AA23: =(Y23/9) -> 476.66667 | AB23: =AA23*$AC$7 -> 495.73333 | AD23: =AB23/AA23 -> 1.04 | AG23: 335 | AH23: =AG23/$AB23 -> 0.67576654 | AI23: 300 | AJ23: =AI23/$AB23 -> 0.60516407 | AL23: =AK23/$AB23 -> 0 | AM23: 120 | AN23: =AM23/$AB23 -> 0.24206563 | AP23: =AO23/$AB23 -> 0 | AR23: =AQ23/$AB23 -> 0 | AT23: =AS23/$AB23 -> 0 | AU23: 360 | AV23: =AU23/$AB23 -> 0.72619688 | AW23: 519 | AX23: =AW23/$AB23 -> 1.0469338 | AY23: 262 | AZ23: =AY23/$AB23 -> 0.52850995 | BA23: =AG23+AI23+AK23+AM23+AO23+AQ23+AS23+AU23+AW23+AY23 -> 1896 | BB23: =BA23/(AB23*12) -> 0.31871974 | BC23: =BA23/9 -> 210.66667 | BD23: =AB23*BA1 -> 515.56267 | BE23: =BD23*12 -> 6186.752 | BF23: 6186.75 | BG23: =BF23/12 -> 515.5625 | BH23: 484 | BI23: =BH23/$BG23 -> 0.93878046 | BJ23: 65 | BK23: =BJ23/$BG23 -> 0.12607589 | BL23: 200 | BM23: =BL23/$BG23 -> 0.38792581 | BN23: 223 | BO23: =BN23/$BG23 -> 0.43253728 | BP23: 210 | BQ23: =BP23/$BG23 -> 0.4073221 | BR23: 124 | BS23: =BR23/$BG23 -> 0.240514 | BT23: 165 | BU23: =BT23/$BG23 -> 0.32003879 | BV23: 300 | BW23: =BV23/$BG23 -> 0.58188871 | BX23: 125 | BY23: =BX23/$BG23 -> 0.24245363 | BZ23: 335 | CA23: =BZ23/$BG23 -> 0.64977573 | CB23: 60 | CC23: =CB23/$BG23 -> 0.11637774 | CE23: =CD23/$BG23 -> 0 | CF23: =BH23+BJ23+BL23+BN23+BP23+BR23+BT23+BV23+BX23+BZ23+CB23+CD23 -> 2291 | CG23: =CF23/(BG23*12) -> 0.37030751
A24: Convites Sociais + (Parceiros) | B24: 1081.575 | C24: 5697 | D24: 7596 | E24: 1000 | F24: =E24/12 -> 83.333333 | G24: 2039.95 | H24: =G24/F24 -> 24.4794 | I24: 690 | J24: =I24/F24 -> 8.28 | K24: 1334.55 | L24: =K24/F24 -> 16.0146 | M24: 1110 | N24: =M24/F24 -> 13.32 | P24: =O24/$F24 -> 0 | R24: =Q24/$F24 -> 0 | S24: 1298 | T24: =S24/$F24 -> 15.576 | U24: 157.5 | V24: =U24/$F24 -> 1.89 | W24: 514.5 | X24: =W24/$F24 -> 6.174 | Y24: =G24+I24+K24+M24+O24+Q24+S24+U24+W24 -> 7144.5 | Z24: =Y24/$E24 -> 7.1445 | AA24: =(Y24/9) -> 793.83333 | AB24: =AA24*$AC$7 -> 825.58667 | AD24: =AB24/AA24 -> 1.04 | AG24: 690 | AH24: =AG24/$AB24 -> 0.83576931 | AI24: 1254 | AJ24: =AI24/$AB24 -> 1.5189199 | AL24: =AK24/$AB24 -> 0 | AM24: 892 | AN24: =AM24/$AB24 -> 1.0804438 | AO24: 561 | AP24: =AO24/$AB24 -> 0.67951679 | AR24: =AQ24/$AB24 -> 0 | AT24: =AS24/$AB24 -> 0 | AU24: 33 | AV24: =AU24/$AB24 -> 0.039971576 | AW24: 33 | AX24: =AW24/$AB24 -> 0.039971576 | AY24: 1055 | AZ24: =AY24/$AB24 -> 1.2778792 | BA24: =AG24+AI24+AK24+AM24+AO24+AQ24+AS24+AU24+AW24+AY24 -> 4518 | BB24: =BA24/(AB24*12) -> 0.45603934 | BC24: =BA24/9 -> 502 | BD24: =AB24*BA1 -> 858.61013 | BE24: =BD24*12 -> 10303.322 | BF24: =10300*BC1 -> 10815 | BG24: =BF24/12 -> 901.25 | BH24: 1142.8 | BI24: =BH24/$BG24 -> 1.2680166 | BJ24: 1732.5 | BK24: =BJ24/$BG24 -> 1.9223301 | BL24: 1316.7 | BM24: =BL24/$BG24 -> 1.4609709 | BN24: 1934.48 | BO24: =BN24/$BG24 -> 2.1464411 | BP24: 1905.75 | BQ24: =BP24/$BG24 -> 2.1145631 | BR24: 1907.5 | BS24: =BR24/$BG24 -> 2.1165049 | BT24: 1212.75 | BU24: =BT24/$BG24 -> 1.3456311 | BV24: 694.05 | BW24: =BV24/$BG24 -> 0.77009709 | BX24: 1351.7 | BY24: =BX24/$BG24 -> 1.4998058 | BZ24: 1109.85 | CA24: =BZ24/$BG24 -> 1.2314563 | CB24: 1248.8 | CC24: =CB24/$BG24 -> 1.3856311 | CD24: 1596 | CE24: =CD24/$BG24 -> 1.7708738 | CF24: =BH24+BJ24+BL24+BN24+BP24+BR24+BT24+BV24+BX24+BZ24+CB24+CD24 -> 17152.88 | CG24: =CF24/(BG24*12) -> 1.5860268
A25: RECEITAS CURSO DE VELA | B25: 506342.63 | C25: 331733.01 | D25: 442310.68 | E25: 427396.65 | F25: =E25/12 -> 35616.387 | G25: =SUM(G26:G42) -> 78696.25 | H25: =G25/F25 -> 2.2095517 | I25: =SUM(I26:I42) -> 123852.97 | J25: =I25/F25 -> 3.4774153 | K25: =SUM(K26:K42) -> 103584.76 | L25: =K25/F25 -> 2.9083455 | M25: =SUM(M26:M42) -> 181835.68 | N25: =M25/F25 -> 5.1053937 | O25: =SUM(O26:O42) -> 204331.15 | P25: =O25/$F25 -> 5.7369982 | Q25: =SUM(Q26:Q42) -> 152470.58 | R25: =Q25/$F25 -> 4.2809109 | S25: =SUM(S26:S42) -> 72759.84 | T25: =S25/$F25 -> 2.0428753 | U25: =SUM(U26:U42) -> 156746.13 | V25: =U25/$F25 -> 4.4009553 | W25: =SUM(W26:W42) -> 146142.87 | X25: =W25/$F25 -> 4.103248 | Y25: =G25+I25+K25+M25+O25+Q25+S25+U25+W25 -> 1220420.2 | Z25: =Y25/$E25 -> 2.8554745 | AA25: =(Y25/9) -> 135602.25 | AB25: =SUM(AB26:AB42) -> 126877.93 | AD25: =AB25/AA25 -> 0.93566247 | AG25: =SUM(AG26:AG42) -> 195842.59 | AH25: =AG25/$AB25 -> 1.5435512 | AI25: =SUM(AI26:AI42) -> 288547.62 | AJ25: =AI25/$AB25 -> 2.2742144 | AK25: =SUM(AK26:AK42) -> 0 | AL25: =AK25/$AB25 -> 0 | AM25: =SUM(AM26:AM42) -> 79266.48 | AN25: =AM25/$AB25 -> 0.62474598 | AO25: =SUM(AO26:AO42) -> 8035.46 | AP25: =AO25/$AB25 -> 0.06333221 | AQ25: =SUM(AQ26:AQ42) -> 8602.24 | AR25: =AQ25/$AB25 -> 0.067799338 | AS25: =SUM(AS26:AS42) -> 13631.89 | AT25: =AS25/$AB25 -> 0.10744098 | AU25: =SUM(AU26:AU42) -> 7520.7 | AV25: =AU25/$AB25 -> 0.059275082 | AW25: =SUM(AW26:AW42) -> 58823.9 | AX25: =AW25/$AB25 -> 0.46362593 | AY25: =SUM(AY26:AZ29) -> 37442.723 | AZ25: =SUM(AZ26:BA29) -> 194593.49 | BA25: =SUM(BA26:BB29) -> 194592.18 | BB25: =BA25/(AB25*12) -> 0.127808 | BC25: =BA25/9 -> 21621.353 | BD25: =SUM(BD26:BD42) -> 149987.35 | BE25: =BD25*12 -> 1799848.2 | BF25: =SUM(BF26:BF29) -> 547050 | BG25: =BF25/12 -> 45587.5 | BH25: =SUM(BH26:BH29) -> 33429.23 | BI25: =BH25/$BG25 -> 0.73329816 | BJ25: =SUM(BJ26:BJ29) -> 38262.08 | BK25: =BJ25/$BG25 -> 0.83931078 | BL25: =SUM(BL26:BL29) -> 24855.9 | BM25: =BL25/$BG25 -> 0.54523499 | BN25: =SUM(BN26:BN29) -> 7471.5 | BO25: =BN25/$BG25 -> 0.16389361 | BP25: =SUM(BP26:BP29) -> 29613.47 | BQ25: =BP25/$BG25 -> 0.64959627 | BR25: =SUM(BR26:BR29) -> 54363.63 | BS25: =BR25/$BG25 -> 1.1925118 | BT25: =SUM(BT26:BT29) -> 45321.75 | BU25: =BT25/$BG25 -> 0.99417055 | BV25: =SUM(BV26:BV29) -> 66613.79 | BW25: =BV25/$BG25 -> 1.4612293 | BX25: =SUM(BX26:BX29) -> 65913.48 | BY25: =BX25/$BG25 -> 1.4458674 | BZ25: 72944.72 | CA25: =BZ25/$BG25 -> 1.6001035 | CB25: =SUM(CB26:CB29) -> 74887.71 | CC25: =CB25/$BG25 -> 1.6427247 | CD25: =SUM(CD26:CD29) -> 90318.08 | CE25: =CD25/$BG25 -> 1.9812027 | CF25: =SUM(CF26:CF29) -> 603428.9 | CG25: =CF25/(BG25*12) -> 1.1030599
A26: curso de vela | B26: 265261.88 | C26: 199177.25 | D26: 265569.67 | E26: 278848.15 | F26: =E26/12 -> 23237.346 | H26: =G26/F26 -> 0 | I26: =17625.36+2214.57+27000+1537.23 -> 48377.16 | J26: =I26/F26 -> 2.0818712 | K26: =16349.59+3573.01+1274.33 -> 21196.93 | L26: =K26/F26 -> 0.91219239 | M26: =15695.33+3573.01+749.55 -> 20017.89 | N26: =M26/F26 -> 0.86145338 | O26: =15485.84+3573.01+762.7 -> 19821.55 | P26: =O26/$F26 -> 0.85300405 | Q26: =13881.19+3573.01+526 -> 17980.2 | R26: =Q26/$F26 -> 0.77376307 | S26: =404.51 -> 404.51 | T26: =S26/$F26 -> 0.017407754 | U26: =16698.5+1136.26+526 -> 18360.76 | V26: =U26/$F26 -> 0.79014015 | W26: =18920.49+404.51+30000+439.29 -> 49764.29 | X26: =W26/$F26 -> 2.1415651 | Y26: =G26+I26+K26+M26+O26+Q26+S26+U26+W26 -> 195923.29 | Z26: =Y26/$E26 -> 0.70261642 | AA26: =(Y26/9) -> 21769.254 | AB26: 25566 | AD26: =AB26/AA26 -> 1.1744086 | AG26: =3197+32000 -> 35197 | AH26: =AG26/$AB26 -> 1.3767113 | AI26: =17037.35+16000+1419.6 -> 34456.95 | AJ26: =AI26/$AB26 -> 1.3477646 | AL26: =AK26/$AB26 -> 0 | AM26: =16259.55+1756.76 -> 18016.31 | AN26: =AM26/$AB26 -> 0.70469804 | AP26: =AO26/$AB26 -> 0 | AR26: =AQ26/$AB26 -> 0 | AT26: =AS26/$AB26 -> 0 | AV26: =AU26/$AB26 -> 0 | AW26: =3599 -> 3599 | AX26: =AW26/$AB26 -> 0.1407729 | AY26: =11159.1+2058.44 -> 13217.54 | AZ26: =AY26/$AB26 -> 0.51699679 | BA26: =AG26+AI26+AK26+AM26+AO26+AQ26+AS26+AU26+AW26+AY26 -> 104486.8 | BB26: =BA26/(AB26*12) -> 0.34057863 | BC26: =BA26/9 -> 11609.644 | BD26: =AB26*BA1 -> 26588.64 | BE26: =BD26*12 -> 319063.68 | BF26: =315000*BC1 -> 330750 | BG26: =BF26/12 -> 27562.5 | BI26: =BH26/$BG26 -> 0 | BJ26: =16304.35+3050.58 -> 19354.93 | BK26: =BJ26/$BG26 -> 0.70221968 | BL26: =15575.19+2225.6 -> 17800.79 | BM26: =BL26/$BG26 -> 0.64583365 | BN26: =3654.06 -> 3654.06 | BO26: =BN26/$BG26 -> 0.13257361 | BP26: =16829.01+1462.64 -> 18291.65 | BQ26: =BP26/$BG26 -> 0.66364263 | BR26: =23573.09+4891.68 -> 28464.77 | BS26: =BR26/$BG26 -> 1.0327354 | BT26: =781 -> 781 | BU26: =BT26/$BG26 -> 0.028335601 | BV26: =41168.21+9646.38 -> 50814.59 | BW26: =BV26/$BG26 -> 1.8436132 | BX26: =45017.59+11703.89 -> 56721.48 | BY26: =BX26/$BG26 -> 2.0579222 | BZ26: =45260.97+11701.83 -> 56962.8 | CA26: =BZ26/$BG26 -> 2.0666776 | CB26: =42278.93+9697.58 -> 51976.51 | CC26: =CB26/$BG26 -> 1.8857691 | CD26: =37827.95+9399.46 -> 47227.41 | CE26: =CD26/$BG26 -> 1.7134661 | CF26: =BH26+BJ26+BL26+BN26+BP26+BR26+BT26+BV26+BX26+BZ26+CB26+CD26 -> 352049.99 | CG26: =CF26/(BG26*12) -> 1.0643991
A27: curso de vela adulto/arrais | B27: 135018.6 | C27: 70555.7 | D27: 94074.267 | E27: 98777.98 | F27: =E27/12 -> 8231.4983 | G27: =8177+1239 -> 9416 | H27: =G27/F27 -> 1.1438987 | I27: =13719.4+2088 -> 15807.4 | J27: =I27/F27 -> 1.9203551 | K27: =8049.8 -> 8049.8 | L27: =K27/F27 -> 0.97792646 | M27: =7792.73+1239 -> 9031.73 | N27: =M27/F27 -> 1.0972158 | O27: =12000.45 -> 12000.45 | P27: =O27/$F27 -> 1.4578695 | Q27: =9706.59 -> 9706.59 | R27: =Q27/$F27 -> 1.1792009 | S27: =3660+2354.1 -> 6014.1 | T27: =S27/$F27 -> 0.73062033 | U27: =7132.49+3979 -> 11111.49 | V27: =U27/$F27 -> 1.3498745 | W27: =12100.01+2354.1 -> 14454.11 | X27: =W27/$F27 -> 1.7559513 | Y27: =G27+I27+K27+M27+O27+Q27+S27+U27+W27 -> 95591.67 | Z27: =Y27/$E27 -> 0.96774271 | AA27: =(Y27/9) -> 10621.297 | AB27: 12980 | AD27: =AB27/AA27 -> 1.222073 | AG27: =4555.2+2088 -> 6643.2 | AH27: =AG27/$AB27 -> 0.51180277 | AI27: =9050.05+9579 -> 18629.05 | AJ27: =AI27/$AB27 -> 1.4352119 | AL27: =AK27/$AB27 -> 0 | AM27: =9658.93+1813 -> 11471.93 | AN27: =AM27/$AB27 -> 0.88381587 | AP27: =AO27/$AB27 -> 0 | AR27: =AQ27/$AB27 -> 0 | AS27: 5412 | AT27: =AS27/$AB27 -> 0.41694915 | AU27: 902 | AV27: =AU27/$AB27 -> 0.069491525 | AW27: =2511.5+1289 -> 3800.5 | AX27: =AW27/$AB27 -> 0.29279661 | AY27: =14143.6+10079.2 -> 24222.8 | AZ27: =AY27/$AB27 -> 1.8661633 | BA27: =AG27+AI27+AK27+AM27+AO27+AQ27+AS27+AU27+AW27+AY27 -> 71081.48 | BB27: =BA27/(AB27*12) -> 0.45635259 | BC27: =BA27/9 -> 7897.9422 | BD27: =AB27*BA1 -> 13499.2 | BE27: =BD27*12 -> 161990.4 | BF27: =120000*BC1 -> 126000 | BG27: =BF27/12 -> 10500 | BH27: 7242.68 | BI27: =BH27/$BG27 -> 0.68977905 | BJ27: =14174.55+3548.6 -> 17723.15 | BK27: =BJ27/$BG27 -> 1.687919 | BL27: =3992.11+3063 -> 7055.11 | BM27: =BL27/$BG27 -> 0.67191524 | BN27: =2615.34+948 -> 3563.34 | BO27: =BN27/$BG27 -> 0.33936571 | BP27: =8104.72+2901.6 -> 11006.32 | BQ27: =BP27/$BG27 -> 1.048221 | BR27: =5249.21+3548.6 -> 8797.81 | BS27: =BR27/$BG27 -> 0.83788667 | BT27: =980+948 -> 1928 | BU27: =BT27/$BG27 -> 0.18361905 | BV27: =9455.35+4635.2 -> 14090.55 | BW27: =BV27/$BG27 -> 1.3419571 | BX27: =6924.8+1990 -> 8914.8 | BY27: =BX27/$BG27 -> 0.84902857 | BZ27: 15369.28 | CA27: =BZ27/$BG27 -> 1.463741 | CB27: =7610.95 -> 7610.95 | CC27: =CB27/$BG27 -> 0.72485238 | CD27: =7535.49 -> 7535.49 | CE27: =CD27/$BG27 -> 0.71766571 | CF27: =BH27+BJ27+BL27+BN27+BP27+BR27+BT27+BV27+BX27+BZ27+CB27+CD27 -> 110837.48 | CG27: =CF27/(BG27*12) -> 0.87966254
A28: aluguel de barcos para a escola de vela | BF28: =11000*BC1 -> 11550 | BG28: =BF28/12 -> 962.5 | BH28: 630.2 | BI28: =BH28/$BG28 -> 0.65475325 | BJ28: 662 | BK28: =BJ28/$BG28 -> 0.68779221 | BM28: =BL28/$BG28 -> 0 | BN28: 254.1 | BO28: =BN28/$BG28 -> 0.264 | BP28: 315.5 | BQ28: =BP28/$BG28 -> 0.32779221 | BR28: 373.25 | BS28: =BR28/$BG28 -> 0.38779221 | BT28: 404.25 | BU28: =BT28/$BG28 -> 0.42 | BV28: 402.15 | BW28: =BV28/$BG28 -> 0.41781818 | BX28: 277.2 | BY28: =BX28/$BG28 -> 0.288 | BZ28: 46.2 | CA28: =BZ28/$BG28 -> 0.048 | CB28: 950.25 | CC28: =CB28/$BG28 -> 0.98727273 | CD28: =415.8 -> 415.8 | CE28: =CD28/$BG28 -> 0.432 | CF28: =BH28+BJ28+BL28+BN28+BP28+BR28+BT28+BV28+BX28+BZ28+CB28+CD28 -> 4730.9 | CG28: =CF28/(BG28*12) -> 0.40960173
A29: acampamento | B29: 56917.928 | C29: 29121.8 | D29: 38829.067 | E29: 40770.52 | F29: =E29/12 -> 3397.5433 | G29: 28497.58 | H29: =G29/F29 -> 8.3877017 | J29: =I29/F29 -> 0 | L29: =K29/F29 -> 0 | N29: =M29/F29 -> 0 | O29: 1420 | P29: =O29/$F29 -> 0.41794905 | Q29: 5369 | R29: =Q29/$F29 -> 1.5802595 | S29: 9617 | T29: =S29/$F29 -> 2.8305746 | U29: =464 -> 464 | V29: =U29/$F29 -> 0.13656927 | W29: 3550.59 | X29: =W29/$F29 -> 1.0450463 | Y29: =G29+I29+K29+M29+O29+Q29+S29+U29+W29 -> 48918.17 | Z29: =Y29/$E29 -> 1.1998417 | AA29: =(Y29/9) -> 5435.3522 | AB29: 5833 | AD29: =AB29/AA29 -> 1.0731595 | AG29: 19022.83 | AH29: =AG29/$AB29 -> 3.2612429 | AJ29: =AI29/$AB29 -> 0 | AL29: =AK29/$AB29 -> 0 | AN29: =AM29/$AB29 -> 0 | AP29: =AO29/$AB29 -> 0 | AR29: =AQ29/$AB29 -> 0 | AT29: =AS29/$AB29 -> 0 | AV29: =AU29/$AB29 -> 0 | AX29: =AW29/$AB29 -> 0 | AZ29: =AY29/$AB29 -> 0 | BA29: =AG29+AI29+AK29+AM29+AO29+AQ29+AS29+AU29+AW29+AY29 -> 19022.83 | BB29: =BA29/(AB29*12) -> 0.27177024 | BC29: =BA29/9 -> 2113.6478 | BD29: =AB29*BA1 -> 6066.32 | BE29: =BD29*12 -> 72795.84 | BF29: =75000*BC1 -> 78750 | BG29: =BF29/12 -> 6562.5 | BH29: 25556.35 | BI29: =BH29/$BG29 -> 3.894301 | BJ29: 522 | BK29: =BJ29/$BG29 -> 0.079542857 | BM29: =BL29/$BG29 -> 0 | BO29: =BN29/$BG29 -> 0 | BQ29: =BP29/$BG29 -> 0 | BR29: 16727.8 | BS29: =BR29/$BG29 -> 2.5489981 | BT29: =42208.5 -> 42208.5 | BU29: =BT29/$BG29 -> 6.4317714 | BV29: 1306.5 | BW29: =BV29/$BG29 -> 0.19908571 | BY29: =BX29/$BG29 -> 0 | CA29: =BZ29/$BG29 -> 0 | CB29: 14350 | CC29: =CB29/$BG29 -> 2.1866667 | CD29: 35139.38 | CE29: =CD29/$BG29 -> 5.3545722 | CF29: =BH29+BJ29+BL29+BN29+BP29+BR29+BT29+BV29+BX29+BZ29+CB29+CD29 -> 135810.53 | CG29: =CF29/(BG29*12) -> 1.7245782
A30: RECEITAS FINANCERIAS | B30: 50000 | C30: 37433.72 | D30: 49911.627 | E30: 52407.208 | F30: =E30/12 -> 4367.2673 | G30: =G31 -> 5047.47 | H30: =G30/F30 -> 1.1557502 | I30: =I31 -> 4232.64 | J30: =I30/F30 -> 0.96917355 | K30: =K31 -> 4153.63 | L30: =K30/F30 -> 0.95108215 | M30: =M31 -> 4797.79 | N30: =M30/F30 -> 1.0985794 | O30: =O31 -> 4380.32 | P30: =O30/$F30 -> 1.0029887 | Q30: =Q31 -> 3557.68 | R30: =Q30/$F30 -> 0.81462382 | S30: =S31 -> 3407.26 | T30: =S30/$F30 -> 0.78018123 | U30: =U31 -> 3477.94 | V30: =U30/$F30 -> 0.79636526 | W30: =W31 -> 3145.69 | X30: =W30/$F30 -> 0.72028794 | Y30: =G30+I30+K30+M30+O30+Q30+S30+U30+W30 -> 36200.42 | Z30: =Y30/$E30 -> 0.69075269 | AA30: =(Y30/9) -> 4022.2689 | AB30: =AB31 -> 2000 | AD30: =AB30/AA30 -> 0.4972318 | AG30: =AG31 -> 3844.38 | AH30: =AG30/$AB30 -> 1.92219 | AI30: =AI31 -> 6318.05 | AJ30: =AI30/$AB30 -> 3.159025 | AK30: =AK31 -> 0 | AL30: =AK30/$AB30 -> 0 | AM30: =AM31 -> 1514.52 | AN30: =AM30/$AB30 -> 0.75726 | AO30: =AO31 -> 4017.73 | AP30: =AO30/$AB30 -> 2.008865 | AQ30: =AQ31 -> 2951.12 | AR30: =AQ30/$AB30 -> 1.47556 | AS30: =AS31 -> 4058.48 | AT30: =AS30/$AB30 -> 2.02924 | AU30: =AU31 -> 3309.35 | AV30: =AU30/$AB30 -> 1.654675 | AW30: =AW31 -> 7468.2 | AX30: =AW30/$AB30 -> 3.7341 | AY30: =AY31 -> 4053.96 | AZ30: =AY30/$AB30 -> 2.02698 | BA30: =AG30+AI30+AK30+AM30+AO30+AQ30+AS30+AU30+AW30+AY30 -> 37535.79 | BB30: =BA30/(AB30*12) -> 1.5639912 | BC30: =BA30/9 -> 4170.6433 | BD30: =BD31 -> 2080 | BE30: =BD30*12 -> 24960 | BF30: =BF31 -> 25000 | BG30: =BF30/12 -> 2083.3333 | BH30: =BH31 -> 6732.42 | BI30: =BH30/$BG30 -> 3.2315616 | BJ30: =BJ31 -> 4848.96 | BK30: =BJ30/$BG30 -> 2.3275008 | BL30: =BL31 -> 4039.89 | BM30: =BL30/$BG30 -> 1.9391472 | BN30: =BN31 -> 3936.21 | BO30: =BN30/$BG30 -> 1.8893808 | BP30: =BP31 -> 10122.12 | BQ30: =BP30/$BG30 -> 4.8586176 | BR30: =BR31 -> 7093.88 | BS30: =BR30/$BG30 -> 3.4050624 | BT30: =BT31 -> 8091.96 | BU30: =BT30/$BG30 -> 3.8841408 | BV30: =BV31 -> 8872.6 | BW30: =BV30/$BG30 -> 4.258848 | BX30: =BX31 -> 10797.1 | BY30: =BX30/$BG30 -> 5.182608 | BZ30: 10660.82 | CA30: =BZ30/$BG30 -> 5.1171936 | CB30: =CB31 -> 11710.24 | CC30: =CB30/$BG30 -> 5.6209152 | CD30: =CD31 -> 10010.94 | CE30: =CD30/$BG30 -> 4.8052512 | CF30: =CF31 -> 96917.14 | CG30: =CF30/(BG30*12) -> 3.8766856
A31: Receitas Financeiras | B31: 50000 | C31: 37433.72 | D31: 49911.627 | E31: 52407.208 | F31: =E31/12 -> 4367.2673 | G31: =4072.66+735.7+239.11 -> 5047.47 | H31: =G31/F31 -> 1.1557502 | I31: =3446.6+1.02+524.26+260.76 -> 4232.64 | J31: =I31/F31 -> 0.96917355 | K31: 4153.63 | L31: =K31/F31 -> 0.95108215 | M31: =3479.37+725.65+327.43+265.34 -> 4797.79 | N31: =M31/F31 -> 1.0985794 | O31: =3490.42+0.01+636.93+252.96 -> 4380.32 | P31: =O31/$F31 -> 1.0029887 | Q31: =2986.06+429.34+142.28 -> 3557.68 | R31: =Q31/$F31 -> 0.81462382 | S31: =2790.55+67.48+334.46+214.77 -> 3407.26 | T31: =S31/$F31 -> 0.78018123 | U31: =2338.02+854.86+285.06 -> 3477.94 | V31: =U31/$F31 -> 0.79636526 | W31: =1909.79+137.25+735.71+362.94 -> 3145.69 | X31: =W31/$F31 -> 0.72028794 | Y31: =G31+I31+K31+M31+O31+Q31+S31+U31+W31 -> 36200.42 | Z31: =Y31/$E31 -> 0.69075269 | AA31: =(Y31/9) -> 4022.2689 | AB31: 2000 | AD31: =AB31/AA31 -> 0.4972318 | AE31: Valor previsto para o próximo ano | AG31: =1645.55+2198.83 -> 3844.38 | AH31: =AG31/$AB31 -> 1.92219 | AI31: =5610.75+151.88+555.42 -> 6318.05 | AJ31: =AI31/$AB31 -> 3.159025 | AL31: =AK31/$AB31 -> 0 | AM31: =970.64+543.88 -> 1514.52 | AN31: =AM31/$AB31 -> 0.75726 | AO31: =2737.01+611.46+669.26 -> 4017.73 | AP31: =AO31/$AB31 -> 2.008865 | AQ31: =2845.61+105.51 -> 2951.12 | AR31: =AQ31/$AB31 -> 1.47556 | AS31: =3477.33+581.15 -> 4058.48 | AT31: =AS31/$AB31 -> 2.02924 | AU31: =2862.28+447.07 -> 3309.35 | AV31: =AU31/$AB31 -> 1.654675 | AW31: =2279.42+4181.89+1006.89 -> 7468.2 | AX31: =AW31/$AB31 -> 3.7341 | AY31: =2341.37+1712.59 -> 4053.96 | AZ31: =AY31/$AB31 -> 2.02698 | BA31: =AG31+AI31+AK31+AM31+AO31+AQ31+AS31+AU31+AW31+AY31 -> 37535.79 | BB31: =BA31/(AB31*12) -> 1.5639912 | BC31: =BA31/9 -> 4170.6433 | BD31: =AB31*BA1 -> 2080 | BE31: =BD31*12 -> 24960 | BF31: 25000 | BG31: =BF31/12 -> 2083.3333 | BH31: =5400.2+1175.15+157.07 -> 6732.42 | BI31: =BH31/$BG31 -> 3.2315616 | BJ31: =3485.23+1363.73 -> 4848.96 | BK31: =BJ31/$BG31 -> 2.3275008 | BL31: 4039.89 | BM31: =BL31/$BG31 -> 1.9391472 | BN31: =3936.21 -> 3936.21 | BO31: =BN31/$BG31 -> 1.8893808 | BP31: =8766.88+1355.24 -> 10122.12 | BQ31: =BP31/$BG31 -> 4.8586176 | BR31: 7093.88 | BS31: =BR31/$BG31 -> 3.4050624 | BT31: 8091.96 | BU31: =BT31/$BG31 -> 3.8841408 | BV31: 8872.6 | BW31: =BV31/$BG31 -> 4.258848 | BX31: 10797.1 | BY31: =BX31/$BG31 -> 5.182608 | BZ31: 10660.82 | CA31: =BZ31/$BG31 -> 5.1171936 | CB31: 11710.24 | CC31: =CB31/$BG31 -> 5.6209152 | CD31: 10010.94 | CE31: =CD31/$BG31 -> 4.8052512 | CF31: =BH31+BJ31+BL31+BN31+BP31+BR31+BT31+BV31+BX31+BZ31+CB31+CD31 -> 96917.14 | CG31: =CF31/(BG31*12) -> 3.8766856
A32: RECEITAS EVENTUAIS | B32: 597698.79 | C32: 496834.09 | D32: 662445.45 | E32: 678988.73 | F32: =E32/12 -> 56582.394 | G32: =SUM(G33:G36) -> 8008.2 | H32: =G32/F32 -> 0.14153166 | I32: =SUM(I33:I36) -> 21923.11 | J32: =I32/F32 -> 0.38745462 | K32: =SUM(K33:K36) -> 19389.9 | L32: =K32/F32 -> 0.34268433 | M32: =SUM(M33:M36) -> 61025 | N32: =M32/F32 -> 1.0785157 | O32: =SUM(O33:O36) -> 60955 | P32: =O32/$F32 -> 1.0772786 | Q32: =SUM(Q33:Q36) -> 31710 | R32: =Q32/$F32 -> 0.56042168 | S32: =SUM(S33:S36) -> 12405 | T32: =S32/$F32 -> 0.21923781 | U32: =SUM(U33:U36) -> 49885 | V32: =U32/$F32 -> 0.88163467 | W32: =SUM(W33:W36) -> 21935 | X32: =W32/$F32 -> 0.38766476 | Y32: =G32+I32+K32+M32+O32+Q32+S32+U32+W32 -> 287236.21 | Z32: =Y32/$E32 -> 0.42303532 | AA32: =(Y32/9) -> 31915.134 | AB32: =SUM(AB33:AB36) -> 26945.985 | AG32: =SUM(AG33:AG36) -> 50868.24 | AH32: =AG32/$AB32 -> 1.8877855 | AI32: =SUM(AI33:AI36) -> 94355.76 | AJ32: =AI32/$AB32 -> 3.501663 | AK32: =SUM(AK33:AK36) -> 0 | AL32: =AK32/$AB32 -> 0 | AM32: =SUM(AM33:AM36) -> 12059.6 | AN32: =AM32/$AB32 -> 0.44754719 | AO32: =SUM(AO33:AO36) -> 0 | AP32: =AO32/$AB32 -> 0 | AQ32: =SUM(AQ33:AQ36) -> 0 | AR32: =AQ32/$AB32 -> 0 | AS32: =SUM(AS33:AS36) -> 0 | AT32: =AS32/$AB32 -> 0 | AU32: =SUM(AU33:AU36) -> 0 | AV32: =AU32/$AB32 -> 0 | AW32: =SUM(AW33:AW36) -> 8000 | AX32: =AW32/$AB32 -> 0.29689024 | AY32: =SUM(AY33:AY36) -> 12348 | AZ32: =AY32/$AB32 -> 0.45825009 | BA32: =AG32+AI32+AK32+AM32+AO32+AQ32+AS32+AU32+AW32+AY32 -> 177631.6 | BB32: =BA32/(AB32*12) -> 0.54934467 | BC32: =BA32/9 -> 19736.844 | BD32: =SUM(BD33:BD36) -> 33985.158 | BE32: =BD32*12 -> 407821.89 | BF32: =SUM(BF33:BF36) -> 381751 | BG32: =BF32/12 -> 31812.583 | BH32: =SUM(BH33:BH36) -> 98500.23 | BI32: =BH32/$BG32 -> 3.0962663 | BJ32: =SUM(BJ33:BJ36) -> 37720.7 | BK32: =BJ32/$BG32 -> 1.1857163 | BL32: =SUM(BL33:BL36) -> 19318.97 | BM32: =BL32/$BG32 -> 0.60727448 | BN32: =SUM(BN33:BN36) -> 5322.23 | BO32: =BN32/$BG32 -> 0.16729952 | BP32: =SUM(BP33:BP36) -> 11364.3 | BQ32: =BP32/$BG32 -> 0.35722657 | BR32: =SUM(BR33:BR36) -> 29274.8 | BS32: =BR32/$BG32 -> 0.92022706 | BT32: =SUM(BT33:BT36) -> 13492.95 | BU32: =BT32/$BG32 -> 0.42413877 | BV32: =SUM(BV33:BV36) -> 8473.63 | BW32: =BV32/$BG32 -> 0.26636095 | BX32: =SUM(BX33:BX36) -> 69923.31 | BY32: =BX32/$BG32 -> 2.1979765 | BZ32: 41915.31 | CA32: =BZ32/$BG32 -> 1.3175701 | CB32: =SUM(CB33:CB36) -> 64171.31 | CC32: =CB32/$BG32 -> 2.0171675 | CD32: =SUM(CD33:CD36) -> 73867.26 | CE32: =CD32/$BG32 -> 2.321951 | CF32: =SUM(CF33:CF36) -> 473345 | CG32: =CF32/(BG32*12) -> 1.2399313
A33: Tx transferência | B33: 72000 | C33: 93800 | D33: 125066.67 | E33: 126000 | F33: =E33/12 -> 10500 | H33: =G33/F33 -> 0 | I33: 6000 | J33: =I33/F33 -> 0.57142857 | K33: 6000 | L33: =K33/F33 -> 0.57142857 | N33: =M33/F33 -> 0 | O33: 24000 | P33: =O33/$F33 -> 2.2857143 | Q33: 18000 | R33: =Q33/$F33 -> 1.7142857 | S33: 6000 | T33: =S33/$F33 -> 0.57142857 | U33: 18000 | V33: =U33/$F33 -> 1.7142857 | W33: 6000 | X33: =W33/$F33 -> 0.57142857 | Y33: =G33+I33+K33+M33+O33+Q33+S33+U33+W33 -> 84000 | Z33: =Y33/$E33 -> 0.66666667 | AA33: =(Y33/9) -> 9333.3333 | AB33: 10000 | AE33: Considerar um reajuste na tx transferência para 8 mil / considerado média igual ano anterior | AG33: 30000 | AH33: =AG33/$AB33 -> 3 | AI33: 52000 | AJ33: =AI33/$AB33 -> 5.2 | AL33: =AK33/$AB33 -> 0 | AM33: 6000 | AN33: =AM33/$AB33 -> 0.6 | AP33: =AO33/$AB33 -> 0 | AR33: =AQ33/$AB33 -> 0 | AT33: =AS33/$AB33 -> 0 | AV33: =AU33/$AB33 -> 0 | AW33: 8000 | AX33: =AW33/$AB33 -> 0.8 | AZ33: =AY33/$AB33 -> 0 | BA33: =AG33+AI33+AK33+AM33+AO33+AQ33+AS33+AU33+AW33+AY33 -> 96000 | BB33: =BA33/(AB33*12) -> 0.8 | BC33: =BA33/9 -> 10666.667 | BD33: =(20000*10)/12 -> 16666.667 | BE33: =BD33*12 -> 200000 | BF33: =Mensalidades!K15 -> 180000 | BG33: =BF33/12 -> 15000 | BH33: 68800 | BI33: =BH33/$BG33 -> 4.5866667 | BJ33: 20000 | BK33: =BJ33/$BG33 -> 1.3333333 | BL33: 14000 | BM33: =BL33/$BG33 -> 0.93333333 | BO33: =BN33/$BG33 -> 0 | BQ33: =BP33/$BG33 -> 0 | BR33: 20000 | BS33: =BR33/$BG33 -> 1.3333333 | BU33: =BT33/$BG33 -> 0 | BW33: =BV33/$BG33 -> 0 | BX33: 33000 | BY33: =BX33/$BG33 -> 2.2 | BZ33: 20000 | CA33: =BZ33/$BG33 -> 1.3333333 | CB33: 40000 | CC33: =CB33/$BG33 -> 2.6666667 | CD33: 40000 | CE33: =CD33/$BG33 -> 2.6666667 | CF33: =BH33+BJ33+BL33+BN33+BP33+BR33+BT33+BV33+BX33+BZ33+CB33+CD33 -> 255800 | CG33: =CF33/(BG33*12) -> 1.4211111
A34: título | B34: 48000 | C34: 36000 | D34: 48000 | E34: 48000 | F34: =E34/12 -> 4000 | H34: =G34/F34 -> 0 | I34: 3999.9 | J34: =I34/F34 -> 0.999975 | K34: 4399.9 | L34: =K34/F34 -> 1.099975 | M34: 4400 | N34: =M34/F34 -> 1.1 | O34: 12400 | P34: =O34/$F34 -> 3.1 | Q34: 4400 | R34: =Q34/$F34 -> 1.1 | S34: 400 | T34: =S34/$F34 -> 0.1 | U34: 4400 | V34: =U34/$F34 -> 1.1 | W34: 4400 | X34: =W34/$F34 -> 1.1 | Y34: =G34+I34+K34+M34+O34+Q34+S34+U34+W34 -> 38799.8 | Z34: =Y34/$E34 -> 0.80832917 | AA34: =(Y34/9) -> 4311.0889 | AB34: 4300 | AE34: Considerando que metade dos sócios novos (12) comprem títulos de outros sócios | AG34: 16000 | AH34: =AG34/$AB34 -> 3.7209302 | AI34: 34000 | AJ34: =AI34/$AB34 -> 7.9069767 | AL34: =AK34/$AB34 -> 0 | AM34: 1116 | AN34: =AM34/$AB34 -> 0.25953488 | AP34: =AO34/$AB34 -> 0 | AR34: =AQ34/$AB34 -> 0 | AT34: =AS34/$AB34 -> 0 | AV34: =AU34/$AB34 -> 0 | AX34: =AW34/$AB34 -> 0 | AY34: 10000 | AZ34: =AY34/$AB34 -> 2.3255814 | BA34: =AG34+AI34+AK34+AM34+AO34+AQ34+AS34+AU34+AW34+AY34 -> 61116 | BB34: =BA34/(AB34*12) -> 1.1844186 | BC34: =BA34/9 -> 6790.6667 | BD34: =(5000*10)/12 -> 4166.6667 | BE34: =BD34*12 -> 50000 | BF34: =Mensalidades!L15 -> 50000 | BG34: =BF34/12 -> 4166.6667 | BH34: 10000 | BI34: =BH34/$BG34 -> 2.4 | BJ34: 17000 | BK34: =BJ34/$BG34 -> 4.08 | BL34: 4000 | BM34: =BL34/$BG34 -> 0.96 | BO34: =BN34/$BG34 -> 0 | BQ34: =BP34/$BG34 -> 0 | BS34: =BR34/$BG34 -> 0 | BU34: =BT34/$BG34 -> 0 | BW34: =BV34/$BG34 -> 0 | BX34: 15000 | BY34: =BX34/$BG34 -> 3.6 | CA34: =BZ34/$BG34 -> 0 | CB34: 5000 | CC34: =CB34/$BG34 -> 1.2 | CD34: 5000 | CE34: =CD34/$BG34 -> 1.2 | CF34: =BH34+BJ34+BL34+BN34+BP34+BR34+BT34+BV34+BX34+BZ34+CB34+CD34 -> 56000 | CG34: =CF34/(BG34*12) -> 1.12
A35: aluguel sede | B35: 150000 | C35: 125146.57 | D35: 166862.09 | E35: 175205.2 | F35: =E35/12 -> 14600.433 | G35: =2900+5108.2 -> 8008.2 | H35: =G35/F35 -> 0.54849058 | I35: =475+11448.21 -> 11923.21 | J35: =I35/F35 -> 0.81663399 | K35: =4590+4400 -> 8990 | L35: =K35/F35 -> 0.61573516 | M35: =1085+5540 -> 6625 | N35: =M35/F35 -> 0.45375366 | O35: =1155+23400 -> 24555 | P35: =O35/$F35 -> 1.6817994 | Q35: =1820+7490 -> 9310 | R35: =Q35/$F35 -> 0.63765231 | S35: =2435+3570 -> 6005 | T35: =S35/$F35 -> 0.41128917 | U35: =2760+19725 -> 22485 | V35: =U35/$F35 -> 1.5400228 | W35: =810+10725 -> 11535 | X35: =W35/$F35 -> 0.79004505 | Y35: =G35+I35+K35+M35+O35+Q35+S35+U35+W35 -> 109436.41 | Z35: =Y35/$E35 -> 0.62461851 | AA35: =(Y35/9) -> 12159.601 | AB35: =AA35*AC7 -> 12645.985 | AD35: =AB35/AA35 -> 1.04 | AG35: =371.16+4497.08 -> 4868.24 | AH35: =AG35/$AB35 -> 0.38496329 | AI35: =1620.76+6735 -> 8355.76 | AJ35: =AI35/$AB35 -> 0.66074409 | AL35: =AK35/$AB35 -> 0 | AM35: =2193.6+2750 -> 4943.6 | AN35: =AM35/$AB35 -> 0.39092249 | AP35: =AO35/$AB35 -> 0 | AR35: =AQ35/$AB35 -> 0 | AT35: =AS35/$AB35 -> 0 | AV35: =AU35/$AB35 -> 0 | AX35: =AW35/$AB35 -> 0 | AY35: =2348 -> 2348 | AZ35: =AY35/$AB35 -> 0.18567158 | BA35: =AG35+AI35+AK35+AM35+AO35+AQ35+AS35+AU35+AW35+AY35 -> 20515.6 | BB35: =BA35/(AB35*12) -> 0.13519179 | BC35: =BA35/9 -> 2279.5111 | BD35: =AB35*BA1 -> 13151.825 | BE35: =BD35*12 -> 157821.89 | BF35: 151751 | BG35: =BF35/12 -> 12645.917 | BH35: =1221.6+12478.63 -> 13700.23 | BI35: =BH35/$BG35 -> 1.0833718 | BJ35: =720.7 -> 720.7 | BK35: =BJ35/$BG35 -> 0.056990728 | BL35: =114.66+204.31 -> 318.97 | BM35: =BL35/$BG35 -> 0.025223162 | BN35: =117.92+5204.31 -> 5322.23 | BO35: =BN35/$BG35 -> 0.4208655 | BP35: =810+10554.3 -> 11364.3 | BQ35: =BP35/$BG35 -> 0.89865372 | BR35: =8570.49+704.31 -> 9274.8 | BS35: =BR35/$BG35 -> 0.73342251 | BT35: =12288.64+1204.31 -> 13492.95 | BU35: =BT35/$BG35 -> 1.0669808 | BV35: =3089.32+5384.31 -> 8473.63 | BW35: =BV35/$BG35 -> 0.67006847 | BX35: =5720+16203.31 -> 21923.31 | BY35: =BX35/$BG35 -> 1.7336276 | BZ35: 21915.31 | CA35: =BZ35/$BG35 -> 1.732995 | CB35: =5990+13181.31 -> 19171.31 | CC35: =CB35/$BG35 -> 1.5160079 | CD35: =460+28407.26 -> 28867.26 | CE35: =CD35/$BG35 -> 2.2827337 | CF35: =BH35+BJ35+BL35+BN35+BP35+BR35+BT35+BV35+BX35+BZ35+CB35+CD35 -> 154545 | CG35: =CF35/(BG35*12) -> 1.0184117
A36: venda de imobilizado / doações | B36: 0 | C36: 8080 | D36: 10773.333 | E36: 0 | F36: =E36/12 -> 0 | M36: 50000 | U36: 5000 | Y36: =G36+I36+K36+M36+O36+Q36+S36+U36+W36 -> 55000 | AA36: =(Y36/9) -> 6111.1111 | AB36: 0 | AD36: =AB36/AA36 -> 0 | AH36: =AG36/$AB36 -> #DIV/0! | AJ36: =AI36/$AB36 -> #DIV/0! | AL36: =AK36/$AB36 -> #DIV/0! | AN36: =AM36/$AB36 -> #DIV/0! | AP36: =AO36/$AB36 -> #DIV/0! | AR36: =AQ36/$AB36 -> #DIV/0! | AT36: =AS36/$AB36 -> #DIV/0! | AV36: =AU36/$AB36 -> #DIV/0! | AX36: =AW36/$AB36 -> #DIV/0! | AZ36: =AY36/$AB36 -> #DIV/0! | BA36: =AG36+AI36+AK36+AM36+AO36+AQ36+AS36+AU36+AW36+AY36 -> 0 | BB36: =BA36/(AB36*12) -> #DIV/0! | BC36: =BA36/9 -> 0 | BE36: =BD36*12 -> 0 | BG36: =BF36/12 -> 0 | BH36: 6000 | BI36: =BH36/$BG36 -> #DIV/0! | BK36: =BJ36/$BG36 -> #DIV/0! | BL36: 1000 | BM36: =BL36/$BG36 -> #DIV/0! | BO36: =BN36/$BG36 -> #DIV/0! | BQ36: =BP36/$BG36 -> #DIV/0! | BS36: =BR36/$BG36 -> #DIV/0! | BU36: =BT36/$BG36 -> #DIV/0! | BW36: =BV36/$BG36 -> #DIV/0! | BY36: =BX36/$BG36 -> #DIV/0! | CA36: =BZ36/$BG36 -> #DIV/0! | CC36: =CB36/$BG36 -> #DIV/0! | CE36: =CD36/$BG36 -> #DIV/0! | CF36: =BH36+BJ36+BL36+BN36+BP36+BR36+BT36+BV36+BX36+BZ36+CB36+CD36 -> 7000 | CG36: =CF36/(BG36*12) -> #DIV/0!
A37: RECEITAS DIRETORIA DE VELA | B37: 190000 | C37: 117636.65 | D37: 156848.87 | E37: 211191.31 | F37: =E37/12 -> 17599.276 | G37: =SUM(G38:G43) -> 12846.33 | H37: =G37/F37 -> 0.72993515 | I37: =SUM(I38:I43) -> 4987.91 | J37: =I37/F37 -> 0.28341564 | K37: =SUM(K38:K43) -> 21777.97 | L37: =K37/F37 -> 1.2374356 | M37: =SUM(M38:M43) -> 20435.48 | N37: =M37/F37 -> 1.1611546 | O37: =SUM(O38:O43) -> 28418.51 | P37: =O37/$F37 -> 1.6147545 | Q37: =SUM(Q38:Q43) -> 35794.29 | R37: =Q37/$F37 -> 2.0338502 | S37: =SUM(S38:S43) -> 20759.11 | T37: =S37/$F37 -> 1.1795434 | U37: =SUM(U38:U43) -> 19684 | V37: =U37/$F37 -> 1.1184551 | W37: =SUM(W38:W43) -> 23802.5 | X37: =W37/$F37 -> 1.3524704 | Y37: =G37+I37+K37+M37+O37+Q37+S37+U37+W37 -> 188506.1 | Z37: =Y37/$E37 -> 0.89258455 | AA37: =(Y37/9) -> 20945.122 | AB37: =SUM(AB38:AB43) -> 21603.482 | AG37: =SUM(AG38:AG49) -> 21067.16 | AH37: =AG37/$AB37 -> 0.97517427 | AI37: =SUM(AI38:AI49) -> 26852 | AJ37: =AI37/$AB37 -> 1.2429478 | AK37: =SUM(AK38:AK49) -> 0 | AL37: =AK37/$AB37 -> 0 | AM37: =SUM(AM38:AM49) -> 21110 | AN37: =AM37/$AB37 -> 0.97715728 | AO37: =SUM(AO38:AO49) -> 0 | AP37: =AO37/$AB37 -> 0 | AQ37: =SUM(AQ38:AQ49) -> 2700 | AR37: =AQ37/$AB37 -> 0.12497985 | AS37: =SUM(AS38:AS49) -> 102.93 | AT37: =AS37/$AB37 -> 0.0047645097 | AU37: =SUM(AU38:AU49) -> 0 | AV37: =AU37/$AB37 -> 0 | AW37: =SUM(AW38:AW49) -> 20008 | AX37: =AW37/$AB37 -> 0.92614699 | AY37: =SUM(AY38:AY49) -> 21149.33 | AZ37: =AY37/$AB37 -> 0.97897782 | BA37: =SUM(BA38:BA43) -> 112989.42 | BB37: =BA37/(AB37*12) -> 0.43584571 | BC37: =BA37/9 -> 12554.38 | BD37: =SUM(BD38:BD49) -> 28147.634 | BE37: =BD37*12 -> 337771.6 | BF37: =SUM(BF38:BF43) -> 319400 | BG37: =BF37/12 -> 26616.667 | BH37: =SUM(BH38:BH43) -> 0 | BI37: =BH37/$BG37 -> 0 | BJ37: =SUM(BJ38:BJ43) -> 13720 | BK37: =BJ37/$BG37 -> 0.5154665 | BL37: =SUM(BL38:BL43) -> 28543 | BM37: =BL37/$BG37 -> 1.0723732 | BN37: =SUM(BN38:BN43) -> 28580.09 | BO37: =BN37/$BG37 -> 1.0737667 | BP37: =SUM(BP38:BP43) -> 21120 | BQ37: =BP37/$BG37 -> 0.79348779 | BR37: =SUM(BR38:BR43) -> 47977.01 | BS37: =BR37/$BG37 -> 1.8025176 | BT37: =SUM(BT38:BT43) -> 34110 | BU37: =BT37/$BG37 -> 1.2815279 | BV37: =SUM(BV38:BV43) -> 34537.33 | BW37: =BV37/$BG37 -> 1.2975828 | BX37: =SUM(BX38:BX43) -> 27020.01 | BY37: =BX37/$BG37 -> 1.0151538 | BZ37: 38040.02 | CA37: =BZ37/$BG37 -> 1.4291805 | CB37: =SUM(CB38:CB43) -> 19463.8 | CC37: =CB37/$BG37 -> 0.73126362 | CD37: =SUM(CD38:CD43) -> 21121.4 | CE37: =CD37/$BG37 -> 0.79354039 | CF37: =SUM(CF38:CF43) -> 314232.66 | CG37: =CF37/(BG37*12) -> 0.98382173
A38: Eventos Náuticos | E38: 10000 | F38: =E38/12 -> 833.33333 | H38: =G38/F38 -> 0 | J38: =I38/F38 -> 0 | L38: =K38/F38 -> 0 | N38: =M38/F38 -> 0 | O38: 6979 | P38: =O38/$F38 -> 8.3748 | Q38: 2812 | R38: =Q38/$F38 -> 3.3744 | S38: 3530 | T38: =S38/$F38 -> 4.236 | V38: =U38/$F38 -> 0 | X38: =W38/$F38 -> 0 | Y38: =G38+I38+K38+M38+O38+Q38+S38+U38+W38 -> 13321 | Z38: =Y38/$E38 -> 1.3321 | AA38: =(Y38/9) -> 1480.1111 | AB38: =AA38*AC7 -> 1539.3156 | AD38: =AB38/AA38 -> 1.04 | AG38: 3163 | AH38: =AG38/$AB38 -> 2.0548094 | AI38: 6706 | AJ38: =AI38/$AB38 -> 4.3564817 | AL38: =AK38/$AB38 -> 0 | AM38: 1050 | AN38: =AM38/$AB38 -> 0.68212135 | AP38: =AO38/$AB38 -> 0 | AR38: =AQ38/$AB38 -> 0 | AT38: =AS38/$AB38 -> 0 | AV38: =AU38/$AB38 -> 0 | AX38: =AW38/$AB38 -> 0 | AZ38: =AY38/$AB38 -> 0 | BA38: =AG38+AI38+AK38+AM38+AO38+AQ38+AS38+AU38+AW38+AY38 -> 10919 | BB38: =BA38/(AB38*12) -> 0.5911177 | BC38: =BA38/9 -> 1213.2222 | BD38: =AB38*BA1 -> 1600.8882 | BE38: =BD38*12 -> 19210.658 | BF38: 20000 | BG38: =BF38/12 -> 1666.6667 | BI38: =BH38/$BG38 -> 0 | BJ38: 8190 | BK38: =BJ38/$BG38 -> 4.914 | BM38: =BL38/$BG38 -> 0 | BN38: 1350 | BO38: =BN38/$BG38 -> 0.81 | BP38: 920 | BQ38: =BP38/$BG38 -> 0.552 | BR38: 12727 | BS38: =BR38/$BG38 -> 7.6362 | BT38: 5100 | BU38: =BT38/$BG38 -> 3.06 | BV38: 4774 | BW38: =BV38/$BG38 -> 2.8644 | BX38: 1550 | BY38: =BX38/$BG38 -> 0.93 | BZ38: 6800 | CA38: =BZ38/$BG38 -> 4.08 | CB38: 2550 | CC38: =CB38/$BG38 -> 1.53 | CD38: 1150 | CE38: =CD38/$BG38 -> 0.69 | CF38: =BH38+BJ38+BL38+BN38+BP38+BR38+BT38+BV38+BX38+BZ38+CB38+CD38 -> 45111 | CG38: =CF38/(BG38*12) -> 2.25555
A39: Inscrições de regatas | BF39: 25000 | BG39: =BF39/12 -> 2083.3333 | BI39: =BH39/$BG39 -> 0 | BK39: =BJ39/$BG39 -> 0 | BM39: =BL39/$BG39 -> 0 | BO39: =BN39/$BG39 -> 0 | BP39: 900 | BQ39: =BP39/$BG39 -> 0.432 | BR39: 19400.01 | BS39: =BR39/$BG39 -> 9.3120048 | BT39: 17150 | BU39: =BT39/$BG39 -> 8.232 | BV39: 12940.99 | BW39: =BV39/$BG39 -> 6.2116752 | BX39: 10890.08 | BY39: =BX39/$BG39 -> 5.2272384 | BZ39: 6000 | CA39: =BZ39/$BG39 -> 2.88 | CB39: 2700 | CC39: =CB39/$BG39 -> 1.296 | CE39: =CD39/$BG39 -> 0 | CF39: =BH39+BJ39+BL39+BN39+BP39+BR39+BT39+BV39+BX39+BZ39+CB39+CD39 -> 69981.08 | CG39: =CF39/(BG39*12) -> 2.7992432
A40: Uniforme flotilha | K40: 4029 | O40: 4821 | P40: =O40/$F40 -> #DIV/0! | Q40: 10273.14 | R40: =Q40/$F40 -> #DIV/0! | S40: 663.6 | T40: =S40/$F40 -> #DIV/0! | V40: =U40/$F40 -> #DIV/0! | X40: =W40/$F40 -> #DIV/0! | Y40: =G40+I40+K40+M40+O40+Q40+S40+U40+W40 -> 19786.74 | AA40: =(Y40/9) -> 2198.5267 | AB40: 0 | AE40: Precisa definir como será a política de uniformes | AH40: =AG40/$AB40 -> #DIV/0! | AJ40: =AI40/$AB40 -> #DIV/0! | AL40: =AK40/$AB40 -> #DIV/0! | AN40: =AM40/$AB40 -> #DIV/0! | AP40: =AO40/$AB40 -> #DIV/0! | AR40: =AQ40/$AB40 -> #DIV/0! | AT40: =AS40/$AB40 -> #DIV/0! | AV40: =AU40/$AB40 -> #DIV/0! | AX40: =AW40/$AB40 -> #DIV/0! | AZ40: =AY40/$AB40 -> #DIV/0! | BA40: =AG40+AI40+AK40+AM40+AO40+AQ40+AS40+AU40+AW40+AY40 -> 0 | BB40: =BA40/(AB40*12) -> #DIV/0! | BC40: =BA40/9 -> 0 | BE40: =BD40*12 -> 0 | BF40: 0 | BG40: =BF40/12 -> 0 | BI40: =BH40/$BG40 -> #DIV/0! | BK40: =BJ40/$BG40 -> #DIV/0! | BL40: 11091.01 | BM40: =BL40/$BG40 -> #DIV/0! | BN40: 8969 | BO40: =BN40/$BG40 -> #DIV/0! | BQ40: =BP40/$BG40 -> #DIV/0! | BS40: =BR40/$BG40 -> #DIV/0! | BU40: =BT40/$BG40 -> #DIV/0! | BV40: 580 | BW40: =BV40/$BG40 -> #DIV/0! | BY40: =BX40/$BG40 -> #DIV/0! | CA40: =BZ40/$BG40 -> #DIV/0! | CC40: =CB40/$BG40 -> #DIV/0! | CE40: =CD40/$BG40 -> #DIV/0! | CF40: =BH40+BJ40+BL40+BN40+BP40+BR40+BT40+BV40+BX40+BZ40+CB40+CD40 -> 20640.01 | CG40: =CF40/(BG40*12) -> #DIV/0!
A41: FEVESP - Patrocinio (juizes) | E41: 36500 | F41: =E41/12 -> 3041.6667 | H41: =G41/F41 -> 0 | J41: =I41/F41 -> 0 | L41: =K41/F41 -> 0 | N41: =M41/F41 -> 0 | P41: =O41/$F41 -> 0 | R41: =Q41/$F41 -> 0 | T41: =S41/$F41 -> 0 | V41: =U41/$F41 -> 0 | X41: =W41/$F41 -> 0 | Y41: =G41+I41+K41+M41+O41+Q41+S41+U41+W41 -> 0 | Z41: =Y41/$E41 -> 0 | AA41: =(Y41/9) -> 0 | AB41: =17570/12 -> 1464.1667 | AE41: Valor que fevesp reembolsa de juizes | AH41: =AG41/$AB41 -> 0 | AJ41: =AI41/$AB41 -> 0 | AL41: =AK41/$AB41 -> 0 | AN41: =AM41/$AB41 -> 0 | AP41: =AO41/$AB41 -> 0 | AR41: =AQ41/$AB41 -> 0 | AT41: =AS41/$AB41 -> 0 | AV41: =AU41/$AB41 -> 0 | AX41: =AW41/$AB41 -> 0 | AZ41: =AY41/$AB41 -> 0 | BA41: =AG41+AI41+AK41+AM41+AO41+AQ41+AS41+AU41+AW41+AY41 -> 0 | BB41: =BA41/(AB41*12) -> 0 | BC41: =BA41/9 -> 0 | BD41: =AB41*BA1 -> 1522.7333 | BE41: =BD41*12 -> 18272.8 | BF41: 0 | BG41: =BF41/12 -> 0 | BI41: =BH41/$BG41 -> #DIV/0! | BK41: =BJ41/$BG41 -> #DIV/0! | BM41: =BL41/$BG41 -> #DIV/0! | BO41: =BN41/$BG41 -> #DIV/0! | BQ41: =BP41/$BG41 -> #DIV/0! | BS41: =BR41/$BG41 -> #DIV/0! | BU41: =BT41/$BG41 -> #DIV/0! | BW41: =BV41/$BG41 -> #DIV/0! | BY41: =BX41/$BG41 -> #DIV/0! | CA41: =BZ41/$BG41 -> #DIV/0! | CC41: =CB41/$BG41 -> #DIV/0! | CE41: =CD41/$BG41 -> #DIV/0! | CF41: =BH41+BJ41+BL41+BN41+BP41+BR41+BT41+BV41+BX41+BZ41+CB41+CD41 -> 0 | CG41: =CF41/(BG41*12) -> #DIV/0!
A42: aluguel de barcos para sócios | B42: 18846.836 | C42: 32878.26 | D42: 43837.68 | E42: 9000 | F42: =E42/12 -> 750 | G42: 1825 | H42: =G42/F42 -> 2.4333333 | I42: 2369 | J42: =I42/F42 -> 3.1586667 | K42: 1444 | L42: =K42/F42 -> 1.9253333 | M42: 705 | N42: =M42/F42 -> 0.94 | O42: 200 | P42: =O42/$F42 -> 0.26666667 | R42: =Q42/$F42 -> 0 | S42: 147 | T42: =S42/$F42 -> 0.196 | U42: 400 | V42: =U42/$F42 -> 0.53333333 | W42: 4410 | X42: =W42/$F42 -> 5.88 | Y42: =G42+I42+K42+M42+O42+Q42+S42+U42+W42 -> 11500 | Z42: =Y42/$E42 -> 1.2777778 | AA42: =(Y42/9) -> 1277.7778 | AB42: 0 | AD42: =AB42/AA42 -> 0 | AE42: Zerar aluguel barcos conforme solicitado | AG42: 1324.16 | AH42: =AG42/$AB42 -> #DIV/0! | AI42: 556 | AJ42: =AI42/$AB42 -> #DIV/0! | AL42: =AK42/$AB42 -> #DIV/0! | AM42: 470 | AN42: =AM42/$AB42 -> #DIV/0! | AP42: =AO42/$AB42 -> #DIV/0! | AR42: =AQ42/$AB42 -> #DIV/0! | AT42: =AS42/$AB42 -> #DIV/0! | AV42: =AU42/$AB42 -> #DIV/0! | AW42: 480 | AX42: =AW42/$AB42 -> #DIV/0! | AY42: 905 | AZ42: =AY42/$AB42 -> #DIV/0! | BA42: =AG42+AI42+AK42+AM42+AO42+AQ42+AS42+AU42+AW42+AY42 -> 3735.16 | BB42: =BA42/(AB42*12) -> #DIV/0! | BC42: =BA42/9 -> 415.01778 | BD42: =BC42*BA1 -> 431.61849 | BE42: =BD42*12 -> 5179.4219 | BF42: 11000 | BG42: =BF42/12 -> 916.66667 | BI42: =BH42/$BG42 -> 0 | BK42: =BJ42/$BG42 -> 0 | BM42: =BL42/$BG42 -> 0 | BO42: =BN42/$BG42 -> 0 | BQ42: =BP42/$BG42 -> 0 | BS42: =BR42/$BG42 -> 0 | BU42: =BT42/$BG42 -> 0 | BW42: =BV42/$BG42 -> 0 | BY42: =BX42/$BG42 -> 0 | CA42: =BZ42/$BG42 -> 0 | CC42: =CB42/$BG42 -> 0 | CE42: =CD42/$BG42 -> 0 | CF42: =BH42+BJ42+BL42+BN42+BP42+BR42+BT42+BV42+BX42+BZ42+CB42+CD42 -> 0 | CG42: =CF42/(BG42*12) -> 0
A43: Acompanhamento | B43: 190000 | C43: 117636.65 | D43: 156848.87 | E43: 164691.31 | F43: =E43/12 -> 13724.276 | G43: 11021.33 | H43: =G43/F43 -> 0.80305366 | I43: 2618.91 | J43: =I43/F43 -> 0.19082318 | K43: =16304.97 -> 16304.97 | L43: =K43/F43 -> 1.1880386 | M43: 19730.48 | N43: =M43/F43 -> 1.4376336 | O43: 16418.51 | P43: =O43/$F43 -> 1.1963116 | Q43: 22709.15 | R43: =Q43/$F43 -> 1.6546702 | S43: 16418.51 | T43: =S43/$F43 -> 1.1963116 | U43: 19284 | V43: =U43/$F43 -> 1.4051015 | W43: 19392.5 | X43: =W43/$F43 -> 1.4130072 | Y43: =G43+I43+K43+M43+O43+Q43+S43+U43+W43 -> 143898.36 | Z43: =Y43/$E43 -> 0.87374592 | AA43: =(Y43/9) -> 15988.707 | AB43: 18600 | AD43: =AB43/AA43 -> 1.1633211 | AE43: aumentamos o valor do acompanhamento para equilibrar com as despesas da dir. vela (autonomos, combustivel e manut) | AG43: 16580 | AH43: =AG43/$AB43 -> 0.89139785 | AI43: 19590 | AJ43: =AI43/$AB43 -> 1.0532258 | AL43: =AK43/$AB43 -> 0 | AM43: 19590 | AN43: =AM43/$AB43 -> 1.0532258 | AP43: =AO43/$AB43 -> 0 | AQ43: 2700 | AR43: =AQ43/$AB43 -> 0.14516129 | AS43: 102.93 | AT43: =AS43/$AB43 -> 0.005533871 | AV43: =AU43/$AB43 -> 0 | AW43: 19528 | AX43: =AW43/$AB43 -> 1.0498925 | AY43: 20244.33 | AZ43: =AY43/$AB43 -> 1.0884048 | BA43: =AG43+AI43+AK43+AM43+AO43+AQ43+AS43+AU43+AW43+AY43 -> 98335.26 | BB43: =BA43/(AB43*12) -> 0.44057016 | BC43: =BA43/9 -> 10926.14 | BD43: =AB43*BA1 -> 19344 | BE43: =BD43*12 -> 232128 | BF43: 263400 | BG43: =BF43/12 -> 21950 | BI43: =BH43/$BG43 -> 0 | BJ43: 5530 | BK43: =BJ43/$BG43 -> 0.25193622 | BL43: 17451.99 | BM43: =BL43/$BG43 -> 0.79507927 | BN43: 18261.09 | BO43: =BN43/$BG43 -> 0.83194032 | BP43: 19300 | BQ43: =BP43/$BG43 -> 0.87927107 | BR43: 15850 | BS43: =BR43/$BG43 -> 0.72209567 | BT43: 11860 | BU43: =BT43/$BG43 -> 0.54031891 | BV43: 16242.34 | BW43: =BV43/$BG43 -> 0.73996993 | BX43: 14579.93 | BY43: =BX43/$BG43 -> 0.66423371 | BZ43: 25240.02 | CA43: =BZ43/$BG43 -> 1.149887 | CB43: 14213.8 | CC43: =CB43/$BG43 -> 0.64755353 | CD43: 19971.4 | CE43: =CD43/$BG43 -> 0.90985877 | CF43: =BH43+BJ43+BL43+BN43+BP43+BR43+BT43+BV43+BX43+BZ43+CB43+CD43 -> 178500.57 | CG43: =CF43/(BG43*12) -> 0.6776787
A44: RECEITAS DIRETORIA SOCIAL | BF44: =SUM(BF45:BF48) -> 62980.73 | BG44: =BF44/12 -> 5248.3942 | BH44: =SUM(BH45:BH48) -> 0 | BI44: =BH44/$BG44 -> 0 | BJ44: =SUM(BJ45:BJ48) -> 0 | BK44: =BJ44/$BG44 -> 0 | BL44: =SUM(BL45:BL48) -> 0 | BM44: =BL44/$BG44 -> 0 | BN44: =SUM(BN45:BN48) -> 0 | BO44: =BN44/$BG44 -> 0 | BP44: =SUM(BP45:BP48) -> 0 | BQ44: =BP44/$BG44 -> 0 | BR44: =SUM(BR45:BR48) -> 0 | BS44: =BR44/$BG44 -> 0 | BT44: =SUM(BT45:BT48) -> 0 | BU44: =BT44/$BG44 -> 0 | BV44: =SUM(BV45:BV48) -> 0 | BW44: =BV44/$BG44 -> 0 | BX44: =SUM(BX45:BX48) -> 80 | BY44: =BX44/$BG44 -> 0.015242758 | BZ44: 2155 | CA44: =BZ44/$BG44 -> 0.41060178 | CB44: =SUM(CB45:CB48) -> 1920 | CC44: =CB44/$BG44 -> 0.36582618 | CD44: =SUM(CD45:CD48) -> 28854 | CE44: =CD44/$BG44 -> 5.4976816 | CF44: =SUM(CF45:CF48) -> 33009 | CG44: =CF44/(BG44*12) -> 0.52411269
A45: Festas Oktoberfest | B45: 2000 | C45: 100 | D45: 100 | E45: 3000 | F45: =E45/12 -> 250 | H45: =G45/F45 -> 0 | J45: =I45/F45 -> 0 | L45: =K45/F45 -> 0 | N45: =M45/F45 -> 0 | P45: =O45/$F45 -> 0 | R45: =Q45/$F45 -> 0 | T45: =S45/$F45 -> 0 | V45: =U45/$F45 -> 0 | X45: =W45/$F45 -> 0 | Y45: =G45+I45+K45+M45+O45+Q45+S45+U45+W45 -> 0 | Z45: =Y45/$E45 -> 0 | AA45: =(Y45/9) -> 0 | AB45: =AA45*$AC$7 -> 0 | AE45: Vamos manter como nos anos anteriores, somente para sócios e sem venda de convites | AH45: =AG45/$AB45 -> #DIV/0! | AJ45: =AI45/$AB45 -> #DIV/0! | AL45: =AK45/$AB45 -> #DIV/0! | AN45: =AM45/$AB45 -> #DIV/0! | AP45: =AO45/$AB45 -> #DIV/0! | AR45: =AQ45/$AB45 -> #DIV/0! | AT45: =AS45/$AB45 -> #DIV/0! | AV45: =AU45/$AB45 -> #DIV/0! | AX45: =AW45/$AB45 -> #DIV/0! | AZ45: =AY45/$AB45 -> #DIV/0! | BA45: =AG45+AI45+AK45+AM45+AO45+AQ45+AS45+AU45+AW45+AY45 -> 0 | BB45: =BA45/(AB45*12) -> #DIV/0! | BC45: =BA45/9 -> 0 | BD45: 0 | BE45: =BD45*12 -> 0 | BF45: 0 | BG45: =BF45/12 -> 0 | BI45: =BH45/$BG45 -> #DIV/0! | BK45: =BJ45/$BG45 -> #DIV/0! | BM45: =BL45/$BG45 -> #DIV/0! | BO45: =BN45/$BG45 -> #DIV/0! | BQ45: =BP45/$BG45 -> #DIV/0! | BS45: =BR45/$BG45 -> #DIV/0! | BU45: =BT45/$BG45 -> #DIV/0! | BW45: =BV45/$BG45 -> #DIV/0! | BX45: 80 | BY45: =BX45/$BG45 -> #DIV/0! | BZ45: 2155 | CA45: =BZ45/$BG45 -> #DIV/0! | CC45: =CB45/$BG45 -> #DIV/0! | CE45: =CD45/$BG45 -> #DIV/0! | CF45: =BH45+BJ45+BL45+BN45+BP45+BR45+BT45+BV45+BX45+BZ45+CB45+CD45 -> 2235 | CG45: =CF45/(BG45*12) -> #DIV/0!
A46: Festa Flash Back | B46: 22093.928 | C46: 11720 | D46: 11720 | E46: 12306 | F46: =E46/12 -> 1025.5 | H46: =G46/F46 -> 0 | J46: =I46/F46 -> 0 | K46: 360 | L46: =K46/F46 -> 0.35104827 | M46: 12249 | N46: =M46/F46 -> 11.944417 | O46: 770 | P46: =O46/$F46 -> 0.75085324 | R46: =Q46/$F46 -> 0 | T46: =S46/$F46 -> 0 | V46: =U46/$F46 -> 0 | X46: =W46/$F46 -> 0 | Y46: =G46+I46+K46+M46+O46+Q46+S46+U46+W46 -> 13379 | Z46: =Y46/$E46 -> 1.0871932 | AA46: =Y46/12 -> 1114.9167 | AB46: =AA46*$AC$7 -> 1159.5133 | AD46: =AB46/AA46 -> 1.04 | AE46: Manter o mesmo valor de 2019 | AH46: =AG46/$AB46 -> 0 | AJ46: =AI46/$AB46 -> 0 | AL46: =AK46/$AB46 -> 0 | AN46: =AM46/$AB46 -> 0 | AP46: =AO46/$AB46 -> 0 | AR46: =AQ46/$AB46 -> 0 | AT46: =AS46/$AB46 -> 0 | AV46: =AU46/$AB46 -> 0 | AX46: =AW46/$AB46 -> 0 | AZ46: =AY46/$AB46 -> 0 | BA46: =AG46+AI46+AK46+AM46+AO46+AQ46+AS46+AU46+AW46+AY46 -> 0 | BB46: =BA46/(AB46*12) -> 0 | BC46: =BA46/9 -> 0 | BD46: =AB46*BA1 -> 1205.8939 | BE46: =BD46*12 -> 14470.726 | BF46: 14470.73 | BG46: =BF46/12 -> 1205.8942 | BI46: =BH46/$BG46 -> 0 | BK46: =BJ46/$BG46 -> 0 | BM46: =BL46/$BG46 -> 0 | BO46: =BN46/$BG46 -> 0 | BQ46: =BP46/$BG46 -> 0 | BS46: =BR46/$BG46 -> 0 | BU46: =BT46/$BG46 -> 0 | BW46: =BV46/$BG46 -> 0 | BY46: =BX46/$BG46 -> 0 | CA46: =BZ46/$BG46 -> 0 | CC46: =CB46/$BG46 -> 0 | CE46: =CD46/$BG46 -> 0 | CF46: =BH46+BJ46+BL46+BN46+BP46+BR46+BT46+BV46+BX46+BZ46+CB46+CD46 -> 0 | CG46: =CF46/(BG46*12) -> 0
A47: Festas Junina | B47: 38903.25 | C47: 35749.7 | D47: 35749.7 | E47: 37537.185 | F47: =E47/12 -> 3128.0987 | H47: =G47/F47 -> 0 | J47: =I47/F47 -> 0 | L47: =K47/F47 -> 0 | N47: =M47/F47 -> 0 | O47: 925 | P47: =O47/$F47 -> 0.29570678 | Q47: 43925.22 | R47: =Q47/$F47 -> 14.042146 | T47: =S47/$F47 -> 0 | V47: =U47/$F47 -> 0 | X47: =W47/$F47 -> 0 | Y47: =G47+I47+K47+M47+O47+Q47+S47+U47+W47 -> 44850.22 | Z47: =Y47/$E47 -> 1.1948211 | AA47: =Y47/12 -> 3737.5183 | AB47: =AA47*$AC$7 -> 3887.0191 | AD47: =AB47/AA47 -> 1.04 | AE47: Manter o mesmo valor de 2019 | AH47: =AG47/$AB47 -> 0 | AJ47: =AI47/$AB47 -> 0 | AL47: =AK47/$AB47 -> 0 | AN47: =AM47/$AB47 -> 0 | AP47: =AO47/$AB47 -> 0 | AR47: =AQ47/$AB47 -> 0 | AT47: =AS47/$AB47 -> 0 | AV47: =AU47/$AB47 -> 0 | AX47: =AW47/$AB47 -> 0 | AZ47: =AY47/$AB47 -> 0 | BA47: =AG47+AI47+AK47+AM47+AO47+AQ47+AS47+AU47+AW47+AY47 -> 0 | BB47: =BA47/(AB47*12) -> 0 | BC47: =BA47/9 -> 0 | BD47: =AB47*BA1 -> 4042.4998 | BE47: =BD47*12 -> 48509.998 | BF47: 48510 | BG47: =BF47/12 -> 4042.5 | BI47: =BH47/$BG47 -> 0 | BK47: =BJ47/$BG47 -> 0 | BM47: =BL47/$BG47 -> 0 | BO47: =BN47/$BG47 -> 0 | BQ47: =BP47/$BG47 -> 0 | BS47: =BR47/$BG47 -> 0 | BU47: =BT47/$BG47 -> 0 | BW47: =BV47/$BG47 -> 0 | BY47: =BX47/$BG47 -> 0 | CA47: =BZ47/$BG47 -> 0 | CC47: =CB47/$BG47 -> 0 | CE47: =CD47/$BG47 -> 0 | CF47: =BH47+BJ47+BL47+BN47+BP47+BR47+BT47+BV47+BX47+BZ47+CB47+CD47 -> 0 | CG47: =CF47/(BG47*12) -> 0
A48: Festas Hallowycsa / bazar / concerto | B48: 5225 | D48: 3720 | E48: 3906 | F48: =E48/12 -> 325.5 | H48: =G48/F48 -> 0 | J48: =I48/F48 -> 0 | L48: =K48/F48 -> 0 | N48: =M48/F48 -> 0 | P48: =O48/$F48 -> 0 | R48: =Q48/$F48 -> 0 | T48: =S48/$F48 -> 0 | V48: =U48/$F48 -> 0 | X48: =W48/$F48 -> 0 | Y48: =G48+I48+K48+M48+O48+Q48+S48+U48+W48 -> 0 | Z48: =Y48/$E48 -> 0 | AA48: =(Y48/9) -> 0 | AB48: =AA48*$AC$7 -> 0 | AE48: Somente para as crianças - sem receita | AH48: =AG48/$AB48 -> #DIV/0! | AJ48: =AI48/$AB48 -> #DIV/0! | AL48: =AK48/$AB48 -> #DIV/0! | AN48: =AM48/$AB48 -> #DIV/0! | AP48: =AO48/$AB48 -> #DIV/0! | AR48: =AQ48/$AB48 -> #DIV/0! | AT48: =AS48/$AB48 -> #DIV/0! | AV48: =AU48/$AB48 -> #DIV/0! | AX48: =AW48/$AB48 -> #DIV/0! | AZ48: =AY48/$AB48 -> #DIV/0! | BA48: =AG48+AI48+AK48+AM48+AO48+AQ48+AS48+AU48+AW48+AY48 -> 0 | BB48: =BA48/(AB48*12) -> #DIV/0! | BC48: =BA48/9 -> 0 | BD48: 0 | BE48: =BD48*12 -> 0 | BF48: 0 | BG48: =BF48/12 -> 0 | BI48: =BH48/$BG48 -> #DIV/0! | BK48: =BJ48/$BG48 -> #DIV/0! | BM48: =BL48/$BG48 -> #DIV/0! | BO48: =BN48/$BG48 -> #DIV/0! | BQ48: =BP48/$BG48 -> #DIV/0! | BS48: =BR48/$BG48 -> #DIV/0! | BU48: =BT48/$BG48 -> #DIV/0! | BW48: =BV48/$BG48 -> #DIV/0! | BY48: =BX48/$BG48 -> #DIV/0! | CA48: =BZ48/$BG48 -> #DIV/0! | CB48: 1920 | CC48: =CB48/$BG48 -> #DIV/0! | CD48: 28854 | CE48: =CD48/$BG48 -> #DIV/0! | CF48: =BH48+BJ48+BL48+BN48+BP48+BR48+BT48+BV48+BX48+BZ48+CB48+CD48 -> 30774 | CG48: =CF48/(BG48*12) -> #DIV/0!
Y49: =G49+I49+K49+M49+O49+Q49+S49+U49+W49 -> 0
A50: DESPESAS TOTAIS | B50: 3558376.7 | C50: 2337774.6 | D50: 3164745.4 | E50: 3494730.9 | F50: =E50/12 -> 291227.57 | G50: =G52+G92+G114+G133+G149+G156 -> 229268.12 | H50: =G50/F50 -> 0.7872473 | I50: =I52+I92+I114+I133+I149+I156 -> 327899.84 | J50: =I50/F50 -> 1.1259231 | K50: =K52+K92+K114+K133+K149+K156 -> 322567.03 | L50: =K50/F50 -> 1.1076116 | M50: =M52+M92+M114+M133+M149+M156 -> 348375.5 | N50: =M50/F50 -> 1.1962312 | O50: =O52+O92+O114+O133+O149+O156 -> 337945.19 | P50: =O50/$F50 -> 1.1604162 | Q50: =Q52+Q92+Q114+Q133+Q149+Q156 -> 359046.02 | R50: =Q50/$F50 -> 1.232871 | S50: =S52+S92+S114+S133+S149+S156 -> 255277.85 | T50: =S50/$F50 -> 0.87655797 | U50: =U52+U92+U114+U133+U149+U156 -> 290185.58 | V50: =U50/$F50 -> 0.99642207 | W50: =W52+W92+W114+W133+W149+W156 -> 320964.07 | X50: =W50/$F50 -> 1.1021074 | Y50: =G50+I50+K50+M50+O50+Q50+S50+U50+W50 -> 2791529.2 | Z50: =Y50/$E50 -> 0.79878231 | AA50: =(Y50/9) -> 310169.91 | AB50: =AB52+AB92+AB114+AB133+AB149+AB156 -> 315288.21 | AG50: =AG52+AG92+AG114+AG133+AG149+AG156 -> 254196.65 | AH50: =AG50/$AB50 -> 0.80623584 | AI50: =AI52+AI92+AI114+AI133+AI149 -> 275874.2 | AJ50: =AI50/$AB50 -> 0.87499055 | AK50: =AK52+AK92+AK114+AK133+AK149 -> 0 | AL50: =AK50/$AB50 -> 0 | AM50: =AM52+AM92+AM114+AM133+AM149 -> 274096.4 | AN50: =AM50/$AB50 -> 0.8693519 | AO50: =AO52+AO92+AO114+AO133+AO149 -> 209152.97 | AP50: =AO50/$AB50 -> 0.66337074 | AQ50: =AQ52+AQ92+AQ114+AQ133+AQ149 -> 165088.31 | AR50: =AQ50/$AB50 -> 0.5236108 | AS50: =AS52+AS92+AS114+AS133+AS149 -> 160202.27 | AT50: =AS50/$AB50 -> 0.50811374 | AU50: =AU52+AU92+AU114+AU133+AU149 -> 169894.96 | AV50: =AU50/$AB50 -> 0.53885606 | AW50: =AW52+AW92+AW114+AW133+AW149 -> 193335.6 | AX50: =AW50/$AB50 -> 0.61320277 | AY50: =AY52+AY92+AY114+AY133+AY149 -> 226980.51 | AZ50: =AY50/$AB50 -> 0.71991437 | BA50: =AG50+AI50+AK50+AM50+AO50+AQ50+AS50+AU50+AW50+AY50 -> 1928821.9 | BB50: =BA50/(AB50*12) -> 0.5098039 | BC50: =BA50/9 -> 214313.54 | BD50: =BD52+BD92+BD114+BD133+BD149 -> 322961.91 | BE50: =BD50*12 -> 3875542.9 | BF50: =BF52+BF92+BF114+BF133+BF149+BF156+BF161 -> 3715933.1 | BG50: =BF50/12 -> 309661.09 | BH50: =BH52+BH92+BH114+BH133+BH149+BH156+BH161 -> 267320.77 | BI50: =BH50/$BG50 -> 0.86326883 | BJ50: =BJ52+BJ92+BJ114+BJ133+BJ149+BJ156+BJ161 -> 275220.68 | BK50: =BJ50/$BG50 -> 0.8887803 | BL50: =BL52+BL92+BL114+BL133+BL149+BL156+BL161 -> 315857.35 | BM50: =BL50/$BG50 -> 1.0200098 | BN50: =BN52+BN92+BN114+BN133+BN149+BN156+BN161 -> 291099.9 | BO50: =BN50/$BG50 -> 0.94005965 | BP50: =BP52+BP92+BP114+BP133+BP149+BP156+BP161 -> 313266.52 | BQ50: =BP50/$BG50 -> 1.0116431 | BR50: =BR52+BR92+BR114+BR133+BR149+BR156+BR161 -> 422255.75 | BS50: =BR50/$BG50 -> 1.3636061 | BT50: =BT52+BT92+BT114+BT133+BT149+BT156+BT161 -> 402757.12 | BU50: =BT50/$BG50 -> 1.3006384 | BV50: =BV52+BV92+BV114+BV133+BV149+BV156+BV161 -> 331592.18 | BW50: =BV50/$BG50 -> 1.0708229 | BX50: =BX52+BX92+BX114+BX133+BX149+BX156+BX161 -> 344307.19 | BY50: =BX50/$BG50 -> 1.1118839 | BZ50: 345043.82 | CA50: =BZ50/$BG50 -> 1.1142627 | CB50: =CB52+CB92+CB114+CB133+CB149+CB156+CB161 -> 369281.6 | CC50: =CB50/$BG50 -> 1.1925347 | CD50: =CD52+CD92+CD114+CD133+CD149+CD156+CD161 -> 540451.11 | CE50: =CD50/$BG50 -> 1.7452987 | CF50: =CF52+CF92+CF114+CF133+CF149+CF156+CF161 -> 4212454 | CG50: =CF50/(BG50*12) -> 1.1336194
A52: Diretor Secretário | B52: 2257537.6 | C52: 1555709.9 | D52: 2097218.5 | E52: 2244672.8 | F52: =E52/12 -> 187056.06 | G52: =G53+G66+G68+G76+G83 -> 164969.24 | H52: =G52/F52 -> 0.88192404 | I52: =I53+I66+I68+I76+I83 -> 167945.22 | J52: =I52/F52 -> 0.8978336 | K52: =K53+K66+K68+K76+K83 -> 191888.45 | L52: =K52/F52 -> 1.0258339 | M52: =M53+M66+M68+M76+M83 -> 183228.44 | N52: =M52/F52 -> 0.97953756 | O52: =O53+O66+O68+O76+O83 -> 202183.99 | P52: =O52/$F52 -> 1.0808738 | Q52: =Q53+Q66+Q68+Q76+Q83 -> 200127.27 | R52: =Q52/$F52 -> 1.0698785 | S52: =S53+S66+S68+S76+S83 -> 178157.16 | T52: =S52/$F52 -> 0.95242654 | U52: =U53+U66+U68+U76+U83 -> 193449.71 | V52: =U52/$F52 -> 1.0341804 | W52: =W53+W66+W68+W76+W83 -> 186807.99 | X52: =W52/$F52 -> 0.9986738 | Y52: =G52+I52+K52+M52+O52+Q52+S52+U52+W52 -> 1668757.5 | Z52: =Y52/$E52 -> 0.74343018 | AA52: =(Y52/9) -> 185417.5 | AB52: =AB53+AB66+AB68+AB76+AB83 -> 195291.52 | AG52: =AG53+AG66+AG68+AG76+AG83 -> 183176.78 | AH52: =AG52/$AB52 -> 0.93796587 | AI52: =AI53+AI66+AI68+AI76+AI83 -> 183424.59 | AJ52: =AI52/$AB52 -> 0.93923479 | AK52: =AK53+AK66+AK68+AK76+AK83 -> 0 | AL52: =AK52/$AB52 -> 0 | AM52: =AM53+AM66+AM68+AM76+AM83 -> 204490.21 | AN52: =AM52/$AB52 -> 1.0471024 | AO52: =AO53+AO66+AO68+AO76+AO83 -> 167920.77 | AP52: =AO52/$AB52 -> 0.85984671 | AQ52: =AQ53+AQ66+AQ68+AQ76+AQ83 -> 129929.66 | AR52: =AQ52/$AB52 -> 0.66531133 | AS52: =AS53+AS66+AS68+AS76+AS83 -> 118794.28 | AT52: =AS52/$AB52 -> 0.60829206 | AU52: =AU53+AU66+AU68+AU76+AU83 -> 132437.86 | AV52: =AU52/$AB52 -> 0.67815469 | AW52: =AW53+AW66+AW68+AW76+AW83 -> 143074.66 | AX52: =AW52/$AB52 -> 0.73262096 | AY52: =AY53+AY66+AY68+AY76+AY83 -> 147005.3 | AZ52: =AY52/$AB52 -> 0.75274799 | BA52: =AG52+AI52+AK52+AM52+AO52+AQ52+AS52+AU52+AW52+AY52 -> 1410254.1 | BB52: =BA52/(AB52*12) -> 0.60177306 | BC52: =BA52/9 -> 156694.9 | BD52: =BD53+BD66+BD68+BD76+BD83 -> 208035.76 | BE52: =BD52*12 -> 2496429.1 | BF52: =BF53+BF66+BF68+BF76+BF83 -> 2429005.1 | BG52: =BF52/12 -> 202417.09 | BH52: =BH53+BH66+BH68+BH76+BH83 -> 166268.59 | BI52: =BH52/$BG52 -> 0.82141577 | BJ52: =BJ53+BJ66+BJ68+BJ76+BJ83 -> 163871.17 | BK52: =BJ52/$BG52 -> 0.80957181 | BL52: =BL53+BL66+BL68+BL76+BL83 -> 231216.25 | BM52: =BL52/$BG52 -> 1.1422763 | BN52: =BN53+BN66+BN68+BN76+BN83 -> 192801.58 | BO52: =BN52/$BG52 -> 0.95249655 | BP52: =BP53+BP66+BP68+BP76+BP83 -> 173473.15 | BQ52: =BP52/$BG52 -> 0.85700842 | BR52: =BR53+BR66+BR68+BR76+BR83 -> 302813.23 | BS52: =BR52/$BG52 -> 1.4959865 | BT52: =BT53+BT66+BT68+BT76+BT83 -> 191697.18 | BU52: =BT52/$BG52 -> 0.94704049 | BV52: =BV53+BV66+BV68+BV76+BV83 -> 216934.97 | BW52: =BV52/$BG52 -> 1.0717226 | BX52: =BX53+BX66+BX68+BX76+BX83 -> 176903.81 | BY52: =BX52/$BG52 -> 0.87395689 | BZ52: 210957.6 | CA52: =BZ52/$BG52 -> 1.0421926 | CB52: =CB53+CB66+CB68+CB76+CB83 -> 234141 | CC52: =CB52/$BG52 -> 1.1567255 | CD52: =CD53+CD66+CD68+CD76+CD83 -> 316874.06 | CE52: =CD52/$BG52 -> 1.5654511 | CF52: =CF53+CF66+CF68+CF76+CF83 -> 2577952.6 | CG52: =CF52/(BG52*12) -> 1.0613204
A53: Despesas com Pessoal | B53: 1738417.7 | C53: 1222462.1 | D53: 1630381.8 | E53: 1739210.8 | F53: =E53/12 -> 144934.23 | G53: =SUM(G54:G65) -> 116679.49 | H53: =G53/F53 -> 0.80505127 | I53: =SUM(I54:I65) -> 126221.04 | J53: =I53/F53 -> 0.87088493 | K53: =SUM(K54:K65) -> 147059.4 | L53: =K53/F53 -> 1.014663 | M53: =SUM(M54:M65) -> 145751.01 | N53: =M53/F53 -> 1.0056355 | O53: =SUM(O54:O65) -> 151925.05 | P53: =O53/$F53 -> 1.0482344 | Q53: =SUM(Q54:Q65) -> 160164.23 | R53: =Q53/$F53 -> 1.1050821 | S53: =SUM(S54:S65) -> 131913.22 | T53: =S53/$F53 -> 0.91015915 | U53: =SUM(U54:U65) -> 144160.74 | V53: =U53/$F53 -> 0.99466313 | W53: =SUM(W54:W65) -> 141017.44 | X53: =W53/$F53 -> 0.97297537 | Y53: =G53+I53+K53+M53+O53+Q53+S53+U53+W53 -> 1264891.6 | Z53: =Y53/$E53 -> 0.72727907 | AA53: =(Y53/9) -> 140543.51 | AB53: =SUM(AB54:AB65) -> 141899.18 | AC53: 141900 | AD53: =AB53/AA53 -> 1.0096459 | AG53: =SUM(AG54:AG65) -> 122262.36 | AH53: =AG53/$AB53 -> 0.86161426 | AI53: =SUM(AI54:AI65) -> 127626.24 | AJ53: =AI53/$AB53 -> 0.8994149 | AK53: =SUM(AK54:AK65) -> 0 | AL53: =AK53/$AB53 -> 0 | AM53: =SUM(AM54:AM65) -> 132632.66 | AN53: =AM53/$AB53 -> 0.93469643 | AO53: =SUM(AO54:AO65) -> 117904.63 | AP53: =AO53/$AB53 -> 0.83090422 | AQ53: =SUM(AQ54:AQ65) -> 101588.69 | AR53: =AQ53/$AB53 -> 0.7159216 | AS53: =SUM(AS54:AS65) -> 92475.19 | AT53: =AS53/$AB53 -> 0.65169642 | AU53: =SUM(AU54:AU65) -> 107549.15 | AV53: =AU53/$AB53 -> 0.75792649 | AW53: =SUM(AW54:AW65) -> 112715.35 | AX53: =AW53/$AB53 -> 0.79433403 | AY53: =SUM(AY54:AY65) -> 118610.91 | AZ53: =AY53/$AB53 -> 0.83588155 | BA53: =AG53+AI53+AK53+AM53+AO53+AQ53+AS53+AU53+AW53+AY53 -> 1033365.2 | BB53: =BA53/(AB53*12) -> 0.60686582 | BC53: =BA53/9 -> 114818.35 | BD53: =SUM(BD54:BD65) -> 150960.9 | BE53: =BD53*12 -> 1811530.8 | BF53: =SUM(BF54:BF65) -> 1812646.8 | BG53: =BF53/12 -> 151053.9 | BH53: =SUM(BH54:BH65) -> 120840.49 | BI53: =BH53/$BG53 -> 0.79998257 | BJ53: =SUM(BJ54:BJ65) -> 123141.35 | BK53: =BJ53/$BG53 -> 0.81521462 | BL53: =SUM(BL54:BL65) -> 165072.48 | BM53: =BL53/$BG53 -> 1.0928051 | BN53: =SUM(BN54:BN65) -> 147395.4 | BO53: =BN53/$BG53 -> 0.97578015 | BP53: =SUM(BP54:BP65) -> 130474.56 | BQ53: =BP53/$BG53 -> 0.86376159 | BR53: =SUM(BR54:BR65) -> 223596.38 | BS53: =BR53/$BG53 -> 1.4802423 | BT53: =SUM(BT54:BT65) -> 121300.58 | BU53: =BT53/$BG53 -> 0.80302844 | BV53: =SUM(BV54:BV65) -> 122313.76 | BW53: =BV53/$BG53 -> 0.80973584 | BX53: =SUM(BX54:BX65) -> 131293.58 | BY53: =BX53/$BG53 -> 0.86918363 | BZ53: 130394.45 | CA53: =BZ53/$BG53 -> 0.86323125 | CB53: =SUM(CB54:CB65) -> 139035.41 | CC53: =CB53/$BG53 -> 0.92043573 | CD53: =SUM(CD54:CD65) -> 231830.56 | CE53: =CD53/$BG53 -> 1.5347539 | CF53: =SUM(CF54:CF65) -> 1786689 | CG53: =CF53/(BG53*12) -> 0.98567959
A54: Salários (exceto Escola de Vela) | B54: 899956.18 | C54: 650232.38 | D54: 866976.51 | E54: 901655.57 | F54: =E54/12 -> 75137.964 | G54: =64945.46+1585.79 -> 66531.25 | H54: =G54/F54 -> 0.88545452 | I54: =73644.14+874.27+2566.32-514.27 -> 76570.46 | J54: =I54/F54 -> 1.0190649 | K54: =80783.95 -> 80783.95 | L54: =K54/F54 -> 1.0751416 | M54: =78012.59 -> 78012.59 | N54: =M54/F54 -> 1.038258 | O54: =80466.71-43.44 -> 80423.27 | P54: =O54/$F54 -> 1.0703414 | Q54: =76902.8 -> 76902.8 | R54: =Q54/$F54 -> 1.0234879 | S54: =66487.61-118.67 -> 66368.94 | T54: =S54/$F54 -> 0.88329436 | U54: =71683.7 -> 71683.7 | V54: =U54/$F54 -> 0.95402771 | W54: =72308.97-1320.67 -> 70988.3 | X54: =W54/$F54 -> 0.94477274 | Y54: =G54+I54+K54+M54+O54+Q54+S54+U54+W54 -> 668265.26 | Z54: =Y54/$E54 -> 0.74115359 | AA54: =(Y54/9) -> 74251.696 | AB54: 74308.24 | AD54: =AB54/AA54 -> 1.0007615 | AG54: =70398.11 -> 70398.11 | AH54: =AG54/$AB54 -> 0.94737959 | AI54: 69548.55 | AJ54: =AI54/$AB54 -> 0.93594667 | AL54: =AK54/$AB54 -> 0 | AM54: 64198.5 | AN54: =AM54/$AB54 -> 0.8639486 | AO54: 45211.94 | AP54: =AO54/$AB54 -> 0.60843777 | AQ54: =53940.03-28.73 -> 53911.3 | AR54: =AQ54/$AB54 -> 0.72550904 | AS54: 55956.43 | AT54: =AS54/$AB54 -> 0.75303129 | AU54: =63454.06 -> 63454.06 | AV54: =AU54/$AB54 -> 0.85393033 | AW54: 72224.12 | AX54: =AW54/$AB54 -> 0.97195304 | AY54: =76684.34-197.67 -> 76486.67 | AZ54: =AY54/$AB54 -> 1.0293161 | BA54: =AG54+AI54+AK54+AM54+AO54+AQ54+AS54+AU54+AW54+AY54 -> 571389.68 | BB54: =BA54/(AB54*12) -> 0.64078771 | BC54: =BA54/9 -> 63487.742 | BD54: =AB54*BA1 -> 77280.57 | BE54: =BD54*12 -> 927366.84 | BF54: 927366.84 | BG54: =BF54/12 -> 77280.57 | BH54: =68506.65-534.49 -> 67972.16 | BI54: =BH54/$BG54 -> 0.87955045 | BJ54: =76975.17-735.76 -> 76239.41 | BK54: =BJ54/$BG54 -> 0.98652753 | BL54: =78612.64-139.82 -> 78472.82 | BM54: =BL54/$BG54 -> 1.0154276 | BN54: 87946.8 | BO54: =BN54/$BG54 -> 1.1380196 | BP54: =84745.59-85.13 -> 84660.46 | BQ54: =BP54/$BG54 -> 1.0954948 | BR54: 60968.04 | BS54: =BR54/$BG54 -> 0.78891809 | BT54: =70226.3-24.95 -> 70201.35 | BU54: =BT54/$BG54 -> 0.90839586 | BV54: =75802.87-104.07 -> 75698.8 | BW54: =BV54/$BG54 -> 0.97953211 | BX54: =75741.02-104.07 -> 75636.95 | BY54: =BX54/$BG54 -> 0.97873178 | BZ54: 80536.91 | CA54: =BZ54/$BG54 -> 1.0421366 | CB54: =85222.16-2367.08 -> 82855.08 | CC54: =CB54/$BG54 -> 1.0721334 | CD54: =81733.09-3328 -> 78405.09 | CE54: =CD54/$BG54 -> 1.0145511 | CF54: =BH54+BJ54+BL54+BN54+BP54+BR54+BT54+BV54+BX54+BZ54+CB54+CD54 -> 919593.87 | CG54: =CF54/(BG54*12) -> 0.99161824
A55: Funcionários terceirizados | K55: 5402.7 | O55: 171.42 | P55: =O55/$F55 -> #DIV/0! | R55: =Q55/$F55 -> #DIV/0! | T55: =S55/$F55 -> #DIV/0! | V55: =U81/$F55 -> #DIV/0! | X55: =W81/$F55 -> #DIV/0! | Y55: =G55+I55+K55+M55+O55+Q55+S55+U55+W55 -> 5574.12 | AB55: =AA55*$AC$8 -> 0 | AH55: =AG55/$AB55 -> #DIV/0! | AJ55: =AI55/$AB55 -> #DIV/0! | AL55: =AK55/$AB55 -> #DIV/0! | AM55: 178.57 | AN55: =AM55/$AB55 -> #DIV/0! | AP55: =AO55/$AB55 -> #DIV/0! | BA55: =AG55+AI55+AK55+AM55+AO55+AQ55+AS55+AU55+AW55+AY55 -> 178.57 | BB55: =BA55/(AB55*12) -> #DIV/0! | BC55: =BA55/9 -> 19.841111 | BE55: =BD55*12 -> 0 | BG55: =BF55/12 -> 0 | BI55: =BH55/$BG55 -> #DIV/0! | BK55: =BJ55/$BG55 -> #DIV/0! | BM55: =BL55/$BG55 -> #DIV/0! | BO55: =BN55/$BG55 -> #DIV/0! | BQ55: =BP55/$BG55 -> #DIV/0! | BS55: =BR55/$BG55 -> #DIV/0! | BU55: =BT55/$BG55 -> #DIV/0! | BW55: =BV55/$BG55 -> #DIV/0! | BY55: =BX55/$BG55 -> #DIV/0! | CA55: =BZ55/$BG55 -> #DIV/0! | CC55: =CB55/$BG55 -> #DIV/0! | CE55: =CD55/$BG55 -> #DIV/0! | CF55: =BH55+BJ55+BL55+BN55+BP55+BR55+BT55+BV55+BX55+BZ55+CB55+CD55 -> 0 | CG55: =CF55/(BG55*12) -> #DIV/0!
A56: Gratificação espontânea | B56: 63527.2 | C56: 15277.74 | D56: 20370.32 | E56: 50000 | F56: =E56/12 -> 4166.6667 | G56: 370.75 | H56: =G56/F56 -> 0.08898 | I56: 581.88 | J56: =I56/F56 -> 0.1396512 | K56: 679.3 | L56: =K56/F56 -> 0.163032 | M56: 654 | N56: =M56/F56 -> 0.15696 | O56: 2377.88 | P56: =O56/$F56 -> 0.5706912 | Q56: 3038 | R56: =Q56/$F56 -> 0.72912 | S56: 1838 | T56: =S56/$F56 -> 0.44112 | U56: 1700 | V56: =U56/$F56 -> 0.408 | W56: 1028.5 | X56: =W56/$F56 -> 0.24684 | Y56: =G56+I56+K56+M56+O56+Q56+S56+U56+W56 -> 12268.31 | Z56: =Y56/$E56 -> 0.2453662 | AA56: =(Y56/9) -> 1363.1456 | AB56: =AA56*$AC$8 -> 1404.0399 | AD56: =AB56/AA56 -> 1.03 | AG56: 378.1 | AH56: =AG56/$AB56 -> 0.26929434 | AI56: 2421.55 | AJ56: =AI56/$AB56 -> 1.7247017 | AL56: =AK56/$AB56 -> 0 | AM56: 692.7 | AN56: =AM56/$AB56 -> 0.49336204 | AP56: =AO56/$AB56 -> 0 | AR56: =AQ56/$AB56 -> 0 | AT56: =AS56/$AB56 -> 0 | AV56: =AU56/$AB56 -> 0 | AX56: =AW56/$AB56 -> 0 | AZ56: =AY56/$AB56 -> 0 | BA56: =AG56+AI56+AK56+AM56+AO56+AQ56+AS56+AU56+AW56+AY56 -> 3492.35 | BB56: =BA56/(AB56*12) -> 0.20727984 | BC56: =BA56/9 -> 388.03889 | BD56: =AB56*BA1 -> 1460.2015 | BE56: =BD56*12 -> 17522.418 | BF56: 17522.42 | BG56: =BF56/12 -> 1460.2017 | BH56: 245.7 | BI56: =BH56/$BG56 -> 0.16826443 | BK56: =BJ56/$BG56 -> 0 | BL56: 860 | BM56: =BL56/$BG56 -> 0.58895974 | BN56: 854 | BO56: =BN56/$BG56 -> 0.58485072 | BP56: 730 | BQ56: =BP56/$BG56 -> 0.49993095 | BR56: 19586.68 | BS56: =BR56/$BG56 -> 13.413681 | BT56: 2102.58 | BU56: =BT56/$BG56 -> 1.4399244 | BV56: 2127.58 | BW56: =BV56/$BG56 -> 1.4570453 | BX56: 3150.43 | BY56: =BX56/$BG56 -> 2.1575308 | BZ56: 4021.28 | CA56: =BZ56/$BG56 -> 2.753921 | CB56: 1707.2 | CC56: =CB56/$BG56 -> 1.1691536 | CD56: 2193.55 | CE56: =CD56/$BG56 -> 1.502224 | CF56: =BH56+BJ56+BL56+BN56+BP56+BR56+BT56+BV56+BX56+BZ56+CB56+CD56 -> 37579 | CG56: =CF56/(BG56*12) -> 2.1446239
A57: Encargos | B57: 338161.17 | C57: 260017.26 | D57: 346689.68 | E57: 360557.27 | F57: =E57/12 -> 30046.439 | G57: =21259.87+6669.76+833.72 -> 28763.35 | H57: =G57/F57 -> 0.95729647 | I57: =20053.39+6291.25+810.42 -> 27155.06 | J57: =I57/F57 -> 0.90376966 | K57: =21574.8+6768.57+860.27 -> 29203.64 | L57: =K57/F57 -> 0.97195012 | M57: =21170.82+6857.7+830.23 -> 28858.75 | N57: =M57/F57 -> 0.96047156 | O57: =23042.66+15272.77+903.63 -> 39219.06 | P57: =O57/$F57 -> 1.3052815 | Q57: =22351.57+7125.69+876.53 -> 30353.79 | R57: =Q57/$F57 -> 1.0102292 | S57: =22405.95+7251.05-475.66+878.65 -> 30059.99 | T57: =S57/$F57 -> 1.000451 | U57: =20727.09+6502.62+849 -> 28078.71 | V57: =U57/$F57 -> 0.93451041 | W57: =23283.78+6581.11+913.09-47.86 -> 30730.12 | X57: =W57/$F57 -> 1.0227541 | Y57: =G57+I57+K57+M57+O57+Q57+S57+U57+W57 -> 272422.47 | Z57: =Y57/$E57 -> 0.7555595 | AA57: =(Y57/9) -> 30269.163 | AB57: 32318 | AD57: =AB57/AA57 -> 1.0676873 | AG57: =21814.43+6373.97+796.75 -> 28985.15 | AH57: =AG57/$AB57 -> 0.89687326 | AI57: =22504.84+6575.71+821.94 -> 29902.49 | AJ57: =AI57/$AB57 -> 0.92525806 | AL57: =AK57/$AB57 -> 0 | AM57: =23270.43+6799.41+849.92 -> 30919.76 | AN57: =AM57/$AB57 -> 0.95673495 | AO57: =21894.31-1799.24+6397.31+799.66 -> 27292.04 | AP57: =AO57/$AB57 -> 0.84448419 | AQ57: =17184.97+5021.27+627.66 -> 22833.9 | AR57: =AQ57/$AB57 -> 0.70653815 | AS57: =16856.48-989.1+4488.84+561.11 -> 20917.33 | AT57: =AS57/$AB57 -> 0.64723467 | AU57: =17622.67+5149.17+643.65 -> 23415.49 | AV57: =AU57/$AB57 -> 0.72453401 | AW57: =19774.52+5777.92+722.24 -> 26274.68 | AX57: =AW57/$AB57 -> 0.81300452 | AY57: =20941.59+6118.93+764.87 -> 27825.39 | AZ57: =AY57/$AB57 -> 0.86098738 | BA57: =AG57+AI57+AK57+AM57+AO57+AQ57+AS57+AU57+AW57+AY57 -> 238366.23 | BB57: =BA57/(AB57*12) -> 0.61463743 | BC57: =BA57/9 -> 26485.137 | BD57: =AB57*BA1 -> 33610.72 | BE57: =BD57*12 -> 403328.64 | BF57: 403328.64 | BG57: =BF57/12 -> 33610.72 | BH57: =21661.08+6446.54+790.12 -> 28897.74 | BI57: =BH57/$BG57 -> 0.85977748 | BJ57: =24133+7042.28+880.28 -> 32055.56 | BK57: =BJ57/$BG57 -> 0.95373024 | BL57: =22350.22+30132.56+815.26 -> 53298.04 | BM57: =BL57/$BG57 -> 1.5857453 | BN57: =26630.76+7771.15+2179.4 -> 36581.31 | BO57: =BN57/$BG57 -> 1.0883822 | BP57: =23970.43+2265.26+3452.21 -> 29687.9 | BQ57: =BP57/$BG57 -> 0.88328664 | BR57: =26310.1+43251.75+2203.83 -> 71765.68 | BS57: =BR57/$BG57 -> 2.1352021 | BT57: =20566.68+6132.26+2098.6 -> 28797.54 | BU57: =BT57/$BG57 -> 0.85679628 | BV57: =21336.1+6226.12+1725.43 -> 29287.65 | BW57: =BV57/$BG57 -> 0.87137824 | BX57: =23147.74+6754.78+1841.16 -> 31743.68 | BY57: =BX57/$BG57 -> 0.94445106 | BZ57: 31874 | CA57: =BZ57/$BG57 -> 0.94832839 | CB57: =23929.84+9740.27-0.08+1821.1 -> 35491.13 | CC57: =CB57/$BG57 -> 1.0559467 | CD57: =43917.45+9927.64+5572.9 -> 59417.99 | CE57: =CD57/$BG57 -> 1.7678285 | CF57: =BH57+BJ57+BL57+BN57+BP57+BR57+BT57+BV57+BX57+BZ57+CB57+CD57 -> 468898.22 | CG57: =CF57/(BG57*12) -> 1.1625711
A58: Rescisões Contratuais | B58: 18000 | C58: 7414 | D58: 9885.3333 | E58: 18000 | F58: =E58/12 -> 1500 | H58: =G58/F58 -> 0 | J58: =I58/F58 -> 0 | L58: =K58/F58 -> 0 | N58: =M58/F58 -> 0 | P58: =O58/$F58 -> 0 | R58: =Q58/$F58 -> 0 | T58: =S58/$F58 -> 0 | V58: =U58/$F58 -> 0 | W58: 9373.55 | X58: =W58/$F58 -> 6.2490333 | Y58: =G58+I58+K58+M58+O58+Q58+S58+U58+W58 -> 9373.55 | Z58: =Y58/$E58 -> 0.52075278 | AA58: =(Y58/9) -> 1041.5056 | AB58: =AA58*$AC$8 -> 1072.7507 | AD58: =AB58/AA58 -> 1.03 | AH58: =AG58/$AB58 -> 0 | AJ58: =AI58/$AB58 -> 0 | AL58: =AK58/$AB58 -> 0 | AN58: =AM58/$AB58 -> 0 | AP58: =AO58/$AB58 -> 0 | AR58: =AQ58/$AB58 -> 0 | AT58: =AS58/$AB58 -> 0 | AV58: =AU58/$AB58 -> 0 | AX58: =AW58/$AB58 -> 0 | AZ58: =AY58/$AB58 -> 0 | BA58: =AG58+AI58+AK58+AM58+AO58+AQ58+AS58+AU58+AW58+AY58 -> 0 | BB58: =BA58/(AB58*12) -> 0 | BC58: =BA58/9 -> 0 | BD58: =AB58*BA1 -> 1115.6608 | BE58: =BD58*12 -> 13387.929 | BF58: 13000 | BG58: =BF58/12 -> 1083.3333 | BI58: =BH58/$BG58 -> 0 | BK58: =BJ58/$BG58 -> 0 | BL58: 12726.48 | BM58: =BL58/$BG58 -> 11.74752 | BO58: =BN58/$BG58 -> 0 | BQ58: =BP58/$BG58 -> 0 | BR58: 24624.42 | BS58: =BR58/$BG58 -> 22.730234 | BU58: =BT58/$BG58 -> 0 | BW58: =BV58/$BG58 -> 0 | BY58: =BX58/$BG58 -> 0 | CA58: =BZ58/$BG58 -> 0 | CC58: =CB58/$BG58 -> 0 | CE58: =CD58/$BG58 -> 0 | CF58: =BH58+BJ58+BL58+BN58+BP58+BR58+BT58+BV58+BX58+BZ58+CB58+CD58 -> 37350.9 | CG58: =CF58/(BG58*12) -> 2.8731462
A59: Férias+Encargos | B59: 127925.6 | C59: 86194.6 | D59: 114926.13 | E59: 119523.18 | F59: =E59/12 -> 9960.2649 | G59: =16665.88-8286.26-2776 -> 5603.62 | H59: =G59/F59 -> 0.56259749 | I59: =6816.14-8286.26-2776 -> -4246.12 | J59: =I59/F59 -> -0.42630593 | K59: =8060.51+4065.7+1361.32 -> 13487.53 | L59: =K59/F59 -> 1.3541337 | M59: =7506.99+1505.69+504.4 -> 9517.08 | N59: =M59/F59 -> 0.95550471 | O59: =13150.2+900.65+301.73 -> 14352.58 | P59: =O59/$F59 -> 1.4409838 | Q59: =11782.96-1983.62-664.53 -> 9134.81 | R59: =Q59/$F59 -> 0.91712521 | S59: =20303.39-11090.75-3715.39 -> 5497.25 | T59: =S59/$F59 -> 0.55191805 | U59: =11517.12-2776.58-930.17 -> 7810.37 | V59: =U59/$F59 -> 0.78415284 | W59: =20009.39-14105.61-4725.38 -> 1178.4 | X59: =W59/$F59 -> 0.11831011 | Y59: =G59+I59+K59+M59+O59+Q59+S59+U59+W59 -> 62335.52 | Z59: =Y59/$E59 -> 0.52153499 | AA59: =(Y59/9) -> 6926.1689 | AB59: 7000 | AD59: =AB59/AA59 -> 1.0106597 | AG59: =8898.44 -> 8898.44 | AH59: =AG59/$AB59 -> 1.2712057 | AI59: 12791.68 | AJ59: =AI59/$AB59 -> 1.8273829 | AL59: =AK59/$AB59 -> 0 | AM59: =21629.9 -> 21629.9 | AN59: =AM59/$AB59 -> 3.0899857 | AO59: 40813.29 | AP59: =AO59/$AB59 -> 5.83047 | AQ59: =12903.55 -> 12903.55 | AR59: =AQ59/$AB59 -> 1.8433643 | AS59: 4231.62 | AT59: =AS59/$AB59 -> 0.60451714 | AU59: =4988.16 -> 4988.16 | AV59: =AU59/$AB59 -> 0.71259429 | AX59: =AW59/$AB59 -> 0 | AZ59: =AY59/$AB59 -> 0 | BA59: =AG59+AI59+AK59+AM59+AO59+AQ59+AS59+AU59+AW59+AY59 -> 106256.64 | BB59: =BA59/(AB59*12) -> 1.26496 | BC59: =BA59/9 -> 11806.293 | BD59: =BC59*BA1 -> 12278.545 | BE59: =BD59*12 -> 147342.54 | BF59: 147342.54 | BG59: =BF59/12 -> 12278.545 | BH59: =10795.95 -> 10795.95 | BI59: =BH59/$BG59 -> 0.8792532 | BK59: =BJ59/$BG59 -> 0 | BL59: 4831.61 | BM59: =BL59/$BG59 -> 0.39350021 | BN59: =8338.58 -> 8338.58 | BO59: =BN59/$BG59 -> 0.67911792 | BP59: 2045.04 | BQ59: =BP59/$BG59 -> 0.16655394 | BR59: =26376.65 -> 26376.65 | BS59: =BR59/$BG59 -> 2.1481902 | BT59: =3758.01 -> 3758.01 | BU59: =BT59/$BG59 -> 0.30606314 | BW59: =BV59/$BG59 -> 0 | BX59: =5647.2 -> 5647.2 | BY59: =BX59/$BG59 -> 0.4599242 | CA59: =BZ59/$BG59 -> 0 | CB59: 494.21 | CC59: =CB59/$BG59 -> 0.040249883 | CD59: =3250.8 -> 3250.8 | CE59: =CD59/$BG59 -> 0.2647545 | CF59: =BH59+BJ59+BL59+BN59+BP59+BR59+BT59+BV59+BX59+BZ59+CB59+CD59 -> 65538.05 | CG59: =CF59/(BG59*12) -> 0.4448006
A60: 13º salario+Encargos | B60: 104061.83 | C60: 74806.71 | D60: 99742.28 | E60: 103731.97 | F60: =E60/12 -> 8644.3309 | G60: =1389.98+5467.19+1831.51 -> 8688.68 | H60: =G60/F60 -> 1.0051304 | I60: =5467.19+1831.51 -> 7298.7 | J60: =I60/F60 -> 0.84433371 | K60: =7669.16+2569.15 -> 10238.31 | L60: =K60/F60 -> 1.1843959 | M60: =6649.42+2011.71 -> 8661.13 | N60: =M60/F60 -> 1.0019434 | O60: =1017.96+6054.8+2028.29 -> 9101.05 | P60: =O60/$F60 -> 1.0528345 | Q60: =1418+7699.89+2466 -> 11583.89 | R60: =Q60/$F60 -> 1.3400563 | S60: =2773+7051.12+2140.28 -> 11964.4 | T60: =S60/$F60 -> 1.3840747 | U60: =6704.13+2245.86 -> 8949.99 | V60: =U60/$F60 -> 1.0353595 | W60: =4888.1-361.87-7.79 -> 4518.44 | X60: =W60/$F60 -> 0.52270558 | Y60: =G60+I60+K60+M60+O60+Q60+S60+U60+W60 -> 81004.59 | Z60: =Y60/$E60 -> 0.78090283 | AA60: =(Y60/9) -> 9000.51 | AB60: 7827.96 | AD60: =AB60/AA60 -> 0.86972405 | AH60: =AG60/$AB60 -> 0 | AJ60: =AI60/$AB60 -> 0 | AL60: =AK60/$AB60 -> 0 | AN60: =AM60/$AB60 -> 0 | AP60: =AO60/$AB60 -> 0 | AR60: =AQ60/$AB60 -> 0 | AT60: =AS60/$AB60 -> 0 | AV60: =AU60/$AB60 -> 0 | AX60: =AW60/$AB60 -> 0 | AZ60: =AY60/$AB60 -> 0 | BA60: =AG60+AI60+AK60+AM60+AO60+AQ60+AS60+AU60+AW60+AY60 -> 0 | BB60: =BA60/(AB60*12) -> 0 | BC60: =BA60/9 -> 0 | BD60: =AB60*BA1 -> 8141.0784 | BE60: =BD60*12 -> 97692.941 | BF60: 97692.94 | BG60: =BF60/12 -> 8141.0783 | BI60: =BH60/$BG60 -> 0 | BK60: =BJ60/$BG60 -> 0 | BL60: 1563.08 | BM60: =BL60/$BG60 -> 0.19199914 | BO60: =BN60/$BG60 -> 0 | BQ60: =BP60/$BG60 -> 0 | BR60: 6913.14 | BS60: =BR60/$BG60 -> 0.84916761 | BT60: 1663.5 | BU60: =BT60/$BG60 -> 0.20433411 | BW60: =BV60/$BG60 -> 0 | BY60: =BX60/$BG60 -> 0 | CA60: =BZ60/$BG60 -> 0 | CB60: 358.05 | CC60: =CB60/$BG60 -> 0.04398066 | CD60: =73017.61-1633.5 -> 71384.11 | CE60: =CD60/$BG60 -> 8.7683851 | CF60: =BH60+BJ60+BL60+BN60+BP60+BR60+BT60+BV60+BX60+BZ60+CB60+CD60 -> 81881.88 | CG60: =CF60/(BG60*12) -> 0.83815555
A61: Benefícios ( vale transp. + cesta básica ) | B61: 37996.749 | C61: 30225.11 | D61: 40300.147 | E61: 42315.154 | F61: =E61/12 -> 3526.2628 | G61: =2455.6-1061.66+1948.68-36 -> 3306.62 | H61: =G61/F61 -> 0.93771229 | I61: =2576.72-1061.66+1948.68-36 -> 3427.74 | J61: =I61/F61 -> 0.97206027 | K61: =(708.88+1619.26)-1061.66+2067.32-38+108.6-36 -> 3368.4 | L61: =K61/F61 -> 0.95523226 | M61: =2573.78-891.5+2063.4-38 -> 3707.68 | N61: =M61/F61 -> 1.0514474 | O61: =2180.9-1065.16+1954.8-38 -> 3032.54 | P61: =O61/$F61 -> 0.85998694 | Q61: =1949.5-1077.08+7660.77-36-5585.27 -> 2911.92 | R61: =Q61/$F61 -> 0.82578076 | S61: =2282.22-1330.63+1963.8-36 -> 2879.39 | T61: =S61/$F61 -> 0.8165557 | U61: =2012.88-1171.96+2063.4-36 -> 2868.32 | V61: =U61/$F61 -> 0.81341639 | W61: =1984.54-1171.96+1954.8-36 -> 2731.38 | X61: =W61/$F61 -> 0.77458208 | Y61: =G61+I61+K61+M61+O61+Q61+S61+U61+W61 -> 28233.99 | Z61: =Y61/$E61 -> 0.66723118 | AA61: =(Y61/9) -> 3137.11 | AB61: =AA61*$AC$8 -> 3231.2233 | AD61: =AB61/AA61 -> 1.03 | AG61: =1765.77-811.76+1931.2-34 -> 2851.21 | AH61: =AG61/$AB61 -> 0.88239336 | AI61: =1759.04-944.94+1616.2-34 -> 2396.3 | AJ61: =AI61/$AB61 -> 0.74160768 | AL61: =AK61/$AB61 -> 0 | AM61: =1531.11-1039.56+1946.83-34 -> 2404.38 | AN61: =AM61/$AB61 -> 0.74410828 | AO61: =-675.48+1937.49-34 -> 1228.01 | AP61: =AO61/$AB61 -> 0.38004492 | AQ61: =1937.49-34 -> 1903.49 | AR61: =AQ61/$AB61 -> 0.58909268 | AS61: =770.57-386.4+1937.49-34 -> 2287.66 | AT61: =AS61/$AB61 -> 0.70798573 | AU61: =1385-386.4+1937.49-34 -> 2902.09 | AV61: =AU61/$AB61 -> 0.89813972 | AW61: =959.11-647.22+1937.49-34 -> 2215.38 | AX61: =AW61/$AB61 -> 0.6856165 | AY61: =959.11-647.22+1937.49-34 -> 2215.38 | AZ61: =AY61/$AB61 -> 0.6856165 | BA61: =AG61+AI61+AK61+AM61+AO61+AQ61+AS61+AU61+AW61+AY61 -> 20403.9 | BB61: =BA61/(AB61*12) -> 0.52621711 | BC61: =BA61/9 -> 2267.1 | BD61: =AB61*BA1 -> 3360.4722 | BE61: =BD61*12 -> 40325.667 | BF61: 40325.67 | BG61: =BF61/12 -> 3360.4725 | BH61: =820.98-484.92+2004.13-34 -> 2306.19 | BI61: =BH61/$BG61 -> 0.68626956 | BJ61: =1118.25-668.88+2091.26-36 -> 2504.63 | BK61: =BJ61/$BG61 -> 0.74532078 | BL61: =842.44-668.88+2012.12-36 -> 2149.68 | BM61: =BL61/$BG61 -> 0.63969576 | BN61: =860.53-668.88+2020.77-34 -> 2178.42 | BO61: =BN61/$BG61 -> 0.64824813 | BP61: =871.91-738.12+2012.12-34 -> 2111.91 | BQ61: =BP61/$BG61 -> 0.62845627 | BR61: =733.97-738.12+1657.04-247.84 -> 1405.05 | BS61: =BR61/$BG61 -> 0.41811085 | BT61: =713.09-693.66+1657.04-30 -> 1646.47 | BU61: =BT61/$BG61 -> 0.48995193 | BV61: =713.09-548.76+1884.32-30 -> 2018.65 | BW61: =BV61/$BG61 -> 0.60070422 | BX61: =1380.9-548.76+2452.53-32 -> 3252.67 | BY61: =BX61/$BG61 -> 0.96792043 | BZ61: 2027.56 | CA61: =BZ61/$BG61 -> 0.60335563 | CB61: =3409.2-30+416.51-548.76 -> 3246.95 | CC61: =CB61/$BG61 -> 0.96621829 | CD61: =451.12-327.6+2360.32-30 -> 2453.84 | CE61: =CD61/$BG61 -> 0.73020684 | CF61: =BH61+BJ61+BL61+BN61+BP61+BR61+BT61+BV61+BX61+BZ61+CB61+CD61 -> 27302.02 | CG61: =CF61/(BG61*12) -> 0.67703822
A62: Alimentação de funcionários | B62: 110511.12 | C62: 70044.3 | D62: 93392.4 | E62: 98062.02 | F62: =E62/12 -> 8171.835 | G62: =168-36 -> 132 | H62: =G62/F62 -> 0.016153043 | I62: =12272-136 -> 12136 | J62: =I62/F62 -> 1.485101 | L62: =K62/F62 -> 0 | M62: =12881-36 -> 12845 | N62: =M62/F62 -> 1.5718624 | O62: -36 | P62: =O62/$F62 -> -0.0044053753 | Q62: =5585.27+17404.5-34 -> 22955.77 | R62: =Q62/$F62 -> 2.8091328 | S62: =10058-36 -> 10022 | T62: =S62/$F62 -> 1.2264075 | U62: =10034.5-36+9682 -> 19680.5 | V62: =U62/$F62 -> 2.408333 | W62: =14053-36 -> 14017 | X62: =W62/$F62 -> 1.7152818 | Y62: =G62+I62+K62+M62+O62+Q62+S62+U62+W62 -> 91752.27 | Z62: =Y62/$E62 -> 0.93565552 | AA62: =(Y62/9) -> 10194.697 | AB62: =AA62*$AC$8 -> 10500.538 | AD62: =AB62/AA62 -> 1.03 | AG62: =7426-34 -> 7392 | AH62: =AG62/$AB62 -> 0.70396396 | AI62: =7731.5-34 -> 7697.5 | AJ62: =AI62/$AB62 -> 0.73305771 | AL62: =AK62/$AB62 -> 0 | AM62: =9283.5-34 -> 9249.5 | AN62: =AM62/$AB62 -> 0.88085966 | AP62: =AO62/$AB62 -> 0 | AQ62: =6691.1-14 -> 6677.1 | AR62: =AQ62/$AB62 -> 0.63588173 | AS62: =5736.8-14 -> 5722.8 | AT62: =AS62/$AB62 -> 0.54500067 | AU62: =9444-14 -> 9430 | AV62: =AU62/$AB62 -> 0.89804926 | AW62: =8720.5-34 -> 8686.5 | AX62: =AW62/$AB62 -> 0.82724336 | AY62: =8802.8-34 -> 8768.8 | AZ62: =AY62/$AB62 -> 0.83508106 | BA62: =AG62+AI62+AK62+AM62+AO62+AQ62+AS62+AU62+AW62+AY62 -> 63624.2 | BB62: =BA62/(AB62*12) -> 0.50492812 | BC62: =BA62/9 -> 7069.3556 | BD62: =AY62*BA1 -> 9119.552 | BE62: =BD62*12 -> 109434.62 | BF62: 109434.62 | BG62: =BF62/12 -> 9119.5517 | BH62: =7207-32 -> 7175 | BI62: =BH62/$BG62 -> 0.78677113 | BJ62: =8930-36 -> 8894 | BK62: =BJ62/$BG62 -> 0.97526724 | BL62: =7731.5-36 -> 7695.5 | BM62: =BL62/$BG62 -> 0.84384631 | BN62: =8060.5-34 -> 8026.5 | BO62: =BN62/$BG62 -> 0.88014195 | BP62: =7825.5-34 -> 7791.5 | BQ62: =BP62/$BG62 -> 0.85437314 | BR62: =7332-735 -> 6597 | BS62: =BR62/$BG62 -> 0.72339082 | BT62: =7332-30 -> 7302 | BU62: =BT62/$BG62 -> 0.80069726 | BV62: =8436.5-30 -> 8406.5 | BW62: =BV62/$BG62 -> 0.92181067 | BX62: =7329.91-32 -> 7297.91 | BY62: =BX62/$BG62 -> 0.80024877 | BZ62: 7417 | CA62: =BZ62/$BG62 -> 0.81330753 | CB62: =7802-30.25 -> 7771.75 | CC62: =CB62/$BG62 -> 0.85220746 | CD62: =7003.94-30 -> 6973.94 | CE62: =CD62/$BG62 -> 0.764724 | CF62: =BH62+BJ62+BL62+BN62+BP62+BR62+BT62+BV62+BX62+BZ62+CB62+CD62 -> 91348.6 | CG62: =CF62/(BG62*12) -> 0.83473219
A63: Capacitação Profissional | B63: 2500 | D63: 0 | E63: 2000 | F63: =E63/12 -> 166.66667 | H63: =G63/F63 -> 0 | J63: =I63/F63 -> 0 | L63: =K63/F63 -> 0 | M63: 211.53 | N63: =M63/F63 -> 1.26918 | P63: =O63/$F63 -> 0 | R63: =Q63/$F63 -> 0 | T63: =S63/$F63 -> 0 | V63: =U63/$F63 -> 0 | X63: =W63/$F63 -> 0 | Y63: =G63+I63+K63+M63+O63+Q63+S63+U63+W63 -> 211.53 | Z63: =Y63/$E63 -> 0.105765 | AA63: =(Y63/9) -> 23.503333 | AB63: 200 | AH63: =AG63/$AB63 -> 0 | AJ63: =AI63/$AB63 -> 0 | AL63: =AK63/$AB63 -> 0 | AN63: =AM63/$AB63 -> 0 | AP63: =AO63/$AB63 -> 0 | AR63: =AQ63/$AB63 -> 0 | AT63: =AS63/$AB63 -> 0 | AV63: =AU63/$AB63 -> 0 | AX63: =AW63/$AB63 -> 0 | AZ63: =AY63/$AB63 -> 0 | BA63: =AG63+AI63+AK63+AM63+AO63+AQ63+AS63+AU63+AW63+AY63 -> 0 | BB63: =BA63/(AB63*12) -> 0 | BC63: =BA63/9 -> 0 | BD63: =AB63*BA1 -> 208 | BE63: =BD63*12 -> 2496 | BF63: 4000 | BG63: =BF63/12 -> 333.33333 | BI63: =BH63/$BG63 -> 0 | BK63: =BJ63/$BG63 -> 0 | BM63: =BL63/$BG63 -> 0 | BO63: =BN63/$BG63 -> 0 | BQ63: =BP63/$BG63 -> 0 | BR63: 1800 | BS63: =BR63/$BG63 -> 5.4 | BU63: =BT63/$BG63 -> 0 | BW63: =BV63/$BG63 -> 0 | BY63: =BX63/$BG63 -> 0 | CA63: =BZ63/$BG63 -> 0 | CC63: =CB63/$BG63 -> 0 | CE63: =CD63/$BG63 -> 0 | CF63: =BH63+BJ63+BL63+BN63+BP63+BR63+BT63+BV63+BX63+BZ63+CB63+CD63 -> 1800 | CG63: =CF63/(BG63*12) -> 0.45
A64: exames médicos, uniformes, etc | B64: 7270.8644 | C64: 6360.18 | D64: 8480.24 | E64: 8904.252 | F64: =E64/12 -> 742.021 | G64: =647.43-215.84 -> 431.59 | H64: =G64/F64 -> 0.58164122 | I64: 445.69 | J64: =I64/F64 -> 0.60064338 | K64: =469.14+199.3+375.5 -> 1043.94 | L64: =K64/F64 -> 1.4068874 | M64: 431.62 | N64: =M64/F64 -> 0.58168165 | O64: =619.25-187.63 -> 431.62 | P64: =O64/$F64 -> 0.58168165 | Q64: =619.25-187.63 -> 431.62 | R64: =Q64/$F64 -> 0.58168165 | S64: =619.25-187.63 -> 431.62 | T64: =S64/$F64 -> 0.58168165 | U64: =619.25-187.63+105.9 -> 537.52 | V64: =U64/$F64 -> 0.72439998 | W64: =619.25-187.63+3168.5 -> 3600.12 | X64: =W64/$F64 -> 4.8517764 | Y64: =G64+I64+K64+M64+O64+Q64+S64+U64+W64 -> 7785.34 | Z64: =Y64/$E64 -> 0.87433959 | AA64: =(Y64/9) -> 865.03778 | AB64: =AA64*AC7 -> 899.63929 | AD64: =AB64/AA64 -> 1.04 | AG64: 491.18 | AH64: =AG64/$AB64 -> 0.54597438 | AJ64: =AI64/$AB64 -> 0 | AL64: =AK64/$AB64 -> 0 | AM64: =491.18 -> 491.18 | AN64: =AM64/$AB64 -> 0.54597438 | AO64: =664.54-173.36 -> 491.18 | AP64: =AO64/$AB64 -> 0.54597438 | AQ64: =664.54-173.36 -> 491.18 | AR64: =AQ64/$AB64 -> 0.54597438 | AS64: =664.54-173.36 -> 491.18 | AT64: =AS64/$AB64 -> 0.54597438 | AU64: =664.54-173.36 -> 491.18 | AV64: =AU64/$AB64 -> 0.54597438 | AW64: =604.06-157.56 -> 446.5 | AX64: =AW64/$AB64 -> 0.49631003 | AY64: =604.06-157.56 -> 446.5 | AZ64: =AY64/$AB64 -> 0.49631003 | BA64: =AG64+AI64+AK64+AM64+AO64+AQ64+AS64+AU64+AW64+AY64 -> 3840.08 | BB64: =BA64/(AB64*12) -> 0.35570553 | BC64: =BA64/9 -> 426.67556 | BD64: =AB64*BA1 -> 935.62486 | BE64: =BD64*12 -> 11227.498 | BF64: 11227.5 | BG64: =BF64/12 -> 935.625 | BH64: =743.87-194.04 -> 549.83 | BI64: =BH64/$BG64 -> 0.58766065 | BJ64: =743.87-194.04 -> 549.83 | BK64: =BJ64/$BG64 -> 0.58766065 | BL64: =781.11-203.76 -> 577.35 | BM64: =BL64/$BG64 -> 0.61707415 | BN64: =762.49-190.62 -> 571.87 | BO64: =BN64/$BG64 -> 0.6112171 | BP64: =743.87-194.04 -> 549.83 | BQ64: =BP64/$BG64 -> 0.58766065 | BR64: =743.87-194.07+112 -> 661.8 | BS64: =BR64/$BG64 -> 0.70733467 | BT64: =743.87-212.57+2399.91 -> 2931.21 | BU64: =BT64/$BG64 -> 3.1328898 | BV64: =2149.94-560.88+287.6 -> 1876.66 | BW64: =BV64/$BG64 -> 2.0057822 | BX64: =1943.12-530+253.7 -> 1666.82 | BY64: =BX64/$BG64 -> 1.7815043 | BZ64: 1619.78 | CA64: =BZ64/$BG64 -> 1.7312278 | CB64: =1943.12-530+2800 -> 4213.12 | CC64: =CB64/$BG64 -> 4.5030007 | CD64: =1943.12-530+4240.2-800 -> 4853.32 | CE64: =CD64/$BG64 -> 5.1872492 | CF64: =BH64+BJ64+BL64+BN64+BP64+BR64+BT64+BV64+BX64+BZ64+CB64+CD64 -> 20621.42 | CG64: =CF64/(BG64*12) -> 1.8366885
A65: Assistência Médica | B65: 28507.03 | C65: 21889.79 | D65: 29618.74 | E65: 34461.404 | F65: =E65/12 -> 2871.7837 | G65: 2851.63 | H65: =G65/F65 -> 0.99298218 | I65: =2851.63 -> 2851.63 | J65: =I65/F65 -> 0.99298218 | K65: 2851.63 | L65: =K65/F65 -> 0.99298218 | M65: 2851.63 | N65: =M65/F65 -> 0.99298218 | O65: 2851.63 | P65: =O65/$F65 -> 0.99298218 | Q65: =2851.63 -> 2851.63 | R65: =Q65/$F65 -> 0.99298218 | S65: 2851.63 | T65: =S65/$F65 -> 0.99298218 | U65: 2851.63 | V65: =U65/$F65 -> 0.99298218 | W65: 2851.63 | X65: =W65/$F65 -> 0.99298218 | Y65: =G65+I65+K65+M65+O65+Q65+S65+U65+W65 -> 25664.67 | Z65: =Y65/$E65 -> 0.74473663 | AA65: =(Y65/9) -> 2851.63 | AB65: =AA65*AC9 -> 3136.793 | AD65: =AB65/AA65 -> 1.1 | AG65: 2868.17 | AH65: =AG65/$AB65 -> 0.91436381 | AI65: 2868.17 | AJ65: =AI65/$AB65 -> 0.91436381 | AL65: =AK65/$AB65 -> 0 | AM65: 2868.17 | AN65: =AM65/$AB65 -> 0.91436381 | AO65: 2868.17 | AP65: =AO65/$AB65 -> 0.91436381 | AQ65: 2868.17 | AR65: =AQ65/$AB65 -> 0.91436381 | AS65: 2868.17 | AT65: =AS65/$AB65 -> 0.91436381 | AU65: 2868.17 | AV65: =AU65/$AB65 -> 0.91436381 | AW65: 2868.17 | AX65: =AW65/$AB65 -> 0.91436381 | AY65: 2868.17 | AZ65: =AY65/$AB65 -> 0.91436381 | BA65: =AG65+AI65+AK65+AM65+AO65+AQ65+AS65+AU65+AW65+AY65 -> 25813.53 | BB65: =BA65/(AB65*12) -> 0.68577286 | BC65: =BA65/9 -> 2868.17 | BD65: =AB65*1.1 -> 3450.4723 | BE65: =BD65*12 -> 41405.668 | BF65: 41405.67 | BG65: =BF65/12 -> 3450.4725 | BH65: 2897.92 | BI65: =BH65/$BG65 -> 0.83986179 | BJ65: 2897.92 | BK65: =BJ65/$BG65 -> 0.83986179 | BL65: 2897.92 | BM65: =BL65/$BG65 -> 0.83986179 | BN65: 2897.92 | BO65: =BN65/$BG65 -> 0.83986179 | BP65: 2897.92 | BQ65: =BP65/$BG65 -> 0.83986179 | BR65: 2897.92 | BS65: =BR65/$BG65 -> 0.83986179 | BT65: 2897.92 | BU65: =BT65/$BG65 -> 0.83986179 | BV65: 2897.92 | BW65: =BV65/$BG65 -> 0.83986179 | BX65: 2897.92 | BY65: =BX65/$BG65 -> 0.83986179 | BZ65: 2897.92 | CA65: =BZ65/$BG65 -> 0.83986179 | CB65: 2897.92 | CC65: =CB65/$BG65 -> 0.83986179 | CD65: 2897.92 | CE65: =CD65/$BG65 -> 0.83986179 | CF65: =BH65+BJ65+BL65+BN65+BP65+BR65+BT65+BV65+BX65+BZ65+CB65+CD65 -> 34775.04 | CG65: =CF65/(BG65*12) -> 0.83986179
A66: Seguros | B66: 41380.432 | C66: 27965.89 | D66: 39341.25 | E66: 41308.312 | F66: =E66/12 -> 3442.3594 | G66: =G67 -> 3146.31 | H66: =G66/F66 -> 0.91399812 | I66: =I67 -> 3146.31 | J66: =I66/F66 -> 0.91399812 | K66: =K67 -> 3146.31 | L66: =K66/F66 -> 0.91399812 | M66: =M67 -> 3216.11 | N66: =M66/F66 -> 0.93427491 | O66: =O67 -> 3216.11 | P66: =O66/$F66 -> 0.93427491 | Q66: =Q67 -> 3216.11 | R66: =Q66/$F66 -> 0.93427491 | S66: =S67 -> 3216.11 | T66: =S66/$F66 -> 0.93427491 | U66: =U67 -> 3403.02 | V66: =U66/$F66 -> 0.98857197 | W66: =W67 -> 3403.02 | X66: =W66/$F66 -> 0.98857197 | Y66: =G66+I66+K66+M66+O66+Q66+S66+U66+W66 -> 29109.41 | Z66: =Y66/$E66 -> 0.7046865 | AA66: =(Y66/9) -> 3234.3789 | AB66: =AB67 -> 3363.754 | AD66: =AB66/AA66 -> 1.04 | AG66: =AG67 -> 3453.29 | AH66: =AG66/$AB66 -> 1.0266179 | AI66: =AI67 -> 3403.29 | AJ66: =AI66/$AB66 -> 1.0117535 | AK66: =AK67 -> 0 | AL66: =AK66/$AB66 -> 0 | AM66: =AM67 -> 3403.29 | AN66: =AM66/$AB66 -> 1.0117535 | AO66: =AO67 -> 3503.11 | AP66: =AO66/$AB66 -> 1.0414287 | AQ66: =AQ67 -> 3503.11 | AR66: =AQ66/$AB66 -> 1.0414287 | AS66: =AS67 -> 3503.11 | AT66: =AS66/$AB66 -> 1.0414287 | AU66: =AU67 -> 3503.11 | AV66: =AU66/$AB66 -> 1.0414287 | AW66: =AW67 -> 3503.11 | AX66: =AW66/$AB66 -> 1.0414287 | AY66: =AY67 -> 288.33 | AZ66: =AY66/$AB66 -> 0.085716731 | BA66: =AG66+AI66+AK66+AM66+AO66+AQ66+AS66+AU66+AW66+AY66 -> 28063.75 | BB66: =BA66/(AB66*12) -> 0.69524876 | BC66: =BA66/9 -> 3118.1944 | BD66: =BD67 -> 3498.3042 | BE66: =BD66*12 -> 41979.65 | BF66: =BF67 -> 41979.65 | BG66: =BF66/12 -> 3498.3042 | BH66: =BH67 -> 3503.75 | BI66: =BH66/$BG66 -> 1.0015567 | BJ66: =BJ67 -> 3503.96 | BK66: =BJ66/$BG66 -> 1.0016167 | BL66: =BL67 -> 3503.75 | BM66: =BL66/$BG66 -> 1.0015567 | BN66: =BN67 -> 3546.14 | BO66: =BN66/$BG66 -> 1.013674 | BP66: =BP67 -> 3546.14 | BQ66: =BP66/$BG66 -> 1.013674 | BR66: =BR67 -> 3546.14 | BS66: =BR66/$BG66 -> 1.013674 | BT66: =BT67 -> 3546.14 | BU66: =BT66/$BG66 -> 1.013674 | BV66: =BV67 -> 3546.14 | BW66: =BV66/$BG66 -> 1.013674 | BX66: =BX67 -> 3554.01 | BY66: =BX66/$BG66 -> 1.0159237 | BZ66: 4214.62 | CA66: =BZ66/$BG66 -> 1.2047609 | CB66: =CB67 -> 3558.11 | CC66: =CB66/$BG66 -> 1.0170957 | CD66: =CD67 -> 3550.24 | CE66: =CD66/$BG66 -> 1.014846 | CF66: =CF67 -> 43119.14 | CG66: =CF66/(BG66*12) -> 1.0271439
A67: Seguros | B67: 41380.432 | C67: 27965.89 | D67: 39341.25 | E67: 41308.312 | F67: =E67/12 -> 3442.3594 | G67: 3146.31 | H67: =G67/F67 -> 0.91399812 | I67: 3146.31 | J67: =I67/F67 -> 0.91399812 | K67: 3146.31 | L67: =K67/F67 -> 0.91399812 | M67: 3216.11 | N67: =M67/F67 -> 0.93427491 | O67: 3216.11 | P67: =O67/$F67 -> 0.93427491 | Q67: 3216.11 | R67: =Q67/$F67 -> 0.93427491 | S67: 3216.11 | T67: =S67/$F67 -> 0.93427491 | U67: 3403.02 | V67: =U67/$F67 -> 0.98857197 | W67: 3403.02 | X67: =W67/$F67 -> 0.98857197 | Y67: =G67+I67+K67+M67+O67+Q67+S67+U67+W67 -> 29109.41 | Z67: =Y67/$E67 -> 0.7046865 | AA67: =(Y67/9) -> 3234.3789 | AB67: =AA67*AC7 -> 3363.754 | AD67: =AB67/AA67 -> 1.04 | AG67: 3453.29 | AH67: =AG67/$AB67 -> 1.0266179 | AI67: 3403.29 | AJ67: =AI67/$AB67 -> 1.0117535 | AL67: =AK67/$AB67 -> 0 | AM67: 3403.29 | AN67: =AM67/$AB67 -> 1.0117535 | AO67: 3503.11 | AP67: =AO67/$AB67 -> 1.0414287 | AQ67: 3503.11 | AR67: =AQ67/$AB67 -> 1.0414287 | AS67: 3503.11 | AT67: =AS67/$AB67 -> 1.0414287 | AU67: 3503.11 | AV67: =AU67/$AB67 -> 1.0414287 | AW67: 3503.11 | AX67: =AW67/$AB67 -> 1.0414287 | AY67: =1896.08-1607.75 -> 288.33 | AZ67: =AY67/$AB67 -> 0.085716731 | BA67: =AG67+AI67+AK67+AM67+AO67+AQ67+AS67+AU67+AW67+AY67 -> 28063.75 | BB67: =BA67/(AB67*12) -> 0.69524876 | BC67: =BA67/9 -> 3118.1944 | BD67: =AB67*BA1 -> 3498.3042 | BE67: =BD67*12 -> 41979.65 | BF67: 41979.65 | BG67: =BF67/12 -> 3498.3042 | BH67: 3503.75 | BI67: =BH67/$BG67 -> 1.0015567 | BJ67: 3503.96 | BK67: =BJ67/$BG67 -> 1.0016167 | BL67: 3503.75 | BM67: =BL67/$BG67 -> 1.0015567 | BN67: 3546.14 | BO67: =BN67/$BG67 -> 1.013674 | BP67: 3546.14 | BQ67: =BP67/$BG67 -> 1.013674 | BR67: 3546.14 | BS67: =BR67/$BG67 -> 1.013674 | BT67: 3546.14 | BU67: =BT67/$BG67 -> 1.013674 | BV67: 3546.14 | BW67: =BV67/$BG67 -> 1.013674 | BX67: 3554.01 | BY67: =BX67/$BG67 -> 1.0159237 | BZ67: 4214.62 | CA67: =BZ67/$BG67 -> 1.2047609 | CB67: 3558.11 | CC67: =CB67/$BG67 -> 1.0170957 | CD67: 3550.24 | CE67: =CD67/$BG67 -> 1.014846 | CF67: =BH67+BJ67+BL67+BN67+BP67+BR67+BT67+BV67+BX67+BZ67+CB67+CD67 -> 43119.14 | CG67: =CF67/(BG67*12) -> 1.0271439
A68: Consumo | B68: 290866.6 | C68: 177442.64 | D68: 236590.19 | E68: 268547.31 | F68: =E68/12 -> 22378.942 | G68: =SUM(G69:G75) -> 26598.01 | H68: =G68/F68 -> 1.1885285 | I68: =SUM(I69:I75) -> 19801.51 | J68: =I68/F68 -> 0.88482779 | K68: =SUM(K69:K75) -> 23314.03 | L68: =K68/F68 -> 1.0417843 | M68: =SUM(M69:M75) -> 18602.42 | N68: =M68/F68 -> 0.83124661 | O68: =SUM(O69:O75) -> 23189.76 | P68: =O68/$F68 -> 1.0362313 | Q68: =SUM(Q69:Q75) -> 21544.23 | R68: =Q68/$F68 -> 0.96270099 | S68: =SUM(S69:S75) -> 22212.68 | T68: =S68/$F68 -> 0.99257059 | U68: =SUM(U69:U75) -> 21238.52 | V68: =U68/$F68 -> 0.94904038 | W68: =SUM(W69:W75) -> 24059.65 | X68: =W68/$F68 -> 1.0751022 | Y68: =G68+I68+K68+M68+O68+Q68+S68+U68+W68 -> 200560.81 | Z68: =Y68/$E68 -> 0.74683605 | AA68: =(Y68/9) -> 22284.534 | AB68: =SUM(AB69:AB75) -> 23175.916 | AD68: =AB68/AA68 -> 1.04 | AG68: =SUM(AG69:AG75) -> 18456.03 | AH68: =AG68/$AB68 -> 0.79634523 | AI68: =SUM(AI69:AI75) -> 22199.19 | AJ68: =AI68/$AB68 -> 0.957856 | AK68: =SUM(AK69:AK75) -> 0 | AL68: =AK68/$AB68 -> 0 | AM68: =SUM(AM69:AM75) -> 19090.83 | AN68: =AM68/$AB68 -> 0.82373573 | AO68: =SUM(AO69:AO75) -> 14960.82 | AP68: =AO68/$AB68 -> 0.64553307 | AQ68: =SUM(AQ69:AQ75) -> 11984.91 | AR68: =AQ68/$AB68 -> 0.51712778 | AS68: =SUM(AS69:AS75) -> 12420.22 | AT68: =AS68/$AB68 -> 0.53591065 | AU68: =SUM(AU69:AU75) -> 6708.6 | AV68: =AU68/$AB68 -> 0.28946429 | AW68: =SUM(AW69:AW75) -> 11263.35 | AX68: =AW68/$AB68 -> 0.48599374 | AY68: =SUM(AY69:AY75) -> 13375.14 | AZ68: =AY68/$AB68 -> 0.57711376 | BA68: =AG68+AI68+AK68+AM68+AO68+AQ68+AS68+AU68+AW68+AY68 -> 130459.09 | BB68: =BA68/(AB68*12) -> 0.46909002 | BC68: =BA68/9 -> 14495.454 | BD68: =SUM(BD69:BD75) -> 23630.51 | BE68: =BD68*12 -> 283566.12 | BF68: =SUM(BF69:BF75) -> 250878.58 | BG68: =BF68/12 -> 20906.548 | BH68: =SUM(BH69:BH75) -> 15811.4 | BI68: =BH68/$BG68 -> 0.75628936 | BJ68: =SUM(BJ69:BJ75) -> 16710.7 | BK68: =BJ68/$BG68 -> 0.79930459 | BL68: =SUM(BL69:BL75) -> 25688.21 | BM68: =BL68/$BG68 -> 1.228716 | BN68: =SUM(BN69:BN75) -> 18777.56 | BO68: =BN68/$BG68 -> 0.89816644 | BP68: =SUM(BP69:BP75) -> 18337.63 | BQ68: =BP68/$BG68 -> 0.87712375 | BR68: =SUM(BR69:BR75) -> 26675.19 | BS68: =BR68/$BG68 -> 1.2759251 | BT68: =SUM(BT69:BT75) -> 23703.46 | BU68: =BT68/$BG68 -> 1.1337816 | BV68: =SUM(BV69:BV75) -> 26258.02 | BW68: =BV68/$BG68 -> 1.2559711 | BX68: =SUM(BX69:BX75) -> 24924.45 | BY68: =BX68/$BG68 -> 1.1921839 | BZ68: 30096.63 | CA68: =BZ68/$BG68 -> 1.4395791 | CB68: =SUM(CB69:CB75) -> 27941.84 | CC68: =CB68/$BG68 -> 1.3365114 | CD68: =SUM(CD69:CD75) -> 30899.23 | CE68: =CD68/$BG68 -> 1.477969 | CF68: =SUM(CF69:CF75) -> 285824.32 | CG68: =CF68/(BG68*12) -> 1.1392934
A69: Água e Esgoto | B69: 66627.622 | C69: 50432.37 | D69: 67243.16 | E69: 70605.318 | F69: =E69/12 -> 5883.7765 | G69: 11521.12 | H69: =G69/F69 -> 1.9581165 | I69: 5515.71 | J69: =I69/F69 -> 0.93744383 | K69: 7383.14 | L69: =K69/F69 -> 1.2548301 | M69: 5937.09 | N69: =M69/F69 -> 1.0090611 | O69: 5778.46 | P69: =O69/$F69 -> 0.98210053 | Q69: 5929.94 | R69: =Q69/$F69 -> 1.0078459 | S69: 6135.16 | T69: =S69/$F69 -> 1.0427249 | U69: 5971.06 | V69: =U69/$F69 -> 1.0148346 | W69: 5724.71 | X69: =W69/$F69 -> 0.97296524 | Y69: =G69+I69+K69+M69+O69+Q69+S69+U69+W69 -> 59896.39 | Z69: =Y69/$E69 -> 0.84832689 | AA69: =(Y69/9) -> 6655.1544 | AB69: =AA69*$AC$7 -> 6921.3606 | AD69: =AB69/AA69 -> 1.04 | AH69: =AG69/$AB69 -> 0 | AI69: 5929.94 | AJ69: =AI69/$AB69 -> 0.85675929 | AL69: =AK69/$AB69 -> 0 | AM69: 5929.94 | AN69: =AM69/$AB69 -> 0.85675929 | AO69: 5981.35 | AP69: =AO69/$AB69 -> 0.86418702 | AQ69: 5929.94 | AR69: =AQ69/$AB69 -> 0.85675929 | AS69: 5929.94 | AT69: =AS69/$AB69 -> 0.85675929 | AV69: =AU69/$AB69 -> 0 | AX69: =AW69/$AB69 -> 0 | AY69: 109.27 | AZ69: =AY69/$AB69 -> 0.015787358 | BA69: =AG69+AI69+AK69+AM69+AO69+AQ69+AS69+AU69+AW69+AY69 -> 29810.38 | BB69: =BA69/(AB69*12) -> 0.35891763 | BC69: =BA69/9 -> 3312.2644 | BD69: =AB69*BA1 -> 7198.215 | BE69: =BD69*12 -> 86378.581 | BF69: 86378.58 | BG69: =BF69/12 -> 7198.215 | BH69: 6342.78 | BI69: =BH69/$BG69 -> 0.88116012 | BJ69: 6130.63 | BK69: =BJ69/$BG69 -> 0.85168754 | BL69: 6130.63 | BM69: =BL69/$BG69 -> 0.85168754 | BN69: 6342.78 | BO69: =BN69/$BG69 -> 0.88116012 | BP69: 6645.28 | BQ69: =BP69/$BG69 -> 0.92318443 | BR69: 6796.39 | BS69: =BR69/$BG69 -> 0.94417713 | BT69: 6569.05 | BU69: =BT69/$BG69 -> 0.9125943 | BV69: 6569.05 | BW69: =BV69/$BG69 -> 0.9125943 | BX69: 6796.39 | BY69: =BX69/$BG69 -> 0.94417713 | BZ69: 6769.39 | CA69: =BZ69/$BG69 -> 0.9404262 | CB69: 7013.69 | CC69: =CB69/$BG69 -> 0.97436517 | CD69: =6350.14-437.84 -> 5912.3 | CE69: =CD69/$BG69 -> 0.82135641 | CF69: =BH69+BJ69+BL69+BN69+BP69+BR69+BT69+BV69+BX69+BZ69+CB69+CD69 -> 78018.36 | CG69: =CF69/(BG69*12) -> 0.9032142
A70: Eletricidade | B70: 155475.45 | C70: 71337.42 | D70: 95116.56 | E70: 120000 | F70: =E70/12 -> 10000 | G70: 9443.37 | H70: =G70/F70 -> 0.944337 | I70: 9231.35 | J70: =I70/F70 -> 0.923135 | K70: 9714.97 | L70: =K70/F70 -> 0.971497 | M70: 8635.93 | N70: =M70/F70 -> 0.863593 | O70: 9515.65 | P70: =O70/$F70 -> 0.951565 | Q70: 9252.48 | R70: =Q70/$F70 -> 0.925248 | S70: 10202.14 | T70: =S70/$F70 -> 1.020214 | U70: 10226.98 | V70: =U70/$F70 -> 1.022698 | W70: 10553.95 | X70: =W70/$F70 -> 1.055395 | Y70: =G70+I70+K70+M70+O70+Q70+S70+U70+W70 -> 86776.82 | Z70: =Y70/$E70 -> 0.72314017 | AA70: =(Y70/9) -> 9641.8689 | AB70: =AA70*$AC$7 -> 10027.544 | AD70: =AB70/AA70 -> 1.04 | AG70: 8674.91 | AH70: =AG70/$AB70 -> 0.86510818 | AI70: 9377.38 | AJ70: =AI70/$AB70 -> 0.93516222 | AL70: =AK70/$AB70 -> 0 | AM70: 9223.89 | AN70: =AM70/$AB70 -> 0.91985538 | AO70: 6194.22 | AP70: =AO70/$AB70 -> 0.61772057 | AQ70: 5409.64 | AR70: =AQ70/$AB70 -> 0.53947808 | AS70: 4252.79 | AT70: =AS70/$AB70 -> 0.42411084 | AU70: 4928.2 | AV70: =AU70/$AB70 -> 0.49146632 | AW70: 7202.51 | AX70: =AW70/$AB70 -> 0.71827262 | AY70: 7024.58 | AZ70: =AY70/$AB70 -> 0.70052849 | BA70: =AG70+AI70+AK70+AM70+AO70+AQ70+AS70+AU70+AW70+AY70 -> 62288.12 | BB70: =BA70/(AB70*12) -> 0.51764189 | BC70: =BA70/9 -> 6920.9022 | BD70: =AB70*BA1 -> 10428.645 | BE70: =BD70*12 -> 125143.74 | BF70: 110000 | BG70: =BF70/12 -> 9166.6667 | BH70: 5131.31 | BI70: =BH70/$BG70 -> 0.55977927 | BJ70: 7502.64 | BK70: =BJ70/$BG70 -> 0.81846982 | BL70: 7926.45 | BM70: =BL70/$BG70 -> 0.86470364 | BN70: 7272.19 | BO70: =BN70/$BG70 -> 0.79332982 | BP70: 7261.58 | BQ70: =BP70/$BG70 -> 0.79217236 | BR70: 8484.03 | BS70: =BR70/$BG70 -> 0.92553055 | BT70: 9420.08 | BU70: =BT70/$BG70 -> 1.0276451 | BV70: 12336.26 | BW70: =BV70/$BG70 -> 1.3457738 | BX70: 10984.78 | BY70: =BX70/$BG70 -> 1.1983396 | BZ70: 11847.91 | CA70: =BZ70/$BG70 -> 1.2924993 | CB70: 12193.58 | CC70: =CB70/$BG70 -> 1.3302087 | CD70: 11909.1 | CE70: =CD70/$BG70 -> 1.2991745 | CF70: =BH70+BJ70+BL70+BN70+BP70+BR70+BT70+BV70+BX70+BZ70+CB70+CD70 -> 112269.91 | CG70: =CF70/(BG70*12) -> 1.0206355
A71: Gas | B71: 19766.128 | C71: 23090.27 | D71: 30787.027 | E71: 32326.378 | F71: =E71/12 -> 2693.8648 | G71: 2255.04 | H71: =G71/F71 -> 0.83710213 | I71: 1730.16 | J71: =I71/F71 -> 0.6422594 | K71: 2799.36 | L71: =K71/F71 -> 1.0391613 | N71: =M71/F71 -> 0 | O71: 5281.46 | P71: =O71/$F71 -> 1.9605512 | Q71: 2965.92 | R71: =Q71/$F71 -> 1.1009907 | S71: 3466.92 | T71: =S71/$F71 -> 1.2869688 | U71: 3055.94 | V71: =U71/$F71 -> 1.1344073 | W71: 2645.28 | X71: =W71/$F71 -> 0.98196464 | Y71: =G71+I71+K71+M71+O71+Q71+S71+U71+W71 -> 24200.08 | Z71: =Y71/$E71 -> 0.74861712 | AA71: =(Y71/9) -> 2688.8978 | AB71: =AA71*$AC$7 -> 2796.4537 | AD71: =AB71/AA71 -> 1.04 | AG71: 4169.76 | AH71: =AG71/$AB71 -> 1.4910885 | AI71: 2739.8 | AJ71: =AI71/$AB71 -> 0.97974088 | AL71: =AK71/$AB71 -> 0 | AM71: 2772.33 | AN71: =AM71/$AB71 -> 0.99137347 | AP71: =AO71/$AB71 -> 0 | AR71: =AQ71/$AB71 -> 0 | AT71: =AS71/$AB71 -> 0 | AU71: 80 | AV71: =AU71/$AB71 -> 0.028607661 | AW71: 1090 | AX71: =AW71/$AB71 -> 0.38977939 | AY71: 4119.89 | AZ71: =AY71/$AB71 -> 1.4732552 | BA71: =AG71+AI71+AK71+AM71+AO71+AQ71+AS71+AU71+AW71+AY71 -> 14971.78 | BB71: =BA71/(AB71*12) -> 0.44615376 | BC71: =BA71/9 -> 1663.5311 | BD71: =AB71 -> 2796.4537 | BE71: =BD71*12 -> 33557.444 | BF71: 24000 | BG71: =BF71/12 -> 2000 | BI71: =BH71/$BG71 -> 0 | BJ71: 1065.24 | BK71: =BJ71/$BG71 -> 0.53262 | BL71: 3026.14 | BM71: =BL71/$BG71 -> 1.51307 | BN71: 1401.86 | BO71: =BN71/$BG71 -> 0.70093 | BP71: 94 | BQ71: =BP71/$BG71 -> 0.047 | BR71: 3680.32 | BS71: =BR71/$BG71 -> 1.84016 | BT71: 2753.89 | BU71: =BT71/$BG71 -> 1.376945 | BV71: 105 | BW71: =BV71/$BG71 -> 0.0525 | BX71: 4017.88 | BY71: =BX71/$BG71 -> 2.00894 | BZ71: 2470.98 | CA71: =BZ71/$BG71 -> 1.23549 | CB71: 4299.49 | CC71: =CB71/$BG71 -> 2.149745 | CD71: 9604 | CE71: =CD71/$BG71 -> 4.802 | CF71: =BH71+BJ71+BL71+BN71+BP71+BR71+BT71+BV71+BX71+BZ71+CB71+CD71 -> 32518.8 | CG71: =CF71/(BG71*12) -> 1.35495
A72: Telefone, Net, correio, cartório | B72: 19000 | C72: 11235.23 | D72: 14980.307 | E72: 15729.322 | F72: =E72/12 -> 1310.7768 | G72: 1292.94 | H72: =G72/F72 -> 0.98639217 | I72: =39.9+639.91+18.8 -> 698.61 | J72: =I72/F72 -> 0.53297402 | K72: 713.32 | L72: =K72/F72 -> 0.54419637 | M72: =2051.17 -> 2051.17 | N72: =M72/F72 -> 1.5648507 | O72: =649.91-1301.31+66.3+9.85 -> -575.25 | P72: =O72/$F72 -> -0.43886189 | Q72: 760.05 | R72: =Q72/$F72 -> 0.57984699 | S72: 707.01 | T72: =S72/$F72 -> 0.53938243 | U72: =41.84+86.1+6.25+663.25 -> 797.44 | V72: =U72/$F72 -> 0.60837206 | W72: =1402.76+138.25 -> 1541.01 | X72: =W72/$F72 -> 1.1756464 | Y72: =G72+I72+K72+M72+O72+Q72+S72+U72+W72 -> 7986.3 | Z72: =Y72/$E72 -> 0.50773326 | AA72: =(Y72/9) -> 887.36667 | AB72: =AA72*$AC$7 -> 922.86133 | AD72: =AB72/AA72 -> 1.04 | AG72: =786.29+52.35+52.45 -> 891.09 | AH72: =AG72/$AB72 -> 0.96557301 | AI72: =789.06+192.4+191.65 -> 1173.11 | AJ72: =AI72/$AB72 -> 1.2711661 | AL72: =AK72/$AB72 -> 0 | AM72: =48.96+699.95 -> 748.91 | AN72: =AM72/$AB72 -> 0.8115087 | AO72: 740.35 | AP72: =AO72/$AB72 -> 0.8022332 | AQ72: =455.53 -> 455.53 | AR72: =AQ72/$AB72 -> 0.49360612 | AS72: 349.33 | AT72: =AS72/$AB72 -> 0.37852924 | AU72: 351.23 | AV72: =AU72/$AB72 -> 0.38058806 | AW72: 421.86 | AX72: =AW72/$AB72 -> 0.45712176 | AY72: 347.77 | AZ72: =AY72/$AB72 -> 0.37683885 | BA72: =AG72+AI72+AK72+AM72+AO72+AQ72+AS72+AU72+AW72+AY72 -> 5479.18 | BB72: =BA72/(AB72*12) -> 0.49476375 | BC72: =BA72/9 -> 608.79778 | BD72: =BC72 -> 608.79778 | BE72: =BD72*12 -> 7305.5733 | BF72: 5000 | BG72: =BF72/12 -> 416.66667 | BH72: =390.38+19.65 -> 410.03 | BI72: =BH72/$BG72 -> 0.984072 | BJ72: 423.46 | BK72: =BJ72/$BG72 -> 1.016304 | BL72: =397.77+71.7+582.22 -> 1051.69 | BM72: =BL72/$BG72 -> 2.524056 | BN72: =390.56+81.95 -> 472.51 | BO72: =BN72/$BG72 -> 1.134024 | BP72: =404.49+25.55+455.25 -> 885.29 | BQ72: =BP72/$BG72 -> 2.124696 | BR72: 385.61 | BS72: =BR72/$BG72 -> 0.925464 | BT72: 530.15 | BU72: =BT72/$BG72 -> 1.27236 | BV72: =575.03+35.1 -> 610.13 | BW72: =BV72/$BG72 -> 1.464312 | BX72: =467.1+27.35+10.85 -> 505.3 | BY72: =BX72/$BG72 -> 1.21272 | BZ72: 491.01 | CA72: =BZ72/$BG72 -> 1.178424 | CB72: 555.57 | CC72: =CB72/$BG72 -> 1.333368 | CD72: =466.05+115.96 -> 582.01 | CE72: =CD72/$BG72 -> 1.396824 | CF72: =BH72+BJ72+BL72+BN72+BP72+BR72+BT72+BV72+BX72+BZ72+CB72+CD72 -> 6902.76 | CG72: =CF72/(BG72*12) -> 1.380552
A73: Material de escritório | B73: 8527.8427 | C73: 2853.11 | D73: 3804.1467 | E73: 3994.354 | F73: =E73/12 -> 332.86283 | G73: 1063.6 | H73: =G73/F73 -> 3.1953102 | J73: =I73/F73 -> 0 | K73: 1270.1 | L73: =K73/F73 -> 3.8156858 | M73: 415 | N73: =M73/F73 -> 1.2467598 | P73: =O73/$F73 -> 0 | Q73: 372 | R73: =Q73/$F73 -> 1.1175775 | S73: 672.2 | T73: =S73/$F73 -> 2.0194505 | U73: 711.9 | V73: =U73/$F73 -> 2.1387188 | W73: 402.4 | X73: =W73/$F73 -> 1.2089064 | Y73: =G73+I73+K73+M73+O73+Q73+S73+U73+W73 -> 4907.2 | Z73: =Y73/$E73 -> 1.2285341 | AA73: =(Y73/9) -> 545.24444 | AB73: =AA73*$AC$7 -> 567.05422 | AD73: =AB73/AA73 -> 1.04 | AG73: 1267.7 | AH73: =AG73/$AB73 -> 2.2355887 | AI73: 216.29 | AJ73: =AI73/$AB73 -> 0.38142737 | AL73: =AK73/$AB73 -> 0 | AN73: =AM73/$AB73 -> 0 | AO73: =1180.05-500-112.2 -> 567.85 | AP73: =AO73/$AB73 -> 1.0014034 | AR73: =AQ73/$AB73 -> 0 | AT73: =AS73/$AB73 -> 0 | AU73: =375.27 -> 375.27 | AV73: =AU73/$AB73 -> 0.66178856 | AX73: =AW73/$AB73 -> 0 | AY73: 62.9 | AZ73: =AY73/$AB73 -> 0.11092414 | BA73: =AG73+AI73+AK73+AM73+AO73+AQ73+AS73+AU73+AW73+AY73 -> 2490.01 | BB73: =BA73/(AB73*12) -> 0.36592768 | BC73: =BA73/9 -> 276.66778 | BD73: =AB73 -> 567.05422 | BE73: =BD73*12 -> 6804.6507 | BF73: 5000 | BG73: =BF73/12 -> 416.66667 | BH73: 90.9 | BI73: =BH73/$BG73 -> 0.21816 | BJ73: 1016.63 | BK73: =BJ73/$BG73 -> 2.439912 | BL73: 434.5 | BM73: =BL73/$BG73 -> 1.0428 | BN73: 685.94 | BO73: =BN73/$BG73 -> 1.646256 | BQ73: =BP73/$BG73 -> 0 | BR73: 3841.36 | BS73: =BR73/$BG73 -> 9.219264 | BT73: =739.3-48 -> 691.3 | BU73: =BT73/$BG73 -> 1.65912 | BV73: 1076.79 | BW73: =BV73/$BG73 -> 2.584296 | BY73: =BX73/$BG73 -> 0 | BZ73: 1313.8 | CA73: =BZ73/$BG73 -> 3.15312 | CB73: 1433.5 | CC73: =CB73/$BG73 -> 3.4404 | CD73: 1154.35 | CE73: =CD73/$BG73 -> 2.77044 | CF73: =BH73+BJ73+BL73+BN73+BP73+BR73+BT73+BV73+BX73+BZ73+CB73+CD73 -> 11739.07 | CG73: =CF73/(BG73*12) -> 2.347814
A74: Material de consumo e limpeza | B74: 21011.726 | C74: 18179.72 | D74: 24239.627 | E74: 25451.608 | F74: =E74/12 -> 2120.9673 | G74: 1021.94 | H74: =G74/F74 -> 0.48182732 | I74: =1589.2+940.9 -> 2530.1 | J74: =I74/F74 -> 1.1928991 | K74: 1306.44 | L74: =K74/F74 -> 0.61596423 | M74: 1563.23 | N74: =M74/F74 -> 0.73703634 | O74: 3189.44 | P74: =O74/$F74 -> 1.5037667 | Q74: 2263.84 | R74: =Q74/$F74 -> 1.067362 | S74: 1029.25 | T74: =S74/$F74 -> 0.48527386 | U74: 475.2 | V74: =U74/$F74 -> 0.22404871 | W74: =2393.3+799 -> 3192.3 | X74: =W74/$F74 -> 1.5051151 | Y74: =G74+I74+K74+M74+O74+Q74+S74+U74+W74 -> 16571.74 | Z74: =Y74/$E74 -> 0.65110778 | AA74: =(Y74/9) -> 1841.3044 | AB74: =AA74*$AC$7 -> 1914.9566 | AD74: =AB74/AA74 -> 1.04 | AG74: 3279.3 | AH74: =AG74/$AB74 -> 1.712467 | AI74: 2762.67 | AJ74: =AI74/$AB74 -> 1.4426802 | AL74: =AK74/$AB74 -> 0 | AM74: 373.5 | AN74: =AM74/$AB74 -> 0.19504358 | AO74: =977.05+500 -> 1477.05 | AP74: =AO74/$AB74 -> 0.77132295 | AQ74: 189.8 | AR74: =AQ74/$AB74 -> 0.099114517 | AS74: =1815.8+72.36 -> 1888.16 | AT74: =AS74/$AB74 -> 0.98600667 | AU74: 973.9 | AV74: =AU74/$AB74 -> 0.50857549 | AW74: 2548.98 | AX74: =AW74/$AB74 -> 1.3310902 | AY74: 1581.93 | AZ74: =AY74/$AB74 -> 0.82609182 | BA74: =AG74+AI74+AK74+AM74+AO74+AQ74+AS74+AU74+AW74+AY74 -> 15075.29 | BB74: =BA74/(AB74*12) -> 0.6560327 | BC74: =BA74/9 -> 1675.0322 | BD74: =AB74*BA1 -> 1991.5549 | BE74: =BD74*12 -> 23898.659 | BF74: 20000 | BG74: =BF74/12 -> 1666.6667 | BH74: 3836.38 | BI74: =BH74/$BG74 -> 2.301828 | BJ74: 572.1 | BK74: =BJ74/$BG74 -> 0.34326 | BL74: 7118.8 | BM74: =BL74/$BG74 -> 4.27128 | BN74: 2602.28 | BO74: =BN74/$BG74 -> 1.561368 | BP74: 3378.52 | BQ74: =BP74/$BG74 -> 2.027112 | BR74: 3487.48 | BS74: =BR74/$BG74 -> 2.092488 | BT74: =3722.79-20 -> 3702.79 | BU74: =BT74/$BG74 -> 2.221674 | BV74: 5379.21 | BW74: =BV74/$BG74 -> 3.227526 | BX74: =295.2+1807.2+517.7 -> 2620.1 | BY74: =BX74/$BG74 -> 1.57206 | BZ74: 7203.54 | CA74: =BZ74/$BG74 -> 4.322124 | CB74: 2446.01 | CC74: =CB74/$BG74 -> 1.467606 | CD74: =1296.4+392.57 -> 1688.97 | CE74: =CD74/$BG74 -> 1.013382 | CF74: =BH74+BJ74+BL74+BN74+BP74+BR74+BT74+BV74+BX74+BZ74+CB74+CD74 -> 44036.18 | CG74: =CF74/(BG74*12) -> 2.201809
A75: mat. vestiário e enfermaria | B75: 457.8354 | C75: 314.52 | D75: 419.36 | E75: 440.328 | F75: =E75/12 -> 36.694 | H75: =G75/F75 -> 0 | I75: 95.58 | J75: =I75/F75 -> 2.6047855 | K75: 126.7 | L75: =K75/F75 -> 3.4528806 | N75: =M75/F75 -> 0 | P75: =O75/$F75 -> 0 | R75: =Q75/$F75 -> 0 | T75: =S75/$F75 -> 0 | V75: =U75/$F75 -> 0 | X75: =W75/$F75 -> 0 | Y75: =G75+I75+K75+M75+O75+Q75+S75+U75+W75 -> 222.28 | Z75: =Y75/$E75 -> 0.50480551 | AA75: =(Y75/9) -> 24.697778 | AB75: =AA75*$AC$7 -> 25.685689 | AD75: =AB75/AA75 -> 1.04 | AG75: 173.27 | AH75: =AG75/$AB75 -> 6.7457798 | AJ75: =AI75/$AB75 -> 0 | AL75: =AK75/$AB75 -> 0 | AM75: 42.26 | AN75: =AM75/$AB75 -> 1.6452742 | AP75: =AO75/$AB75 -> 0 | AR75: =AQ75/$AB75 -> 0 | AT75: =AS75/$AB75 -> 0 | AV75: =AU75/$AB75 -> 0 | AX75: =AW75/$AB75 -> 0 | AY75: 128.8 | AZ75: =AY75/$AB75 -> 5.0144655 | BA75: =AG75+AI75+AK75+AM75+AO75+AQ75+AS75+AU75+AW75+AY75 -> 344.33 | BB75: =BA75/(AB75*12) -> 1.1171266 | BC75: =BA75/9 -> 38.258889 | BD75: =BC75*BA1 -> 39.789244 | BE75: =BD75*12 -> 477.47093 | BF75: 500 | BG75: =BF75/12 -> 41.666667 | BI75: =BH75/$BG75 -> 0 | BK75: =BJ75/$BG75 -> 0 | BM75: =BL75/$BG75 -> 0 | BO75: =BN75/$BG75 -> 0 | BP75: 72.96 | BQ75: =BP75/$BG75 -> 1.75104 | BR75: 0 | BS75: =BR75/$BG75 -> 0 | BT75: 36.2 | BU75: =BT75/$BG75 -> 0.8688 | BV75: 181.58 | BW75: =BV75/$BG75 -> 4.35792 | BY75: =BX75/$BG75 -> 0 | CA75: =BZ75/$BG75 -> 0 | CC75: =CB75/$BG75 -> 0 | CD75: 48.5 | CE75: =CD75/$BG75 -> 1.164 | CF75: =BH75+BJ75+BL75+BN75+BP75+BR75+BT75+BV75+BX75+BZ75+CB75+CD75 -> 339.24 | CG75: =CF75/(BG75*12) -> 0.67848
A76: Serviços Terceirizados | B76: 125669.88 | C76: 80511.22 | D76: 125576.59 | E76: 126985.42 | F76: =E76/12 -> 10582.118 | G76: =SUM(G77:G82) -> 15024.94 | H76: =G76/F76 -> 1.4198424 | I76: =SUM(I77:I82) -> 15401.79 | J76: =I76/F76 -> 1.4554544 | K76: =SUM(K77:K82) -> 11785.05 | L76: =K76/F76 -> 1.1136759 | M76: =SUM(M77:M82) -> 9783.45 | N76: =M76/F76 -> 0.92452664 | O76: =SUM(O77:O82) -> 20200.68 | P76: =O76/$F76 -> 1.9089449 | Q76: =SUM(Q77:Q82) -> 5948.3 | R76: =Q76/$F76 -> 0.56210864 | S76: =SUM(S77:S82) -> 16160.47 | T76: =S76/$F76 -> 1.5271489 | U76: =SUM(U77:U82) -> 22042.11 | V76: =U76/$F76 -> 2.0829583 | W76: =SUM(W77:W82) -> 16581.48 | X76: =W76/$F76 -> 1.566934 | Y76: =G76+I76+K76+M76+O76+Q76+S76+U76+W76 -> 132928.27 | Z76: =Y76/$E76 -> 1.0467995 | AA76: =(Y76/9) -> 14769.808 | AB76: =SUM(AB77:AB82) -> 23291.256 | AG76: =SUM(AG77:AG82) -> 36681.16 | AH76: =AG76/$AB76 -> 1.5748898 | AI76: =SUM(AI77:AI82) -> 27263.89 | AJ76: =AI76/$AB76 -> 1.1705633 | AK76: =SUM(AK77:AK82) -> 0 | AL76: =AK76/$AB76 -> 0 | AM76: =SUM(AM77:AM82) -> 47366.33 | AN76: =AM76/$AB76 -> 2.0336529 | AO76: =SUM(AO77:AO82) -> 30254.22 | AP76: =AO76/$AB76 -> 1.2989519 | AQ76: =SUM(AQ77:AQ82) -> 11358.48 | AR76: =AQ76/$AB76 -> 0.48767143 | AS76: =SUM(AS77:AS82) -> 8732.37 | AT76: =AS76/$AB76 -> 0.37492053 | AU76: =SUM(AU77:AU82) -> 13198.52 | AV76: =AU76/$AB76 -> 0.56667275 | AW76: =SUM(AW77:AW82) -> 12445.01 | AX76: =AW76/$AB76 -> 0.53432113 | AY76: =SUM(AY77:AY82) -> 12847.48 | AZ76: =AY76/$AB76 -> 0.551601 | BA76: =AG76+AI76+AK76+AM76+AO76+AQ76+AS76+AU76+AW76+AY76 -> 200147.46 | BB76: =BA76/(AB76*12) -> 0.71610373 | BC76: =BA76/9 -> 22238.607 | BD76: =SUM(BD77:BD82) -> 26062.726 | BE76: =BD76*12 -> 312752.71 | BF76: =SUM(BF77:BF82) -> 276900 | BG76: =BF76/12 -> 23075 | BH76: =SUM(BH77:BH82) -> 23683.85 | BI76: =BH76/$BG76 -> 1.0263857 | BJ76: =SUM(BJ77:BJ82) -> 17676.97 | BK76: =BJ76/$BG76 -> 0.76606587 | BL76: =SUM(BL77:BL82) -> 33205.64 | BM76: =BL76/$BG76 -> 1.439031 | BN76: =SUM(BN77:BN82) -> 21422.37 | BO76: =BN76/$BG76 -> 0.92838007 | BP76: =SUM(BP77:BP82) -> 15540.25 | BQ76: =BP76/$BG76 -> 0.67346696 | BR76: =SUM(BR77:BR82) -> 45217.99 | BS76: =BR76/$BG76 -> 1.9596095 | BT76: =SUM(BT77:BT82) -> 39963.74 | BU76: =BT76/$BG76 -> 1.7319064 | BV76: =SUM(BV77:BV82) -> 56984.77 | BW76: =BV76/$BG76 -> 2.4695458 | BX76: =SUM(BX77:BX82) -> 8149.84 | BY76: =BX76/$BG76 -> 0.35318917 | BZ76: 43413.57 | CA76: =BZ76/$BG76 -> 1.8814115 | CB76: =SUM(CB77:CB82) -> 42705.841 | CC76: =CB76/$BG76 -> 1.8507407 | CD76: =SUM(CD77:CD82) -> 42571.03 | CE76: =CD76/$BG76 -> 1.8448984 | CF76: =SUM(CF77:CF82) -> 390535.86 | CG76: =CF76/(BG76*12) -> 1.4103859
A77: Contabilidade | B77: 49622 | C77: 42486.2 | D77: 56648.267 | E77: 59480.68 | F77: =E77/12 -> 4956.7233 | G77: 3710 | H77: =G77/F77 -> 0.74847833 | I77: 3710 | J77: =I77/F77 -> 0.74847833 | K77: 7420 | L77: =K77/F77 -> 1.4969567 | M77: 3710 | N77: =M77/F77 -> 0.74847833 | O77: 3710 | P77: =O77/$F77 -> 0.74847833 | Q77: 3710 | R77: =Q77/$F77 -> 0.74847833 | S77: 3710 | T77: =S77/$F77 -> 0.74847833 | U77: 7420 | V77: =U77/$F77 -> 1.4969567 | W77: 3710 | X77: =W77/$F77 -> 0.74847833 | Y77: =G77+I77+K77+M77+O77+Q77+S77+U77+W77 -> 40810 | Z77: =Y77/$E77 -> 0.68610514 | AA77: =(Y77/9) -> 4534.4444 | AB77: =AA77*$AC$7 -> 4715.8222 | AD77: =AB77/AA77 -> 1.04 | AH77: =AG77/$AB77 -> 0 | AI77: 7730 | AJ77: =AI77/$AB77 -> 1.6391627 | AL77: =AK77/$AB77 -> 0 | AM77: 11595 | AN77: =AM77/$AB77 -> 2.4587441 | AO77: 3865 | AP77: =AO77/$AB77 -> 0.81958136 | AQ77: 3478.5 | AR77: =AQ77/$AB77 -> 0.73762323 | AS77: 3478.5 | AT77: =AS77/$AB77 -> 0.73762323 | AU77: 3478.5 | AV77: =AU77/$AB77 -> 0.73762323 | AW77: 3478.5 | AX77: =AW77/$AB77 -> 0.73762323 | AY77: 3478.5 | AZ77: =AY77/$AB77 -> 0.73762323 | BA77: =AG77+AI77+AK77+AM77+AO77+AQ77+AS77+AU77+AW77+AY77 -> 40582.5 | BB77: =BA77/(AB77*12) -> 0.71713369 | BC77: =BA77/9 -> 4509.1667 | BD77: =AB77*BA1 -> 4904.4551 | BE77: =BD77*12 -> 58853.461 | BF77: 54000 | BG77: =BF77/12 -> 4500 | BH77: 4020 | BI77: =BH77/$BG77 -> 0.89333333 | BJ77: 4020 | BK77: =BJ77/$BG77 -> 0.89333333 | BL77: 4020 | BM77: =BL77/$BG77 -> 0.89333333 | BN77: 8040 | BO77: =BN77/$BG77 -> 1.7866667 | BP77: 4020 | BQ77: =BP77/$BG77 -> 0.89333333 | BR77: 4020 | BS77: =BR77/$BG77 -> 0.89333333 | BT77: 4020 | BU77: =BT77/$BG77 -> 0.89333333 | BV77: 8040 | BW77: =BV77/$BG77 -> 1.7866667 | BY77: =BX77/$BG77 -> 0 | BZ77: 4020 | CA77: =BZ77/$BG77 -> 0.89333333 | CB77: 4020 | CC77: =CB77/$BG77 -> 0.89333333 | CD77: 4020 | CE77: =CD77/$BG77 -> 0.89333333 | CF77: =BH77+BJ77+BL77+BN77+BP77+BR77+BT77+BV77+BX77+BZ77+CB77+CD77 -> 52260 | CG77: =CF77/(BG77*12) -> 0.96777778
A78: Assessoria Jurídica | B78: 3000 | C78: 4601.86 | D78: 4297.44 | E78: 4512.312 | F78: =E78/12 -> 376.026 | G78: 342.84 | H78: =G78/F78 -> 0.91174546 | I78: 7000 | J78: =I78/F78 -> 18.615734 | L78: =K78/F78 -> 0 | M78: 342.84 | N78: =M78/F78 -> 0.91174546 | O78: 445.94 | P78: =O78/$F78 -> 1.1859286 | Q78: 342.84 | R78: =Q78/$F78 -> 0.91174546 | S78: 342.84 | T78: =S78/$F78 -> 0.91174546 | U78: 369.09 | V78: =U78/$F78 -> 0.98155447 | W78: =369.09 -> 369.09 | X78: =W78/$F78 -> 0.98155447 | Y78: =G78+I78+K78+M78+O78+Q78+S78+U78+W78 -> 9555.48 | Z78: =Y78/$E78 -> 2.1176461 | AA78: =(Y78/9) -> 1061.72 | AB78: =AA78*$AC$7 -> 1104.1888 | AD78: =AB78/AA78 -> 1.04 | AG78: 6600 | AH78: =AG78/$AB78 -> 5.9772387 | AI78: 1041.98 | AJ78: =AI78/$AB78 -> 0.94366108 | AL78: =AK78/$AB78 -> 0 | AM78: 369.09 | AN78: =AM78/$AB78 -> 0.33426349 | AO78: 11369.09 | AP78: =AO78/$AB78 -> 10.296328 | AQ78: 369.09 | AR78: =AQ78/$AB78 -> 0.33426349 | AT78: =AS78/$AB78 -> 0 | AV78: =AU78/$AB78 -> 0 | AX78: =AW78/$AB78 -> 0 | AZ78: =AY78/$AB78 -> 0 | BA78: =AG78+AI78+AK78+AM78+AO78+AQ78+AS78+AU78+AW78+AY78 -> 19749.25 | BB78: =BA78/(AB78*12) -> 1.4904796 | BC78: =BA78/9 -> 2194.3611 | BD78: =BC78*BA1 -> 2282.1356 | BE78: =BD78*12 -> 27385.627 | BF78: 27400 | BG78: =BF78/12 -> 2283.3333 | BI78: =BH78/$BG78 -> 0 | BJ78: 831.69 | BK78: =BJ78/$BG78 -> 0.3642438 | BL78: 428.52 | BM78: =BL78/$BG78 -> 0.18767299 | BO78: =BN78/$BG78 -> 0 | BP78: 658.28 | BQ78: =BP78/$BG78 -> 0.28829781 | BR78: 219.36 | BS78: =BR78/$BG78 -> 0.096070073 | BT78: 257.7 | BU78: =BT78/$BG78 -> 0.11286131 | BV78: 313.35 | BW78: =BV78/$BG78 -> 0.13723358 | BY78: =BX78/$BG78 -> 0 | BZ78: 257.7 | CA78: =BZ78/$BG78 -> 0.11286131 | CB78: 257.7 | CC78: =CB78/$BG78 -> 0.11286131 | CD78: 2190.66 | CE78: =CD78/$BG78 -> 0.95941314 | CF78: =BH78+BJ78+BL78+BN78+BP78+BR78+BT78+BV78+BX78+BZ78+CB78+CD78 -> 5414.96 | CG78: =CF78/(BG78*12) -> 0.19762628
A79: Auditoria Contábil | B79: 21000 | C79: 7000 | D79: 21000 | E79: 21000 | F79: =E79/12 -> 1750 | G79: 7000 | H79: =G79/F79 -> 4 | I79: 342.84 | J79: =I79/F79 -> 0.19590857 | K79: 433.84 | L79: =K79/F79 -> 0.24790857 | N79: =M79/F79 -> 0 | P79: =O79/$F79 -> 0 | R79: =Q79/$F79 -> 0 | T79: =S79/$F79 -> 0 | V79: =U79/$F79 -> 0 | X79: =W79/$F79 -> 0 | Y79: =G79+I79+K79+M79+O79+Q79+S79+U79+W79 -> 7776.68 | Z79: =Y79/$E79 -> 0.3703181 | AA79: =(Y79/9) -> 864.07556 | AB79: =AA79*$AC$7 -> 898.63858 | AD79: =AB79/AA79 -> 1.04 | AG79: 7000 | AH79: =AG79/$AB79 -> 7.789561 | AI79: 7000 | AJ79: =AI79/$AB79 -> 7.789561 | AL79: =AK79/$AB79 -> 0 | AM79: 7000 | AN79: =AM79/$AB79 -> 7.789561 | AP79: =AO79/$AB79 -> 0 | AR79: =AQ79/$AB79 -> 0 | AT79: =AS79/$AB79 -> 0 | AV79: =AU79/$AB79 -> 0 | AX79: =AW79/$AB79 -> 0 | AZ79: =AY79/$AB79 -> 0 | BA79: =AG79+AI79+AK79+AM79+AO79+AQ79+AS79+AU79+AW79+AY79 -> 21000 | BB79: =BA79/(AB79*12) -> 1.9473902 | BC79: =BA79/9 -> 2333.3333 | BD79: =21000/12 -> 1750 | BE79: =BD79*12 -> 21000 | BF79: 22000 | BG79: =BF79/12 -> 1833.3333 | BH79: 7556.85 | BI79: =BH79/$BG79 -> 4.1219182 | BK79: =BJ79/$BG79 -> 0 | BL79: 355.2 | BM79: =BL79/$BG79 -> 0.19374545 | BO79: =BN79/$BG79 -> 0 | BQ79: =BP79/$BG79 -> 0 | BR79: 3798.3 | BS79: =BR79/$BG79 -> 2.0718 | BT79: 3041.4 | BU79: =BT79/$BG79 -> 1.6589455 | BV79: 3041.4 | BW79: =BV79/$BG79 -> 1.6589455 | BY79: =BX79/$BG79 -> 0 | BZ79: 3041.4 | CA79: =BZ79/$BG79 -> 1.6589455 | CB79: 3041.401 | CC79: =CB79/$BG79 -> 1.658946 | CD79: 3041.4 | CE79: =CD79/$BG79 -> 1.6589455 | CF79: =BH79+BJ79+BL79+BN79+BP79+BR79+BT79+BV79+BX79+BZ79+CB79+CD79 -> 26917.351 | CG79: =CF79/(BG79*12) -> 1.223516
A80: Salva Vidas | B80: 8400 | D80: 8400 | E80: 5000 | F80: =E80/12 -> 416.66667 | G80: 120 | H80: =G80/F80 -> 0.288 | I80: =285.71+57.14+142.85+28.57 -> 514.27 | J80: =I80/F80 -> 1.234248 | K80: =285.71+57.14+571.43+114.29+285.72+57.14+285.72+57.14 -> 1714.29 | L80: =K80/F80 -> 4.114296 | M80: 1714.28 | N80: =M80/F80 -> 4.114272 | O80: 857.14 | P80: =O80/$F80 -> 2.057136 | Q80: 0 | R80: =Q80/$F80 -> 0 | T80: =S80/$F80 -> 0 | V80: =U80/$F80 -> 0 | X80: =W80/$F80 -> 0 | Y80: =G80+I80+K80+M80+O80+Q80+S80+U80+W80 -> 4919.98 | Z80: =Y80/$E80 -> 0.983996 | AA80: =(Y80/9) -> 546.66444 | AB80: 780 | AE80: Considerando salva vidas aos fds durante 9 meses | AG80: 171.42 | AH80: =AG80/$AB80 -> 0.21976923 | AI80: 970.77 | AJ80: =AI80/$AB80 -> 1.2445769 | AL80: =AK80/$AB80 -> 0 | AM80: =1346.89-178.57 -> 1168.32 | AN80: =AM80/$AB80 -> 1.4978462 | AP80: =AO80/$AB80 -> 0 | AR80: =AQ80/$AB80 -> 0 | AT80: =AS80/$AB80 -> 0 | AV80: =AU80/$AB80 -> 0 | AX80: =AW80/$AB80 -> 0 | AZ80: =AY80/$AB80 -> 0 | BA80: =AG80+AI80+AK80+AM80+AO80+AQ80+AS80+AU80+AW80+AY80 -> 2310.51 | BB80: =BA80/(AB80*12) -> 0.24684936 | BC80: =BA80/9 -> 256.72333 | BD80: =AB80*BA1 -> 811.2 | BE80: =BD80*12 -> 9734.4 | BF80: 9500 | BG80: =BF80/12 -> 791.66667 | BI80: =BH80/$BG80 -> 0 | BJ80: 323.59 | BK80: =BJ80/$BG80 -> 0.40874526 | BM80: =BL80/$BG80 -> 0 | BO80: =BN80/$BG80 -> 0 | BQ80: =BP80/$BG80 -> 0 | BS80: =BR80/$BG80 -> 0 | BU80: =BT80/$BG80 -> 0 | BW80: =BV80/$BG80 -> 0 | BY80: =BX80/$BG80 -> 0 | BZ80: 647.18 | CA80: =BZ80/$BG80 -> 0.81749053 | CC80: =CB80/$BG80 -> 0 | CD80: 499.98 | CE80: =CD80/$BG80 -> 0.63155368 | CF80: =BH80+BJ80+BL80+BN80+BP80+BR80+BT80+BV80+BX80+BZ80+CB80+CD80 -> 1470.75 | CG80: =CF80/(BG80*12) -> 0.15481579
A81: Colaboradores terceirizados (faxineira, jardineiro, porteiros) | M81: 463.33 | O81: 10457.52 | P81: =O81/$F81 -> #DIV/0! | R81: =Q81/$F81 -> #DIV/0! | S81: 9082.09 | T81: =S81/$F81 -> #DIV/0! | U81: 8872.56 | V81: =#REF!/$F81 -> #REF! | W81: 8170 | X81: =#REF!/$F81 -> #REF! | Y81: =G81+I81+K81+M81+O81+Q81+S81+U81+W81 -> 37045.5 | AA81: =(Y81/9) -> 4116.1667 | AB81: 12000 | AE81: Valor ref. func. Terceirizados,não dá para usar a média | AG81: 14273.28 | AH81: =AG81/$AB81 -> 1.18944 | AI81: =1165.2+9355.94 -> 10521.14 | AJ81: =AI81/$AB81 -> 0.87676167 | AL81: =AK81/$AB81 -> 0 | AM81: 10328.86 | AN81: =AM81/$AB81 -> 0.86073833 | AO81: 8995 | AP81: =AO81/$AB81 -> 0.74958333 | AQ81: 1699.14 | AR81: =AQ81/$AB81 -> 0.141595 | AS81: 1656.62 | AT81: =AS81/$AB81 -> 0.13805167 | AU81: 1716.74 | AV81: =AU81/$AB81 -> 0.14306167 | AW81: 2990 | AX81: =AW81/$AB81 -> 0.24916667 | AY81: 2990 | AZ81: =AY81/$AB81 -> 0.24916667 | BA81: =AG81+AI81+AK81+AM81+AO81+AQ81+AS81+AU81+AW81+AY81 -> 55170.78 | BB81: =BA81/(AB81*12) -> 0.38313042 | BC81: =BA81/9 -> 6130.0867 | BD81: 9500 | BE81: =BD81*12 -> 114000 | BF81: 114000 | BG81: =BF81/12 -> 9500 | BH81: =7773.8 -> 7773.8 | BI81: =BH81/$BG81 -> 0.81829474 | BJ81: =8405.88 -> 8405.88 | BK81: =BJ81/$BG81 -> 0.88482947 | BL81: =8072.34+5675 -> 13747.34 | BM81: =BL81/$BG81 -> 1.4470884 | BN81: 8072.34 | BO81: =BN81/$BG81 -> 0.84972 | BP81: 8072.34 | BQ81: =BP81/$BG81 -> 0.84972 | BR81: 27357.06 | BS81: =BR81/$BG81 -> 2.8796905 | BT81: =35533.29-7512.52 -> 28020.77 | BU81: =BT81/$BG81 -> 2.9495547 | BV81: =27357.06 -> 27357.06 | BW81: =BV81/$BG81 -> 2.8796905 | BX81: =8149.84 -> 8149.84 | BY81: =BX81/$BG81 -> 0.85787789 | BZ81: 27419.85 | CA81: =BZ81/$BG81 -> 2.8863 | CB81: =28217.06 -> 28217.06 | CC81: =CB81/$BG81 -> 2.9702168 | CD81: =47631.78-19284.72 -> 28347.06 | CE81: =CD81/$BG81 -> 2.9839011 | CF81: =BH81+BJ81+BL81+BN81+BP81+BR81+BT81+BV81+BX81+BZ81+CB81+CD81 -> 220940.4 | CG81: =CF81/(BG81*12) -> 1.9380737
A82: Outros (sistema /informática / site / serviços de terceiros) | B82: 43647.884 | C82: 26423.16 | D82: 35230.88 | E82: 36992.424 | F82: =E82/12 -> 3082.702 | G82: =3430.1+422 -> 3852.1 | H82: =G82/F82 -> 1.2495856 | I82: =1467.68+1867+500 -> 3834.68 | J82: =I82/F82 -> 1.2439347 | K82: =1544.89+672.03 -> 2216.92 | L82: =K82/F82 -> 0.71914833 | M82: =453+3100 -> 3553 | N82: =M82/F82 -> 1.1525603 | O82: =4105.66+624.42 -> 4730.08 | P82: =O82/$F82 -> 1.5343942 | Q82: =1442.46+453 -> 1895.46 | R82: =Q82/$F82 -> 0.61486968 | S82: =1953.21-90.67+1163 -> 3025.54 | T82: =S82/$F82 -> 0.98145718 | U82: =2657.46+2723 -> 5380.46 | V82: =U82/$F82 -> 1.7453714 | W82: =1719.39+2613 -> 4332.39 | X82: =W82/$F82 -> 1.4053872 | Y82: =G82+I82+K82+M82+O82+Q82+S82+U82+W82 -> 32820.63 | Z82: =Y82/$E82 -> 0.88722572 | AA82: =(Y82/9) -> 3646.7367 | AB82: =AA82*$AC$7 -> 3792.6061 | AD82: =AB82/AA82 -> 1.04 | AG82: =5803+2833.46 -> 8636.46 | AH82: =AG82/$AB82 -> 2.2771835 | AJ82: =AI82/$AB82 -> 0 | AL82: =AK82/$AB82 -> 0 | AM82: =11642.46-10328.86+15591.46 -> 16905.06 | AN82: =AM82/$AB82 -> 4.457373 | AO82: =2908.3+3774.63-770+112.2 -> 6025.13 | AP82: =AO82/$AB82 -> 1.5886517 | AQ82: =1313.6+4498.15 -> 5811.75 | AR82: =AQ82/$AB82 -> 1.5323895 | AS82: =1313.6+2283.65 -> 3597.25 | AT82: =AS82/$AB82 -> 0.94849027 | AU82: =2753.6+5249.68 -> 8003.28 | AV82: =AU82/$AB82 -> 2.1102323 | AW82: =1313.8+3251.51+1411.2 -> 5976.51 | AX82: =AW82/$AB82 -> 1.575832 | AY82: =4804.9+1574.08 -> 6378.98 | AZ82: =AY82/$AB82 -> 1.6819516 | BA82: =AG82+AI82+AK82+AM82+AO82+AQ82+AS82+AU82+AW82+AY82 -> 61334.42 | BB82: =BA82/(AB82*12) -> 1.3476753 | BC82: =BA82/9 -> 6814.9356 | BD82: =BC82 -> 6814.9356 | BE82: =BD82*12 -> 81779.227 | BF82: 50000 | BG82: =BF82/12 -> 4166.6667 | BH82: =2239.79+2093.41 -> 4333.2 | BI82: =BH82/$BG82 -> 1.039968 | BJ82: =2009.58+2086.23 -> 4095.81 | BK82: =BJ82/$BG82 -> 0.9829944 | BL82: =8267.78+6386.8 -> 14654.58 | BM82: =BL82/$BG82 -> 3.5170992 | BN82: =2362.7+2947.33 -> 5310.03 | BO82: =BN82/$BG82 -> 1.2744072 | BP82: =2789.63 -> 2789.63 | BQ82: =BP82/$BG82 -> 0.6695112 | BR82: =5572.14+4251.13 -> 9823.27 | BS82: =BR82/$BG82 -> 2.3575848 | BT82: =2115.88+2507.99 -> 4623.87 | BU82: =BT82/$BG82 -> 1.1097288 | BV82: =9829.59+8403.37 -> 18232.96 | BW82: =BV82/$BG82 -> 4.3759104 | BY82: =BX82/$BG82 -> 0 | BZ82: 8027.44 | CA82: =BZ82/$BG82 -> 1.9265856 | CB82: =3438.02-647.18+4378.84 -> 7169.68 | CC82: =CB82/$BG82 -> 1.7207232 | CD82: =4064.4-193.01-499.98+4026.52-2926 -> 4471.93 | CE82: =CD82/$BG82 -> 1.0732632 | CF82: =BH82+BJ82+BL82+BN82+BP82+BR82+BT82+BV82+BX82+BZ82+CB82+CD82 -> 83532.4 | CG82: =CF82/(BG82*12) -> 1.670648
A83: Outras Despesas Operacionais | B83: 61202.984 | C83: 47328.04 | D83: 65328.72 | E83: 68620.914 | F83: =E83/12 -> 5718.4095 | G83: =SUM(G84:G91) -> 3520.49 | H83: =G83/F83 -> 0.61564146 | I83: =SUM(I84:I91) -> 3374.57 | J83: =I83/F83 -> 0.59012388 | K83: =SUM(K84:K91) -> 6583.66 | L83: =K83/F83 -> 1.1513096 | M83: =SUM(M84:M91) -> 5875.45 | N83: =M83/F83 -> 1.0274623 | O83: =SUM(O84:O91) -> 3652.39 | P83: =O83/$F83 -> 0.63870732 | Q83: =SUM(Q84:Q91) -> 9254.4 | R83: =Q83/$F83 -> 1.6183521 | S83: =SUM(S84:S91) -> 4654.68 | T83: =S83/$F83 -> 0.81398158 | U83: =SUM(U84:U91) -> 2605.32 | V83: =U83/$F83 -> 0.45560221 | W83: =SUM(W84:W91) -> 1746.4 | X83: =W83/$F83 -> 0.3053996 | Y83: =G83+I83+K83+M83+O83+Q83+S83+U83+W83 -> 41267.36 | Z83: =Y83/$E83 -> 0.60138167 | AA83: =(Y83/9) -> 4585.2622 | AB83: =SUM(AB84:AB91) -> 3561.4105 | AD83: =AB83/AA83 -> 0.77670814 | AG83: =SUM(AG84:AG91) -> 2323.94 | AH83: =AG83/$AB83 -> 0.6525336 | AI83: =SUM(AI84:AI91) -> 2931.98 | AJ83: =AI83/$AB83 -> 0.82326371 | AK83: =SUM(AK84:AK91) -> 0 | AL83: =AK83/$AB83 -> 0 | AM83: =SUM(AM84:AM91) -> 1997.1 | AN83: =AM83/$AB83 -> 0.56076097 | AO83: =SUM(AO84:AO91) -> 1297.99 | AP83: =AO83/$AB83 -> 0.36445953 | AQ83: =SUM(AQ84:AQ91) -> 1494.47 | AR83: =AQ83/$AB83 -> 0.41962868 | AS83: =SUM(AS84:AS91) -> 1663.39 | AT83: =AS83/$AB83 -> 0.46705933 | AU83: =SUM(AU84:AU91) -> 1478.48 | AV83: =AU83/$AB83 -> 0.41513889 | AW83: =SUM(AW84:AW91) -> 3147.84 | AX83: =AW83/$AB83 -> 0.88387452 | AY83: =SUM(AY84:AY91) -> 1883.44 | AZ83: =AY83/$AB83 -> 0.52884665 | BA83: =AG83+AI83+AK83+AM83+AO83+AQ83+AS83+AU83+AW83+AY83 -> 18218.63 | BB83: =BA83/(AB83*12) -> 0.42629716 | BC83: =BA83/9 -> 2024.2922 | BD83: =SUM(BD84:BD91) -> 3883.3243 | BE83: =BD83*12 -> 46599.892 | BF83: =SUM(BF84:BF91) -> 46600 | BG83: =BF83/12 -> 3883.3333 | BH83: =SUM(BH84:BH91) -> 2429.1 | BI83: =BH83/$BG83 -> 0.62551931 | BJ83: =SUM(BJ84:BJ91) -> 2838.19 | BK83: =BJ83/$BG83 -> 0.73086438 | BL83: =SUM(BL84:BL91) -> 3746.17 | BM83: =BL83/$BG83 -> 0.96467897 | BN83: =SUM(BN84:BN91) -> 1660.11 | BO83: =BN83/$BG83 -> 0.42749614 | BP83: =SUM(BP84:BP91) -> 5574.57 | BQ83: =BP83/$BG83 -> 1.4355116 | BR83: =SUM(BR84:BR91) -> 3777.53 | BS83: =BR83/$BG83 -> 0.97275451 | BT83: =SUM(BT84:BT91) -> 3183.26 | BU83: =BT83/$BG83 -> 0.81972361 | BV83: =SUM(BV84:BV91) -> 7832.28 | BW83: =BV83/$BG83 -> 2.0168961 | BX83: =SUM(BX84:BX91) -> 8981.93 | BY83: =BX83/$BG83 -> 2.3129433 | BZ83: 2838.33 | CA83: =BZ83/$BG83 -> 0.73090043 | CB83: =SUM(CB84:CB91) -> 20899.8 | CC83: =CB83/$BG83 -> 5.3819227 | CD83: =SUM(CD84:CD91) -> 8023 | CE83: =CD83/$BG83 -> 2.0660086 | CF83: =SUM(CF84:CF91) -> 71784.27 | CG83: =CF83/(BG83*12) -> 1.540435
A84: Conduções, viagens, cópias | B84: 2482.92 | D84: 1000 | E84: 1050 | F84: =E84/12 -> 87.5 | H84: =G84/F84 -> 0 | J84: =I84/F84 -> 0 | K84: 137.1 | L84: =K84/F84 -> 1.5668571 | N84: =M84/F84 -> 0 | P84: =O84/$F84 -> 0 | Q84: 275 | R84: =Q84/$F84 -> 3.1428571 | T84: =S84/$F84 -> 0 | V84: =U84/$F84 -> 0 | X84: =W84/$F84 -> 0 | Y84: =G84+I84+K84+M84+O84+Q84+S84+U84+W84 -> 412.1 | Z84: =Y84/$E84 -> 0.39247619 | AA84: =(Y84/9) -> 45.788889 | AB84: =AA84*$AC$7 -> 47.620444 | AD84: =AB84/AA84 -> 1.04 | AH84: =AG84/$AB84 -> 0 | AI84: 38 | AJ84: =AI84/$AB84 -> 0.79797659 | AL84: =AK84/$AB84 -> 0 | AN84: =AM84/$AB84 -> 0 | AP84: =AO84/$AB84 -> 0 | AR84: =AQ84/$AB84 -> 0 | AT84: =AS84/$AB84 -> 0 | AV84: =AU84/$AB84 -> 0 | AX84: =AW84/$AB84 -> 0 | AZ84: =AY84/$AB84 -> 0 | BA84: =AG84+AI84+AK84+AM84+AO84+AQ84+AS84+AU84+AW84+AY84 -> 38 | BB84: =BA84/(AB84*12) -> 0.066498049 | BC84: =BA84/9 -> 4.2222222 | BD84: =AB84*BA1 -> 49.525262 | BE84: =BD84*12 -> 594.30315 | BF84: 600 | BG84: =BF84/12 -> 50 | BI84: =BH84/$BG84 -> 0 | BK84: =BJ84/$BG84 -> 0 | BM84: =BL84/$BG84 -> 0 | BO84: =BN84/$BG84 -> 0 | BQ84: =BP84/$BG84 -> 0 | BS84: =BR84/$BG84 -> 0 | BU84: =BT84/$BG84 -> 0 | BW84: =BV84/$BG84 -> 0 | BY84: =BX84/$BG84 -> 0 | BZ84: 193.18 | CA84: =BZ84/$BG84 -> 3.8636 | CC84: =CB84/$BG84 -> 0 | CE84: =CD84/$BG84 -> 0 | CF84: =BH84+BJ84+BL84+BN84+BP84+BR84+BT84+BV84+BX84+BZ84+CB84+CD84 -> 193.18 | CG84: =CF84/(BG84*12) -> 0.32196667
A85: Marketing (impressos diversos) | B85: 12000 | C85: 1800 | D85: 1800 | E85: 15000 | F85: =E85/12 -> 1250 | H85: =G85/F85 -> 0 | J85: =I85/F85 -> 0 | K85: 1075 | L85: =K85/F85 -> 0.86 | N85: =M85/F85 -> 0 | P85: =O85/$F85 -> 0 | R85: =Q85/$F85 -> 0 | T85: =S85/$F85 -> 0 | V85: =U85/$F85 -> 0 | X85: =W85/$F85 -> 0 | Y85: =G85+I85+K85+M85+O85+Q85+S85+U85+W85 -> 1075 | Z85: =Y85/$E85 -> 0.071666667 | AA85: =(Y85/9) -> 119.44444 | AB85: =AA85*$AC$7 -> 124.22222 | AD85: =AB85/AA85 -> 1.04 | AH85: =AG85/$AB85 -> 0 | AJ85: =AI85/$AB85 -> 0 | AL85: =AK85/$AB85 -> 0 | AN85: =AM85/$AB85 -> 0 | AP85: =AO85/$AB85 -> 0 | AR85: =AQ85/$AB85 -> 0 | AT85: =AS85/$AB85 -> 0 | AV85: =AU85/$AB85 -> 0 | AX85: =AW85/$AB85 -> 0 | AZ85: =AY85/$AB85 -> 0 | BA85: =AG85+AI85+AK85+AM85+AO85+AQ85+AS85+AU85+AW85+AY85 -> 0 | BB85: =BA85/(AB85*12) -> 0 | BC85: =BA85/9 -> 0 | BD85: =AB85*BA1 -> 129.19111 | BE85: =BD85*12 -> 1550.2933 | BF85: 1100 | BG85: =BF85/12 -> 91.666667 | BI85: =BH85/$BG85 -> 0 | BJ85: 220 | BK85: =BJ85/$BG85 -> 2.4 | BM85: =BL85/$BG85 -> 0 | BN85: 34.9 | BO85: =BN85/$BG85 -> 0.38072727 | BP85: 180 | BQ85: =BP85/$BG85 -> 1.9636364 | BR85: 156.82 | BS85: =BR85/$BG85 -> 1.7107636 | BT85: 432.88 | BU85: =BT85/$BG85 -> 4.7223273 | BV85: 175.76 | BW85: =BV85/$BG85 -> 1.9173818 | BX85: 102.7 | BY85: =BX85/$BG85 -> 1.1203636 | BZ85: 34.9 | CA85: =BZ85/$BG85 -> 0.38072727 | CB85: 34.9 | CC85: =CB85/$BG85 -> 0.38072727 | CD85: 34.9 | CE85: =CD85/$BG85 -> 0.38072727 | CF85: =BH85+BJ85+BL85+BN85+BP85+BR85+BT85+BV85+BX85+BZ85+CB85+CD85 -> 1407.76 | CG85: =CF85/(BG85*12) -> 1.2797818
A86: Despesas Gerais (Lanches e refeições) | B86: 10072.05 | C86: 5966.97 | D86: 7955.96 | E86: 8353.758 | F86: =E86/12 -> 696.1465 | G86: 352.56 | H86: =G86/F86 -> 0.50644512 | I86: =445.65+287.02 -> 732.67 | J86: =I86/F86 -> 1.0524652 | K86: =39.25+177.92 -> 217.17 | L86: =K86/F86 -> 0.3119602 | M86: =455+101.05 -> 556.05 | N86: =M86/F86 -> 0.79875429 | O86: =180+906.07 -> 1086.07 | P86: =O86/$F86 -> 1.560117 | Q86: =60.3+273.7+641.3-275 -> 700.3 | R86: =Q86/$F86 -> 1.0059664 | S86: =69.19 -> 69.19 | T86: =S86/$F86 -> 0.099389999 | U86: =630+14 -> 644 | V86: =U86/$F86 -> 0.92509263 | W86: =42+324.4 -> 366.4 | X86: =W86/$F86 -> 0.526326 | Y86: =G86+I86+K86+M86+O86+Q86+S86+U86+W86 -> 4724.41 | Z86: =Y86/$E86 -> 0.56554308 | AA86: =(Y86/9) -> 524.93444 | AB86: =AA86*$AC$7 -> 545.93182 | AD86: =AB86/AA86 -> 1.04 | AG86: 86.14 | AH86: =AG86/$AB86 -> 0.15778527 | AI86: 623.78 | AJ86: =AI86/$AB86 -> 1.1425969 | AL86: =AK86/$AB86 -> 0 | AN86: =AM86/$AB86 -> 0 | AP86: =AO86/$AB86 -> 0 | AR86: =AQ86/$AB86 -> 0 | AT86: =AS86/$AB86 -> 0 | AV86: =AU86/$AB86 -> 0 | AW86: =120.8+156.7 -> 277.5 | AX86: =AW86/$AB86 -> 0.50830523 | AZ86: =AY86/$AB86 -> 0 | BA86: =AG86+AI86+AK86+AM86+AO86+AQ86+AS86+AU86+AW86+AY86 -> 987.42 | BB86: =BA86/(AB86*12) -> 0.15072395 | BC86: =BA86/9 -> 109.71333 | BD86: =AB86*BA1 -> 567.7691 | BE86: =BD86*12 -> 6813.2291 | BF86: 6900 | BG86: =BF86/12 -> 575 | BI86: =BH86/$BG86 -> 0 | BK86: =BJ86/$BG86 -> 0 | BM86: =BL86/$BG86 -> 0 | BO86: =BN86/$BG86 -> 0 | BQ86: =BP86/$BG86 -> 0 | BR86: 420.52 | BS86: =BR86/$BG86 -> 0.73133913 | BT86: 88 | BU86: =BT86/$BG86 -> 0.15304348 | BV86: 72.3 | BW86: =BV86/$BG86 -> 0.12573913 | BX86: 1640.83 | BY86: =BX86/$BG86 -> 2.8536174 | CA86: =BZ86/$BG86 -> 0 | CB86: 974.65 | CC86: =CB86/$BG86 -> 1.6950435 | CE86: =CD86/$BG86 -> 0 | CF86: =BH86+BJ86+BL86+BN86+BP86+BR86+BT86+BV86+BX86+BZ86+CB86+CD86 -> 3196.3 | CG86: =CF86/(BG86*12) -> 0.46323188
A87: despesa de deslocamento, motoboy | B87: 1254 | C87: 1663.04 | D87: 2217.3867 | E87: 2328.256 | F87: =E87/12 -> 194.02133 | H87: =G87/F87 -> 0 | J87: =I87/F87 -> 0 | L87: =K87/F87 -> 0 | M87: =3+50 -> 53 | N87: =M87/F87 -> 0.27316584 | O87: =100+143.8 -> 243.8 | P87: =O87/$F87 -> 1.2565629 | Q87: =18+130 -> 148 | R87: =Q87/$F87 -> 0.76280272 | S87: =24+237.42-37.69 -> 223.73 | T87: =S87/$F87 -> 1.1531206 | U87: 292.52 | V87: =U87/$F87 -> 1.5076693 | W87: =30+100 -> 130 | X87: =W87/$F87 -> 0.67002941 | Y87: =G87+I87+K87+M87+O87+Q87+S87+U87+W87 -> 1091.05 | Z87: =Y87/$E87 -> 0.46861256 | AA87: =(Y87/9) -> 121.22778 | AB87: =AA87*$AC$7 -> 126.07689 | AD87: =AB87/AA87 -> 1.04 | AG87: 120 | AH87: =AG87/$AB87 -> 0.95180014 | AI87: =280 -> 280 | AJ87: =AI87/$AB87 -> 2.220867 | AL87: =AK87/$AB87 -> 0 | AM87: =16+220 -> 236 | AN87: =AM87/$AB87 -> 1.8718736 | AP87: =AO87/$AB87 -> 0 | AR87: =AQ87/$AB87 -> 0 | AT87: =AS87/$AB87 -> 0 | AU87: 36 | AV87: =AU87/$AB87 -> 0.28554004 | AW87: 108 | AX87: =AW87/$AB87 -> 0.85662012 | AY87: 156 | AZ87: =AY87/$AB87 -> 1.2373402 | BA87: =AG87+AI87+AK87+AM87+AO87+AQ87+AS87+AU87+AW87+AY87 -> 936 | BB87: =BA87/(AB87*12) -> 0.61867009 | BC87: =BA87/9 -> 104 | BD87: =AB87*BA1 -> 131.11996 | BE87: =BD87*12 -> 1573.4396 | BF87: 1600 | BG87: =BF87/12 -> 133.33333 | BH87: 228 | BI87: =BH87/$BG87 -> 1.71 | BJ87: 48 | BK87: =BJ87/$BG87 -> 0.36 | BL87: =72 -> 72 | BM87: =BL87/$BG87 -> 0.54 | BN87: =5+108 -> 113 | BO87: =BN87/$BG87 -> 0.8475 | BP87: 420 | BQ87: =BP87/$BG87 -> 3.15 | BR87: 72 | BS87: =BR87/$BG87 -> 0.54 | BT87: 396 | BU87: =BT87/$BG87 -> 2.97 | BV87: 420 | BW87: =BV87/$BG87 -> 3.15 | BX87: 193.18 | BY87: =BX87/$BG87 -> 1.44885 | BZ87: 349.18 | CA87: =BZ87/$BG87 -> 2.61885 | CB87: 759.57 | CC87: =CB87/$BG87 -> 5.696775 | CD87: =720 -> 720 | CE87: =CD87/$BG87 -> 5.4 | CF87: =BH87+BJ87+BL87+BN87+BP87+BR87+BT87+BV87+BX87+BZ87+CB87+CD87 -> 3790.93 | CG87: =CF87/(BG87*12) -> 2.3693313
A88: Segurança (canil) e ração | B88: 2239.3305 | C88: 813.5 | D88: 1084.6667 | E88: 1138.9 | F88: =E88/12 -> 94.908333 | G88: 188.9 | H88: =G88/F88 -> 1.9903416 | J88: =I88/F88 -> 0 | K88: 188.9 | L88: =K88/F88 -> 1.9903416 | N88: =M88/F88 -> 0 | O88: 188.9 | P88: =O88/$F88 -> 1.9903416 | Q88: =662.6-130-273.7 -> 258.9 | R88: =Q88/$F88 -> 2.7278953 | S88: 75 | T88: =S88/$F88 -> 0.79023619 | U88: 188.9 | V88: =U88/$F88 -> 1.9903416 | X88: =W88/$F88 -> 0 | Y88: =G88+I88+K88+M88+O88+Q88+S88+U88+W88 -> 1089.5 | Z88: =Y88/$E88 -> 0.95662481 | AA88: =(Y88/9) -> 121.05556 | AB88: =AA88*$AC$7 -> 125.89778 | AD88: =AB88/AA88 -> 1.04 | AG88: 65 | AH88: =AG88/$AB88 -> 0.51629188 | AI88: =682.5 -> 682.5 | AJ88: =AI88/$AB88 -> 5.4210647 | AL88: =AK88/$AB88 -> 0 | AM88: 437.8 | AN88: =AM88/$AB88 -> 3.4774244 | AO88: 47.99 | AP88: =AO88/$AB88 -> 0.38118226 | AQ88: 244.47 | AR88: =AQ88/$AB88 -> 1.9418135 | AS88: 413.39 | AT88: =AS88/$AB88 -> 3.2835369 | AU88: 192.48 | AV88: =AU88/$AB88 -> 1.5288594 | AW88: 416.39 | AX88: =AW88/$AB88 -> 3.3073658 | AY88: 437.5 | AZ88: =AY88/$AB88 -> 3.4750415 | BA88: =AG88+AI88+AK88+AM88+AO88+AQ88+AS88+AU88+AW88+AY88 -> 2937.52 | BB88: =BA88/(AB88*12) -> 1.9443817 | BC88: =BA88/9 -> 326.39111 | BD88: =BC88 -> 326.39111 | BE88: =BD88*12 -> 3916.6933 | BF88: 3900 | BG88: =BF88/12 -> 325 | BH88: 184.9 | BI88: =BH88/$BG88 -> 0.56892308 | BJ88: 403.79 | BK88: =BJ88/$BG88 -> 1.2424308 | BL88: 135.9 | BM88: =BL88/$BG88 -> 0.41815385 | BN88: 122.31 | BO88: =BN88/$BG88 -> 0.37633846 | BP88: 583.71 | BQ88: =BP88/$BG88 -> 1.7960308 | BR88: 130.41 | BS88: =BR88/$BG88 -> 0.40126154 | BT88: 130.41 | BU88: =BT88/$BG88 -> 0.40126154 | BV88: 190.41 | BW88: =BV88/$BG88 -> 0.58587692 | BX88: 554.92 | BY88: =BX88/$BG88 -> 1.7074462 | CA88: =BZ88/$BG88 -> 0 | CB88: 188.9 | CC88: =CB88/$BG88 -> 0.58123077 | CE88: =CD88/$BG88 -> 0 | CF88: =BH88+BJ88+BL88+BN88+BP88+BR88+BT88+BV88+BX88+BZ88+CB88+CD88 -> 2625.66 | CG88: =CF88/(BG88*12) -> 0.67324615
A89: compra de pequenos bens | B89: 8154.6836 | C89: 11723.03 | D89: 15630.707 | E89: 15000 | F89: =E89/12 -> 1250 | H89: =G89/F89 -> 0 | I89: 1248.29 | J89: =I89/F89 -> 0.998632 | K89: =4117.69-459.82 -> 3657.87 | L89: =K89/F89 -> 2.926296 | M89: 257.4 | N89: =M89/F89 -> 0.20592 | O89: =1247.18-135-190.89-138.25 -> 783.04 | P89: =O89/$F89 -> 0.626432 | R89: =Q89/$F89 -> 0 | S89: 842 | T89: =S89/$F89 -> 0.6736 | U89: 229.9 | V89: =U89/$F89 -> 0.18392 | X89: =W89/$F89 -> 0 | Y89: =G89+I89+K89+M89+O89+Q89+S89+U89+W89 -> 7018.5 | Z89: =Y89/$E89 -> 0.4679 | AA89: =(Y89/9) -> 779.83333 | AB89: =AA89*$AC$7 -> 811.02667 | AD89: =AB89/AA89 -> 1.04 | AG89: 802.8 | AH89: =AG89/$AB89 -> 0.98985648 | AI89: 57.7 | AJ89: =AI89/$AB89 -> 0.071144393 | AL89: =AK89/$AB89 -> 0 | AM89: 73.3 | AN89: =AM89/$AB89 -> 0.090379272 | AP89: =AO89/$AB89 -> 0 | AR89: =AQ89/$AB89 -> 0 | AT89: =AS89/$AB89 -> 0 | AV89: =AU89/$AB89 -> 0 | AW89: 1095.95 | AX89: =AW89/$AB89 -> 1.3513119 | AY89: 39.94 | AZ89: =AY89/$AB89 -> 0.049246223 | BA89: =AG89+AI89+AK89+AM89+AO89+AQ89+AS89+AU89+AW89+AY89 -> 2069.69 | BB89: =BA89/(AB89*12) -> 0.21266152 | BC89: =BA89/9 -> 229.96556 | BD89: =AB89*BA1 -> 843.46773 | BE89: =BD89*12 -> 10121.613 | BF89: 10200 | BG89: =BF89/12 -> 850 | BH89: 766.2 | BI89: =BH89/$BG89 -> 0.90141176 | BJ89: 916.4 | BK89: =BJ89/$BG89 -> 1.0781176 | BL89: 2288.27 | BM89: =BL89/$BG89 -> 2.6920824 | BN89: 139.9 | BO89: =BN89/$BG89 -> 0.16458824 | BP89: =1898.04+1199.7+43.12 -> 3140.86 | BQ89: =BP89/$BG89 -> 3.6951294 | BR89: 1747.78 | BS89: =BR89/$BG89 -> 2.0562118 | BT89: =1375.97-490 -> 885.97 | BU89: =BT89/$BG89 -> 1.0423176 | BV89: 5723.81 | BW89: =BV89/$BG89 -> 6.7338941 | BX89: =5566.83-326.53 -> 5240.3 | BY89: =BX89/$BG89 -> 6.1650588 | BZ89: 1011.07 | CA89: =BZ89/$BG89 -> 1.1894941 | CB89: 17691.78 | CC89: =CB89/$BG89 -> 20.813859 | CD89: =6744.3-781.95 -> 5962.35 | CE89: =CD89/$BG89 -> 7.0145294 | CF89: =BH89+BJ89+BL89+BN89+BP89+BR89+BT89+BV89+BX89+BZ89+CB89+CD89 -> 45514.69 | CG89: =CF89/(BG89*12) -> 4.4622245
A90: Outros (dedetização/headhunter,etc) | B90: 15000 | C90: 9881.5 | D90: 15000 | E90: 15750 | F90: =E90/12 -> 1312.5 | G90: =1250+289.03 -> 1539.03 | H90: =G90/F90 -> 1.1725943 | I90: =1307.62+85.99 -> 1393.61 | J90: =I90/F90 -> 1.0617981 | K90: 1307.62 | L90: =K90/F90 -> 0.9962819 | M90: 1250 | N90: =M90/F90 -> 0.95238095 | O90: =1250+100.58 -> 1350.58 | P90: =O90/$F90 -> 1.0290133 | Q90: =1250+222.2 -> 1472.2 | R90: =Q90/$F90 -> 1.1216762 | S90: =1250-115.24 -> 1134.76 | T90: =S90/$F90 -> 0.86457905 | U90: 1250 | V90: =U90/$F90 -> 0.95238095 | W90: 1250 | X90: =W90/$F90 -> 0.95238095 | Y90: =G90+I90+K90+M90+O90+Q90+S90+U90+W90 -> 11947.8 | Z90: =Y90/$E90 -> 0.75859048 | AA90: =(Y90/9) -> 1327.5333 | AB90: =AA90*$AC$7 -> 1380.6347 | AD90: =AB90/AA90 -> 1.04 | AG90: 1250 | AH90: =AG90/$AB90 -> 0.90538071 | AI90: 1250 | AJ90: =AI90/$AB90 -> 0.90538071 | AL90: =AK90/$AB90 -> 0 | AM90: 1250 | AN90: =AM90/$AB90 -> 0.90538071 | AO90: 1250 | AP90: =AO90/$AB90 -> 0.90538071 | AQ90: 1250 | AR90: =AQ90/$AB90 -> 0.90538071 | AS90: =1250 -> 1250 | AT90: =AS90/$AB90 -> 0.90538071 | AU90: 1250 | AV90: =AU90/$AB90 -> 0.90538071 | AW90: 1250 | AX90: =AW90/$AB90 -> 0.90538071 | AY90: =1250 -> 1250 | AZ90: =AY90/$AB90 -> 0.90538071 | BA90: =AG90+AI90+AK90+AM90+AO90+AQ90+AS90+AU90+AW90+AY90 -> 11250 | BB90: =BA90/(AB90*12) -> 0.67903554 | BC90: =BA90/9 -> 1250 | BD90: =AB90*BA1 -> 1435.8601 | BE90: =BD90*12 -> 17230.321 | BF90: 17300 | BG90: =BF90/12 -> 1441.6667 | BH90: 1250 | BI90: =BH90/$BG90 -> 0.86705202 | BJ90: 1250 | BK90: =BJ90/$BG90 -> 0.86705202 | BL90: =1250 -> 1250 | BM90: =BL90/$BG90 -> 0.86705202 | BN90: =1250 -> 1250 | BO90: =BN90/$BG90 -> 0.86705202 | BP90: =1250 -> 1250 | BQ90: =BP90/$BG90 -> 0.86705202 | BR90: 1250 | BS90: =BR90/$BG90 -> 0.86705202 | BT90: =1250 -> 1250 | BU90: =BT90/$BG90 -> 0.86705202 | BV90: =1250 -> 1250 | BW90: =BV90/$BG90 -> 0.86705202 | BX90: =1250 -> 1250 | BY90: =BX90/$BG90 -> 0.86705202 | BZ90: 1250 | CA90: =BZ90/$BG90 -> 0.86705202 | CB90: 1250 | CC90: =CB90/$BG90 -> 0.86705202 | CD90: 1305.75 | CE90: =CD90/$BG90 -> 0.90572254 | CF90: =BH90+BJ90+BL90+BN90+BP90+BR90+BT90+BV90+BX90+BZ90+CB90+CD90 -> 15055.75 | CG90: =CF90/(BG90*12) -> 0.87027457
A91: Uniformes e Acessórios para venda | B91: 10000 | C91: 15480 | D91: 20640 | E91: 10000 | F91: =E91/12 -> 833.33333 | G91: 1440 | H91: =G91/F91 -> 1.728 | J91: =I91/F91 -> 0 | L91: =K91/F91 -> 0 | M91: 3759 | N91: =M91/F91 -> 4.5108 | P91: =O91/$F91 -> 0 | Q91: 6400 | R91: =Q91/$F91 -> 7.68 | S91: 2310 | T91: =S91/$F91 -> 2.772 | V91: =U91/$F91 -> 0 | X91: =W91/$F91 -> 0 | Y91: =G91+I91+K91+M91+O91+Q91+S91+U91+W91 -> 13909 | Z91: =Y91/$E91 -> 1.3909 | AA91: =(Y91/9) -> 1545.4444 | AB91: 400 | AD91: =AB91/AA91 -> 0.25882522 | AE91: diminuir o investimento em uniformes já que não vendemos o que já foi confeccionado | AH91: =AG91/$AB91 -> 0 | AJ91: =AI91/$AB91 -> 0 | AL91: =AK91/$AB91 -> 0 | AN91: =AM91/$AB91 -> 0 | AP91: =AO91/$AB91 -> 0 | AR91: =AQ91/$AB91 -> 0 | AT91: =AS91/$AB91 -> 0 | AV91: =AU91/$AB91 -> 0 | AX91: =AW91/$AB91 -> 0 | AZ91: =AY91/$AB91 -> 0 | BA91: =AG91+AI91+AK91+AM91+AO91+AQ91+AS91+AU91+AW91+AY91 -> 0 | BB91: =BA91/(AB91*12) -> 0 | BC91: =BA91/9 -> 0 | BD91: =AB91 -> 400 | BE91: =BD91*12 -> 4800 | BF91: 5000 | BG91: =BF91/12 -> 416.66667 | BI91: =BH91/$BG91 -> 0 | BK91: =BJ91/$BG91 -> 0 | BM91: =BL91/$BG91 -> 0 | BO91: =BN91/$BG91 -> 0 | BQ91: =BP91/$BG91 -> 0 | BS91: =BR91/$BG91 -> 0 | BU91: =BT91/$BG91 -> 0 | BW91: =BV91/$BG91 -> 0 | BY91: =BX91/$BG91 -> 0 | CA91: =BZ91/$BG91 -> 0 | CC91: =CB91/$BG91 -> 0 | CE91: =CD91/$BG91 -> 0 | CF91: =BH91+BJ91+BL91+BN91+BP91+BR91+BT91+BV91+BX91+BZ91+CB91+CD91 -> 0 | CG91: =CF91/(BG91*12) -> 0
A92: Diretoria Social | B92: 175613.85 | C92: 123788.85 | D92: 160644.46 | E92: 168176.68 | F92: =E92/12 -> 14014.724 | G92: =G93+G108 -> 5037.94 | H92: =G92/F92 -> 0.3594748 | I92: =I93+I108 -> 11260.04 | J92: =I92/F92 -> 0.8034436 | K92: =K93+K108 -> 11472.94 | L92: =K92/F92 -> 0.81863477 | M92: =M93+M108 -> 17970.47 | N92: =M92/F92 -> 1.2822565 | O92: =O93+O108 -> 19005.25 | P92: =O92/$F92 -> 1.3560917 | Q92: =Q93+Q108 -> 24578.46 | R92: =Q92/$F92 -> 1.7537599 | S92: =S93+S108 -> 23852.64 | T92: =S92/$F92 -> 1.7019701 | U92: =U93+U108 -> 8135.43 | V92: =U92/$F92 -> 0.58049165 | W92: =W93+W108 -> 12080.94 | X92: =W92/$F92 -> 0.86201772 | Y92: =G92+I92+K92+M92+O92+Q92+S92+U92+W92 -> 133394.11 | Z92: =Y92/$E92 -> 0.79317839 | AA92: =(Y92/9) -> 14821.568 | AB92: =AB93+AB108 -> 14558.838 | AG92: =AG93+AG108 -> 5989.99 | AH92: =AG92/$AB92 -> 0.41143326 | AI92: =AI93+AI108 -> 16677.36 | AJ92: =AI92/$AB92 -> 1.1455145 | AK92: =AK93+AK108 -> 0 | AL92: =AK92/$AB92 -> 0 | AM92: =AM93+AM108 -> 5319.96 | AN92: =AM92/$AB92 -> 0.36541104 | AO92: =AO93+AO108 -> 789.99 | AP92: =AO92/$AB92 -> 0.054261887 | AQ92: =AQ93+AQ108 -> 7800 | AR92: =AQ92/$AB92 -> 0.53575706 | AS92: =AS93+AS108 -> 5600 | AT92: =AS92/$AB92 -> 0.38464609 | AU92: =AU93+AU108 -> 7789.99 | AV92: =AU92/$AB92 -> 0.5350695 | AW92: =AW93+AW108 -> 8637.56 | AX92: =AW92/$AB92 -> 0.59328638 | AY92: =AY93+AY108 -> 4300 | AZ92: =AY92/$AB92 -> 0.29535325 | BA92: =AG92+AI92+AK92+AM92+AO92+AQ92+AS92+AU92+AW92+AY92 -> 62904.85 | BB92: =BA92/(AB92*12) -> 0.36006108 | BC92: =BA92/9 -> 6989.4278 | BD92: =BD93+BD108 -> 14843.335 | BE92: =BD92*12 -> 178120.02 | BF92: =BF93 -> 105587.59 | BG92: =BF92/12 -> 8798.9659 | BH92: =BH93+BH108 -> 7266.68 | BI92: =BH92/$BG92 -> 0.82585614 | BJ92: =BJ93+BJ108 -> 7340 | BK92: =BJ92/$BG92 -> 0.83418894 | BL92: =BL93+BL108 -> 4720 | BM92: =BL92/$BG92 -> 0.53642667 | BN92: =BN93+BN108 -> 6186.26 | BO92: =BN92/$BG92 -> 0.70306671 | BP92: =BP93+BP108 -> 9949.75 | BQ92: =BP92/$BG92 -> 1.1307863 | BR92: =BR93+BR108 -> 6751.73 | BS92: =BR92/$BG92 -> 0.76733222 | BT92: =BT93+BT108 -> 9393.32 | BU92: =BT92/$BG92 -> 1.0675482 | BV92: =BV93+BV108 -> 13041.19 | BW92: =BV92/$BG92 -> 1.4821276 | BX92: =BX93+BX108 -> 20858.61 | BY92: =BX92/$BG92 -> 2.3705752 | BZ92: 20815.71 | CA92: =BZ92/$BG92 -> 2.3656996 | CB92: =CB93+CB108 -> 24173.25 | CC92: =CB92/$BG92 -> 2.7472831 | CD92: =CD93+CD108 -> 63147.99 | CE92: =CD92/$BG92 -> 7.1767513 | CF92: =CF93+CF108 -> 193644.49 | CG92: =CF92/(BG92*12) -> 1.8339702
A93: Festas e Eventos | B93: 111030.45 | C93: 69749.36 | D93: 88591.807 | E93: 92521.397 | F93: =E93/12 -> 7710.1164 | G93: =SUM(G94:G107) -> 0 | H93: =G93/F93 -> 0 | I93: =SUM(I94:I107) -> 5322.1 | J93: =I93/F93 -> 0.69027492 | K93: =SUM(K94:K107) -> 4745 | L93: =K93/F93 -> 0.61542521 | M93: =SUM(M94:M107) -> 11242.53 | N93: =M93/F93 -> 1.4581531 | O93: =SUM(O94:O107) -> 12277.31 | P93: =O93/$F93 -> 1.5923638 | Q93: =SUM(Q94:Q107) -> 17850.52 | R93: =Q93/$F93 -> 2.3152076 | S93: =SUM(S94:S107) -> 16724.7 | T93: =S93/$F93 -> 2.169189 | U93: =SUM(U94:U107) -> 1007.49 | V93: =U93/$F93 -> 0.13067118 | W93: =SUM(W94:W107) -> 5743 | X93: =W93/$F93 -> 0.74486554 | Y93: =G93+I93+K93+M93+O93+Q93+S93+U93+W93 -> 74912.65 | Z93: =Y93/$E93 -> 0.80967919 | AA93: =(Y93/9) -> 8323.6278 | AB93: =SUM(AB94:AB107) -> 7732.98 | AG93: =SUM(AG94:AG107) -> 0 | AH93: =AG93/$AB93 -> 0 | AI93: =SUM(AI94:AI107) -> 10687.37 | AJ93: =AI93/$AB93 -> 1.3820506 | AK93: =SUM(AK94:AK107) -> 0 | AL93: =AK93/$AB93 -> 0 | AM93: =SUM(AM94:AM107) -> 119.96 | AN93: =AM93/$AB93 -> 0.015512778 | AO93: =SUM(AO94:AO107) -> 0 | AP93: =AO93/$AB93 -> 0 | AQ93: =SUM(AQ94:AQ107) -> 0 | AR93: =AQ93/$AB93 -> 0 | AS93: =SUM(AS94:AS107) -> 0 | AT93: =AS93/$AB93 -> 0 | AU93: =SUM(AU94:AU107) -> 0 | AV93: =AU93/$AB93 -> 0 | AW93: =SUM(AW94:AW107) -> 2247.57 | AX93: =AW93/$AB93 -> 0.29064733 | AY93: =SUM(AY94:AY107) -> 0 | AZ93: =AY93/$AB93 -> 0 | BA93: =AG93+AI93+AK93+AM93+AO93+AQ93+AS93+AU93+AW93+AY93 -> 13054.9 | BB93: =BA93/(AB93*12) -> 0.14068423 | BC93: =BA93/9 -> 1450.5444 | BD93: =SUM(BD94:BD107) -> 8042.2992 | BE93: =BD93*12 -> 96507.59 | BF93: =SUM(BF94:BF107) -> 105587.59 | BG93: =BF93/12 -> 8798.9659 | BH93: =SUM(BH94:BH107) -> 885.14 | BI93: =BH93/$BG93 -> 0.10059591 | BJ93: =SUM(BJ94:BJ107) -> 2620 | BK93: =BJ93/$BG93 -> 0.29776226 | BL93: =SUM(BL94:BL107) -> 0 | BM93: =BL93/$BG93 -> 0 | BN93: =SUM(BN94:BN107) -> 635.49 | BO93: =BN93/$BG93 -> 0.07222326 | BP93: =SUM(BP94:BP107) -> 5229.75 | BQ93: =BP93/$BG93 -> 0.59435962 | BR93: =SUM(BR94:BR107) -> 1200.96 | BS93: =BR93/$BG93 -> 0.13648877 | BT93: =SUM(BT94:BT107) -> 4673.32 | BU93: =BT93/$BG93 -> 0.53112151 | BV93: =SUM(BV94:BV107) -> 7490.42 | BW93: =BV93/$BG93 -> 0.85128413 | BX93: =SUM(BX94:BX107) -> 16138.61 | BY93: =BX93/$BG93 -> 1.8341485 | BZ93: 15264.94 | CA93: =BZ93/$BG93 -> 1.7348561 | CB93: =SUM(CB94:CB107) -> 19453.25 | CC93: =CB93/$BG93 -> 2.2108564 | CD93: =SUM(CD94:CD107) -> 57157.22 | CE93: =CD93/$BG93 -> 6.495902 | CF93: =SUM(CF94:CF107) -> 130749.1 | CG93: =CF93/(BG93*12) -> 1.2382999
A94: Festa Junina | B94: 38182.67 | C94: 26681.47 | D94: 26681.47 | E94: 28015.544 | F94: =E94/12 -> 2334.6286 | H94: =G94/F94 -> 0 | J94: =I94/F94 -> 0 | L94: =K94/F94 -> 0 | N94: =M94/F94 -> 0 | O94: 10700.01 | P94: =O94/$F94 -> 4.5831743 | Q94: 16732.09 | R94: =Q94/$F94 -> 7.1669172 | S94: 16724.7 | T94: =S94/$F94 -> 7.1637518 | U94: =189-89.78 -> 99.22 | V94: =U94/$F94 -> 0.042499265 | X94: =W94/$F94 -> 0 | Y94: =G94+I94+K94+M94+O94+Q94+S94+U94+W94 -> 44256.02 | Z94: =Y94/$E94 -> 1.5796952 | AA94: =(Y94/9) -> 4917.3356 | AB94: 3300 | AH94: =AG94/$AB94 -> 0 | AJ94: =AI94/$AB94 -> 0 | AL94: =AK94/$AB94 -> 0 | AN94: =AM94/$AB94 -> 0 | AP94: =AO94/$AB94 -> 0 | AR94: =AQ94/$AB94 -> 0 | AT94: =AS94/$AB94 -> 0 | AV94: =AU94/$AB94 -> 0 | AX94: =AW94/$AB94 -> 0 | AZ94: =AY94/$AB94 -> 0 | BA94: =AG94+AI94+AK94+AM94+AO94+AQ94+AS94+AU94+AW94+AY94 -> 0 | BB94: =BA94/(AB94*12) -> 0 | BC94: =BA94/9 -> 0 | BD94: =AB94*BA1 -> 3432 | BE94: =BD94*12 -> 41184 | BF94: =BE94 -> 41184 | BG94: =BF94/12 -> 3432 | BI94: =BH94/$BG94 -> 0 | BK94: =BJ94/$BG94 -> 0 | BM94: =BL94/$BG94 -> 0 | BO94: =BN94/$BG94 -> 0 | BP94: =2554-550 -> 2004 | BQ94: =BP94/$BG94 -> 0.58391608 | BR94: 1127.96 | BS94: =BR94/$BG94 -> 0.32865967 | BT94: 1173.32 | BU94: =BT94/$BG94 -> 0.34187646 | BV94: 353 | BW94: =BV94/$BG94 -> 0.10285548 | BY94: =BX94/$BG94 -> 0 | CA94: =BZ94/$BG94 -> 0 | CC94: =CB94/$BG94 -> 0 | CE94: =CD94/$BG94 -> 0 | CF94: =BH94+BJ94+BL94+BN94+BP94+BR94+BT94+BV94+BX94+BZ94+CB94+CD94 -> 4658.28 | CG94: =CF94/(BG94*12) -> 0.11310897
A95: Oktoberfest | B95: 5308.6 | C95: 4419 | D95: 5892 | E95: 6186.6 | F95: =E95/12 -> 515.55 | H95: =G95/F95 -> 0 | J95: =I95/F95 -> 0 | L95: =K95/F95 -> 0 | N95: =M95/F95 -> 0 | P95: =O95/$F95 -> 0 | R95: =Q95/$F95 -> 0 | T95: =S95/$F95 -> 0 | U95: 243.99 | V95: =U95/$F95 -> 0.47326157 | W95: 3608.5 | X95: =W95/$F95 -> 6.9993211 | Y95: =G95+I95+K95+M95+O95+Q95+S95+U95+W95 -> 3852.49 | Z95: =Y95/$E95 -> 0.62271522 | AA95: =(Y95/9) -> 428.05444 | AB95: 450 | AH95: =AG95/$AB95 -> 0 | AJ95: =AI95/$AB95 -> 0 | AL95: =AK95/$AB95 -> 0 | AN95: =AM95/$AB95 -> 0 | AP95: =AO95/$AB95 -> 0 | AR95: =AQ95/$AB95 -> 0 | AT95: =AS95/$AB95 -> 0 | AV95: =AU95/$AB95 -> 0 | AX95: =AW95/$AB95 -> 0 | AZ95: =AY95/$AB95 -> 0 | BA95: =AG95+AI95+AK95+AM95+AO95+AQ95+AS95+AU95+AW95+AY95 -> 0 | BB95: =BA95/(AB95*12) -> 0 | BC95: =BA95/9 -> 0 | BD95: =AB95*BA1 -> 468 | BE95: =BD95*12 -> 5616 | BF95: =BE95 -> 5616 | BG95: =BF95/12 -> 468 | BI95: =BH95/$BG95 -> 0 | BK95: =BJ95/$BG95 -> 0 | BM95: =BL95/$BG95 -> 0 | BO95: =BN95/$BG95 -> 0 | BQ95: =BP95/$BG95 -> 0 | BS95: =BR95/$BG95 -> 0 | BU95: =BT95/$BG95 -> 0 | BW95: =BV95/$BG95 -> 0 | BX95: 5604.91 | BY95: =BX95/$BG95 -> 11.976303 | BZ95: 7539.14 | CA95: =BZ95/$BG95 -> 16.109274 | CC95: =CB95/$BG95 -> 0 | CD95: 615.8 | CE95: =CD95/$BG95 -> 1.315812 | CF95: =BH95+BJ95+BL95+BN95+BP95+BR95+BT95+BV95+BX95+BZ95+CB95+CD95 -> 13759.85 | CG95: =CF95/(BG95*12) -> 2.4501157
A96: Festa de Fim de Ano | B96: 13100 | D96: 0 | F96: =E96/12 -> 0 | N96: =M96/F96 -> #DIV/0! | P96: =O96/$F96 -> #DIV/0! | R96: =Q96/$F96 -> #DIV/0! | T96: =S96/$F96 -> #DIV/0! | V96: =U96/$F96 -> #DIV/0! | X96: =W96/$F96 -> #DIV/0! | Y96: =G96+I96+K96+M96+O96+Q96+S96+U96+W96 -> 0 | AA96: =(Y96/9) -> 0 | AB96: 0 | AH96: =AG96/$AB96 -> #DIV/0! | AJ96: =AI96/$AB96 -> #DIV/0! | AL96: =AK96/$AB96 -> #DIV/0! | AN96: =AM96/$AB96 -> #DIV/0! | AP96: =AO96/$AB96 -> #DIV/0! | AR96: =AQ96/$AB96 -> #DIV/0! | AT96: =AS96/$AB96 -> #DIV/0! | AV96: =AU96/$AB96 -> #DIV/0! | AX96: =AW96/$AB96 -> #DIV/0! | AZ96: =AY96/$AB96 -> #DIV/0! | BA96: =AG96+AI96+AK96+AM96+AO96+AQ96+AS96+AU96+AW96+AY96 -> 0 | BB96: =BA96/(AB96*12) -> #DIV/0! | BC96: =BA96/9 -> 0 | BD96: 0 | BE96: =BD96*12 -> 0 | BF96: =BE96 -> 0 | BG96: =BF96/12 -> 0 | BI96: 0 | BK96: 0 | BM96: =BL96/$BG96 -> #DIV/0! | BO96: =BN96/$BG96 -> #DIV/0! | BQ96: =BP96/$BG96 -> #DIV/0! | BS96: =BR96/$BG96 -> #DIV/0! | BU96: =BT96/$BG96 -> #DIV/0! | BW96: =BV96/$BG96 -> #DIV/0! | BY96: =BX96/$BG96 -> #DIV/0! | CA96: =BZ96/$BG96 -> #DIV/0! | CC96: =CB96/$BG96 -> #DIV/0! | CE96: =CD96/$BG96 -> #DIV/0! | CF96: =BH96+BJ96+BL96+BN96+BP96+BR96+BT96+BV96+BX96+BZ96+CB96+CD96 -> 0 | CG96: =CF96/(BG96*12) -> #DIV/0!
A97: Hallowycsa | B97: 9718.5 | C97: 1400 | D97: 7290.48 | E97: 7655.004 | F97: =E97/12 -> 637.917 | H97: =G97/F97 -> 0 | J97: =I97/F97 -> 0 | L97: =K97/F97 -> 0 | N97: =M97/F97 -> 0 | P97: =O97/$F97 -> 0 | R97: =Q97/$F97 -> 0 | T97: =S97/$F97 -> 0 | V97: =U97/$F97 -> 0 | X97: =W97/$F97 -> 0 | Y97: =G97+I97+K97+M97+O97+Q97+S97+U97+W97 -> 0 | Z97: =Y97/$E97 -> 0 | AA97: =(Y97/9) -> 0 | AB97: 170 | AE97: manter formato só para crianças | AH97: =AG97/$AB97 -> 0 | AJ97: =AI97/$AB97 -> 0 | AL97: =AK97/$AB97 -> 0 | AN97: =AM97/$AB97 -> 0 | AP97: =AO97/$AB97 -> 0 | AR97: =AQ97/$AB97 -> 0 | AT97: =AS97/$AB97 -> 0 | AV97: =AU97/$AB97 -> 0 | AX97: =AW97/$AB97 -> 0 | AZ97: =AY97/$AB97 -> 0 | BA97: =AG97+AI97+AK97+AM97+AO97+AQ97+AS97+AU97+AW97+AY97 -> 0 | BB97: =BA97/(AB97*12) -> 0 | BC97: =BA97/9 -> 0 | BD97: =AB97*BA1 -> 176.8 | BE97: =BD97*12 -> 2121.6 | BF97: =BE97 -> 2121.6 | BG97: =BF97/12 -> 176.8 | BI97: =BH97/$BG97 -> 0 | BK97: =BJ97/$BG97 -> 0 | BM97: =BL97/$BG97 -> 0 | BO97: =BN97/$BG97 -> 0 | BQ97: =BP97/$BG97 -> 0 | BS97: =BR97/$BG97 -> 0 | BU97: =BT97/$BG97 -> 0 | BW97: =BV97/$BG97 -> 0 | BY97: =BX97/$BG97 -> 0 | BZ97: 90.9 | CA97: =BZ97/$BG97 -> 0.51414027 | CC97: =CB97/$BG97 -> 0 | CE97: =CD97/$BG97 -> 0 | CF97: =BH97+BJ97+BL97+BN97+BP97+BR97+BT97+BV97+BX97+BZ97+CB97+CD97 -> 90.9 | CG97: =CF97/(BG97*12) -> 0.042845023
A98: Homenagens | B98: 7315 | C98: 1160 | D98: 4046.6667 | E98: 4249 | F98: =E98/12 -> 354.08333 | H98: =G98/F98 -> 0 | I98: 840 | J98: =I98/F98 -> 2.3723229 | L98: =K98/F98 -> 0 | N98: =M98/F98 -> 0 | P98: =O98/$F98 -> 0 | R98: =Q98/$F98 -> 0 | T98: =S98/$F98 -> 0 | V98: =U98/$F98 -> 0 | W98: 420 | X98: =W98/$F98 -> 1.1861614 | Y98: =G98+I98+K98+M98+O98+Q98+S98+U98+W98 -> 1260 | Z98: =Y98/$E98 -> 0.29654036 | AA98: =(Y98/9) -> 140 | AB98: 600 | AD98: =AB98/AA98 -> 4.2857143 | AE98: 7 faixas e placas | AH98: =AG98/$AB98 -> 0 | AI98: 840 | AJ98: =AI98/$AB98 -> 1.4 | AL98: =AK98/$AB98 -> 0 | AN98: =AM98/$AB98 -> 0 | AP98: =AO98/$AB98 -> 0 | AR98: =AQ98/$AB98 -> 0 | AT98: =AS98/$AB98 -> 0 | AV98: =AU98/$AB98 -> 0 | AX98: =AW98/$AB98 -> 0 | AZ98: =AY98/$AB98 -> 0 | BA98: =AG98+AI98+AK98+AM98+AO98+AQ98+AS98+AU98+AW98+AY98 -> 840 | BB98: =BA98/(AB98*12) -> 0.11666667 | BC98: =BA98/9 -> 93.333333 | BD98: =AB98*BA1 -> 624 | BE98: =BD98*12 -> 7488 | BF98: =BE98 -> 7488 | BG98: =BF98/12 -> 624 | BI98: =BH98/$BG98 -> 0 | BK98: =BJ98/$BG98 -> 0 | BM98: =BL98/$BG98 -> 0 | BO98: =BN98/$BG98 -> 0 | BQ98: =BP98/$BG98 -> 0 | BS98: =BR98/$BG98 -> 0 | BU98: =BT98/$BG98 -> 0 | BW98: =BV98/$BG98 -> 0 | BY98: =BX98/$BG98 -> 0 | CA98: =BZ98/$BG98 -> 0 | CB98: 6810 | CC98: =CB98/$BG98 -> 10.913462 | CD98: 577.97 | CE98: =CD98/$BG98 -> 0.92623397 | CF98: =BH98+BJ98+BL98+BN98+BP98+BR98+BT98+BV98+BX98+BZ98+CB98+CD98 -> 7387.97 | CG98: =CF98/(BG98*12) -> 0.98664129
A99: Jantar do Comodoro | B99: 7500 | C99: 1407.7 | D99: 10000 | E99: 10000 | F99: =E99/12 -> 833.33333 | H99: =G99/F99 -> 0 | J99: =I99/F99 -> 0 | L99: =K99/F99 -> 0 | N99: =M99/F99 -> 0 | P99: =O99/$F99 -> 0 | R99: =Q99/$F99 -> 0 | T99: =S99/$F99 -> 0 | V99: =U99/$F99 -> 0 | X99: =W99/$F99 -> 0 | Y99: =G99+I99+K99+M99+O99+Q99+S99+U99+W99 -> 0 | Z99: =Y99/$E99 -> 0 | AA99: =(Y99/9) -> 0 | AB99: 875 | AH99: =AG99/$AB99 -> 0 | AI99: 4185 | AJ99: =AI99/$AB99 -> 4.7828571 | AL99: =AK99/$AB99 -> 0 | AN99: =AM99/$AB99 -> 0 | AP99: =AO99/$AB99 -> 0 | AR99: =AQ99/$AB99 -> 0 | AT99: =AS99/$AB99 -> 0 | AV99: =AU99/$AB99 -> 0 | AW99: 267.13 | AX99: =AW99/$AB99 -> 0.30529143 | AZ99: =AY99/$AB99 -> 0 | BA99: =AG99+AI99+AK99+AM99+AO99+AQ99+AS99+AU99+AW99+AY99 -> 4452.13 | BB99: =BA99/(AB99*12) -> 0.42401238 | BC99: =BA99/9 -> 494.68111 | BD99: =AB99*BA1 -> 910 | BE99: =BD99*12 -> 10920 | BF99: 20000 | BG99: =BF99/12 -> 1666.6667 | BI99: =BH99/$BG99 -> 0 | BK99: =BJ99/$BG99 -> 0 | BM99: =BL99/$BG99 -> 0 | BO99: =BN99/$BG99 -> 0 | BQ99: =BP99/$BG99 -> 0 | BS99: =BR99/$BG99 -> 0 | BU99: =BT99/$BG99 -> 0 | BW99: =BV99/$BG99 -> 0 | BY99: =BX99/$BG99 -> 0 | CA99: =BZ99/$BG99 -> 0 | CB99: 7176.7 | CC99: =CB99/$BG99 -> 4.30602 | CD99: 25722.86 | CE99: =CD99/$BG99 -> 15.433716 | CF99: =BH99+BJ99+BL99+BN99+BP99+BR99+BT99+BV99+BX99+BZ99+CB99+CD99 -> 32899.56 | CG99: =CF99/(BG99*12) -> 1.644978
A100: Páscoa | AB100: 166.66 | AH100: =AG100/$AB100 -> 0 | AJ100: =AI100/$AB100 -> 0 | AL100: =AK100/$AB100 -> 0 | AM100: 119.96 | AN100: =AM100/$AB100 -> 0.71978879 | AP100: =AO100/$AB100 -> 0 | AR100: =AQ100/$AB100 -> 0 | AT100: =AS100/$AB100 -> 0 | AV100: =AU100/$AB100 -> 0 | AX100: =AW100/$AB100 -> 0 | AZ100: =AY100/$AB100 -> 0 | BA100: =AG100+AI100+AK100+AM100+AO100+AQ100+AS100+AU100+AW100+AY100 -> 119.96 | BB100: =BA100/(AB100*12) -> 0.059982399 | BC100: =BA100/9 -> 13.328889 | BD100: =AB100*BA1 -> 173.3264 | BE100: =BD100*12 -> 2079.9168 | BF100: =BE100 -> 2079.9168 | BG100: =BF100/12 -> 173.3264 | BI100: =BH100/$BG100 -> 0 | BK100: =BJ100/$BG100 -> 0 | BM100: =BL100/$BG100 -> 0 | BO100: =BN100/$BG100 -> 0 | BQ100: =BP100/$BG100 -> 0 | BS100: =BR100/$BG100 -> 0 | BU100: =BT100/$BG100 -> 0 | BW100: =BV100/$BG100 -> 0 | BY100: =BX100/$BG100 -> 0 | CA100: =BZ100/$BG100 -> 0 | CC100: =CB100/$BG100 -> 0 | CE100: =CD100/$BG100 -> 0 | CF100: =BH100+BJ100+BL100+BN100+BP100+BR100+BT100+BV100+BX100+BZ100+CB100+CD100 -> 0 | CG100: =CF100/(BG100*12) -> 0
A101: Dia das Crianças | AB101: 166.66 | AH101: =AG101/$AB101 -> 0 | AJ101: =AI101/$AB101 -> 0 | AL101: =AK101/$AB101 -> 0 | AN101: =AM101/$AB101 -> 0 | AP101: =AO101/$AB101 -> 0 | AR101: =AQ101/$AB101 -> 0 | AT101: =AS101/$AB101 -> 0 | AV101: =AU101/$AB101 -> 0 | AX101: =AW101/$AB101 -> 0 | AZ101: =AY101/$AB101 -> 0 | BA101: =AG101+AI101+AK101+AM101+AO101+AQ101+AS101+AU101+AW101+AY101 -> 0 | BB101: =BA101/(AB101*12) -> 0 | BC101: =BA101/9 -> 0 | BD101: =AB101*BA1 -> 173.3264 | BE101: =BD101*12 -> 2079.9168 | BF101: =BE101 -> 2079.9168 | BG101: =BF101/12 -> 173.3264 | BI101: =BH101/$BG101 -> 0 | BK101: =BJ101/$BG101 -> 0 | BM101: =BL101/$BG101 -> 0 | BO101: =BN101/$BG101 -> 0 | BQ101: =BP101/$BG101 -> 0 | BS101: =BR101/$BG101 -> 0 | BU101: =BT101/$BG101 -> 0 | BW101: =BV101/$BG101 -> 0 | BX101: 5650 | BY101: =BX101/$BG101 -> 32.597458 | BZ101: 2848.54 | CA101: =BZ101/$BG101 -> 16.434542 | CB101: 1100 | CC101: =CB101/$BG101 -> 6.3464077 | CD101: 126.06 | CE101: =CD101/$BG101 -> 0.72729832 | CF101: =BH101+BJ101+BL101+BN101+BP101+BR101+BT101+BV101+BX101+BZ101+CB101+CD101 -> 9724.6 | CG101: =CF101/(BG101*12) -> 4.6754755
...

Sheet Mensalidades
A1: Categorias | B1: Quantidade | C1: Valor mensalidade | D1: Total | F1: TX Obras | G1: Total | I1: TX Transf | J1: Título | K1: Total Tx Transf | L1: Total Título
A3: Proprietário | B3: 213 | C3: 602.12 | D3: =(C3*12)*B3 -> 1539018.7 | F3: 110 | G3: =(F3*B3)*12 -> 281160
A4: Proprietário individual | B4: 5 | C4: 507.15 | D4: =(C4*12)*B4 -> 30429 | F4: 111 | G4: =(F4*B4)*12 -> 6660
A5: Ausente | B5: 15 | C5: 301.06 | D5: =(C5*12)*B5 -> 54190.8 | F5: 55 | G5: =(F5*B5)*12 -> 9900
A6: Veterano Pagante 70% | B6: 3 | C6: 421.48 | D6: =(C6*12)*B6 -> 15173.28 | F6: 77 | G6: =(F6*B6)*12 -> 2772
A7: Veterano Pagante 50% | B7: 1 | C7: 301.06 | D7: =(C7*12)*B7 -> 3612.72 | F7: 55 | G7: =(F7*B7)*12 -> 660
A8: Veterano Pagante 10% | B8: 4 | C8: 60.21 | D8: =(C8*12)*B8 -> 2890.08 | F8: 11 | G8: =(F8*B8)*12 -> 528
A9: Remido | B9: 73 | D9: =(C9*12)*B9 -> 0
A10: Honorário Pagante | B10: 0 | D10: =(C10*12)*B10 -> 0
A11: Honorário não pagante | B11: 9 | D11: =(C11*12)*B11 -> 0
A12: Novos Associados Pagantes 2020 | B12: 4 | C12: 602.12 | D12: =(C12*6)*B12 -> 14450.88 | F12: 110 | G12: =(F12*B12)*12 -> 5280
A13: Novos Associados Pagantes 2021 | B13: 5 | C13: 301.06 | D13: =(C13*6)*B13 -> 9031.8 | F13: 55 | G13: =(F13*B13)*12 -> 3300 | I13: 20000 | J13: 5000 | K13: =B13*I13 -> 100000 | L13: =B13*J13 -> 25000
A14: Novos Associados Pagantes 2021 EV | B14: 5 | C14: 301.06 | D14: =(C14*6)*B14 -> 9031.8 | F14: 55 | G14: =(F14*B14)*12 -> 3300 | I14: 16000 | J14: 5000 | K14: =B14*I14 -> 80000 | L14: =B14*J14 -> 25000
A15: Saida de Associados | B15: -7 | C15: 301.06 | D15: =(C15*6)*B15 -> -12644.52 | F15: 55 | G15: =(F15*B15)*12 -> -4620 | K15: =SUM(K13:K14) -> 180000 | L15: =SUM(L13:L14) -> 50000
B16: =SUM(B3:B15) -> 330 | C16: TOTAL | D16: =SUM(D3:D15) -> 1665184.6
A19: Eportista | B19: 16 | C19: 301.06 | D19: =(C19*12)*B19 -> 57803.52 | F19: 55 | G19: =(F19*B19)*12 -> 10560
G20: =SUM(G3:G19) -> 319500
A39: Eportista | B39: 14 | C39: 301.06 | D39: =(C39*12)*B39 -> 50578.08

Sheet Concessionario
B1: Valor | C1: Meses | D1: Total
A2: Aluguel cheio | B2: 4000 | C2: 10 | D2: =C2*B2 -> 40000 | F2: demais meses
A3: Meio Aluguel | B3: 2000 | C3: 2 | D3: =C3*B3 -> 4000 | F3: meses Janeiro e Julho
A4: IPTU | B4: 2000 | C4: 12 | D4: =C4*B4 -> 24000
A5: Energia | B5: 950 | C5: 12 | D5: =C5*B5 -> 11400
D6: =SUM(D2:D5) -> 79400
